Workbook

Sheet Desglose pago
A1: Periodo | B1: Septiembre | D1: Concepto | E1: Tlacuaches | F1: SADCAL | G1: Suma | H1: Pagado | I1: Fecha límite
A2: Ejercicio | B2: 2024 | D2: ISR PM | E2: 0 | F2: 0 | G2: =E2+F2 -> 0 | H2: TRUE
D3: IVA PM | E3: =IVA!J75 -> 6892 | F3: =IVA!J74 -> 323 | G3: =E3+F3 -> 7215 | H3: TRUE
D4: Ret. ISR Sueldos | E4: 267 | F4: 0 | G4: =E4+F4 -> 267 | H4: TRUE
D5: Ret. ISR Asimilados | E5: 0 | F5: 0 | G5: =E5+F5 -> 0 | H5: TRUE
D6: Ret. IVA | E6: 0 | F6: 494 | G6: =E6+F6 -> 494 | H6: TRUE
D7: Ret. ISR Honorarios | E7: 0 | F7: 450 | G7: =E7+F7 -> 450 | H7: TRUE
D8: Ret. ISR RESICO | E8: 2 | F8: 0 | G8: =E8+F8 -> 2 | H8: TRUE
D9: Ret. ISR Arrendamiento | E9: 0 | F9: 0 | G9: =E9+F9 -> 0 | H9: TRUE
D10: Ret. ISR Dividendos | E10: 0 | F10: 0 | G10: =E10+F10 -> 0 | H10: TRUE
D11: Cuotas IMSS mensual | E11: 1907.25 | F11: 0 | G11: =E11+F11 -> 1907.25 | H11: TRUE
D12: Cuotas RCV/SAR | E12: 0 | F12: 0 | G12: =E12+F12 -> 0 | H12: TRUE
D13: Cuotas INFONAVIT | E13: 0 | F13: 0 | G13: =E13+F13 -> 0 | H13: TRUE
D14: ISN Estado de México | E14: 266 | F14: 0 | G14: =E14+F14 -> 266 | H14: TRUE
E15: =SUM(E2:E14) -> 9334.25 | F15: =SUM(F2:F14) -> 1267 | G15: =SUM(G2:G14) -> 10601.25
D17: Pendiente de pago | E17: =E15-SUMIFS(E2:E14,$H$2:$H$14,TRUE) -> 0 | F17: =F15-SUMIFS(F2:F14,$H$2:$H$14,TRUE) -> 0 | G17: =E17+F17 -> 0
A23: Periodo | B23: Octubre | D23: Concepto | E23: Tlacuaches | F23: SADCAL | G23: Suma | H23: Pagado | I23: Fecha límite
A24: Ejercicio | B24: 2024 | D24: ISR PM | E24: 0 | F24: 0 | G24: =E24+F24 -> 0 | H24: TRUE
D25: IVA PM | E25: =IVA!K75 -> 8329 | F25: =IVA!K74 -> 1187 | G25: =E25+F25 -> 9516 | H25: TRUE
D26: Ret. ISR Sueldos | E26: =Retenciones!H12+30+3 -> 546 | F26: 0 | G26: =E26+F26 -> 546 | H26: TRUE
D27: Ret. ISR Asimilados | E27: 0 | F27: 0 | G27: =E27+F27 -> 0 | H27: TRUE
D28: Ret. IVA | E28: 0 | F28: =Retenciones!L12+28+3 -> 511 | G28: =E28+F28 -> 511 | H28: TRUE
D29: Ret. ISR Honorarios | E29: 0 | F29: =Retenciones!B12 -> 450 | G29: =E29+F29 -> 450 | H29: TRUE
D30: Ret. ISR RESICO | E30: =Retenciones!C12 -> 10 | F30: 0 | G30: =E30+F30 -> 10 | H30: TRUE
D31: Ret. ISR Arrendamiento | E31: 0 | F31: 0 | G31: =E31+F31 -> 0 | H31: TRUE
D32: Ret. ISR Dividendos | E32: 0 | F32: 0 | G32: =E32+F32 -> 0 | H32: TRUE
D33: Cuotas IMSS mensual | E33: =Contribuciones!K12+Contribuciones!O12 -> 4218.59 | F33: 0 | G33: =E33+F33 -> 4218.59 | H33: TRUE
D34: Cuotas RCV/SAR | E34: =Contribuciones!L12+Contribuciones!M12 -> 1862.11 | F34: 0 | G34: =E34+F34 -> 1862.11 | H34: TRUE
D35: Cuotas INFONAVIT | E35: =Contribuciones!N12 -> 1413.26 | F35: 0 | G35: =E35+F35 -> 1413.26 | H35: TRUE
D36: ISN Estado de México | E36: =Contribuciones!R12 -> 531 | F36: 0 | G36: =E36+F36 -> 531 | H36: TRUE
E37: =SUM(E24:E36) -> 16909.96 | F37: =SUM(F24:F36) -> 2148 | G37: =SUM(G24:G36) -> 19057.96
D39: Pendiente de pago | E39: =E37-SUMIFS(E24:E36,$H$24:$H$36,TRUE) -> 0 | F39: =F37-SUMIFS(F24:F36,$H$24:$H$36,TRUE) -> 0 | G39: =E39+F39 -> 0
A43: Periodo | B43: Noviembre | D43: Concepto | E43: Tlacuaches | F43: SADCAL | G43: Suma | H43: Pagado | I43: Fecha límite
A44: Ejercicio | B44: 2024 | D44: ISR PM | E44: 0 | F44: 0 | G44: =E44+F44 -> 0 | H44: TRUE
D45: IVA PM | E45: =IVA!L55 -> 6559 | F45: =IVA!L54 -> 2963 | G45: =E45+F45 -> 9522 | H45: FALSE
D46: Ret. ISR Sueldos | E46: =Retenciones!H13 -> 487 | F46: 0 | G46: =E46+F46 -> 487 | H46: FALSE
D47: Ret. ISR Asimilados | E47: 0 | F47: 0 | G47: =E47+F47 -> 0 | H47: TRUE
D48: Ret. IVA | E48: 0 | F48: =Retenciones!L13 -> 480 | G48: =E48+F48 -> 480 | H48: FALSE
D49: Ret. ISR Honorarios | E49: 0 | F49: 463 | G49: =E49+F49 -> 463 | H49: TRUE
D50: Ret. ISR RESICO | E50: =Retenciones!C13 -> 0 | F50: 0 | G50: =E50+F50 -> 0 | H50: TRUE
D51: Ret. ISR Arrendamiento | E51: 0 | F51: 0 | G51: =E51+F51 -> 0 | H51: TRUE
D52: Ret. ISR Dividendos | E52: 0 | F52: 0 | G52: =E52+F52 -> 0 | H52: TRUE
D53: Cuotas IMSS mensual | E53: =Contribuciones!K13+Contribuciones!O13 -> 3774.74 | F53: 0 | G53: =E53+F53 -> 3774.74 | H53: TRUE
D54: Cuotas RCV/SAR | E54: 0 | F54: 0 | G54: =E54+F54 -> 0 | H54: TRUE
D55: Cuotas INFONAVIT | E55: 0 | F55: 0 | G55: =E55+F55 -> 0 | H55: TRUE
D56: ISN Estado de México | E56: =Contribuciones!R13+Contribuciones!Z13+Contribuciones!AA13+0.06 -> 536 | F56: 0 | G56: =E56+F56 -> 536 | H56: TRUE
E57: =SUM(E44:E56) -> 11356.74 | F57: =SUM(F44:F56) -> 3906 | G57: =SUM(G44:G56) -> 15262.74
D59: Pendiente de pago | E59: =E57-SUMIFS(E44:E56,$H$44:$H$56,TRUE) -> 7046 | F59: =F57-SUMIFS(F44:F56,$H$44:$H$56,TRUE) -> 3443 | G59: =E59+F59 -> 10489
A63: Periodo | B63: Diciembre | D63: Concepto | E63: Tlacuaches | F63: SADCAL | G63: Suma | H63: Pagado | I63: Fecha límite
A64: Ejercicio | B64: 2024 | D64: ISR PM | E64: 0 | F64: 0 | G64: =E64+F64 -> 0 | H64: TRUE
D65: IVA PM | E65: 0 | F65: 0 | G65: =E65+F65 -> 0 | H65: TRUE
D66: Ret. ISR Sueldos | E66: 513 | F66: 0 | G66: =E66+F66 -> 513 | H66: TRUE
D67: Ret. ISR Asimilados | E67: 0 | F67: 0 | G67: =E67+F67 -> 0 | H67: TRUE
D68: Ret. IVA | E68: 0 | F68: 800 | G68: =E68+F68 -> 800 | H68: TRUE
D69: Ret. ISR Honorarios | E69: 0 | F69: 750 | G69: =E69+F69 -> 750 | H69: TRUE
D70: Ret. ISR RESICO | E70: 0 | F70: 0 | G70: =E70+F70 -> 0 | H70: TRUE
D71: Ret. ISR Arrendamiento | E71: 0 | F71: 0 | G71: =E71+F71 -> 0 | H71: TRUE
D72: Ret. ISR Dividendos | E72: 0 | F72: 0 | G72: =E72+F72 -> 0 | H72: TRUE
D73: Cuotas IMSS mensual | E73: =Contribuciones!K14+Contribuciones!O14 -> 4320.05 | F73: 0 | G73: =E73+F73 -> 4320.05 | H73: TRUE
D74: Cuotas RCV/SAR | E74: =Contribuciones!L14+Contribuciones!M14 -> 2456.3 | F74: 0 | G74: =E74+F74 -> 2456.3 | H74: TRUE
D75: Cuotas INFONAVIT | E75: =Contribuciones!N14 -> 1864.22 | F75: 0 | G75: =E75+F75 -> 1864.22 | H75: TRUE
D76: ISN Estado de México | E76: =Contribuciones!R14 -> 531 | F76: 0 | G76: =E76+F76 -> 531 | H76: TRUE
E77: =SUM(E64:E76) -> 9684.57 | F77: =SUM(F64:F76) -> 1550 | G77: =SUM(G64:G76) -> 11234.57
D79: Pendiente de pago | E79: =E77-SUMIFS(E64:E76,$H$64:$H$76,TRUE) -> 0 | F79: =F77-SUMIFS(F64:F76,$H64:$H76,TRUE) -> 0 | G79: =E79+F79 -> 0

Sheet PP ISR
A1: SADCAL CONSULTORIA Y SOLUCIONES INTEGRALES, SA DE CV
A2: Cédula de determinación de Pagos Provisionales ISR PM
A3: Ejercicio 2024 | S3: Limite de Pérdida fiscal | T3: 190541
S4: Saldos a favor de ISR | T4: 8116
B5: Ingresos Acumulables | C5: ENERO | D5: FEBRERO | E5: MARZO | F5: ABRIL | G5: MAYO | H5: JUNIO | I5: JULIO | J5: AGOSTO | K5: SEPTIEMBRE | L5: OCTUBRE | M5: NOVIEMBRE | N5: DICIEMBRE | P5: Anual
B6: Ingresos de periodos anteriores | C6: 0 | D6: =C15 -> 51967 | E6: =D15 -> 116033 | F6: =E15 -> 266733 | G6: =F15 -> 360499 | H6: =G15 -> 453830 | I6: =H15 -> 528977 | J6: =I15 -> 653894 | K6: =J15 -> 741219 | ... N6: =M15 -> 1033377
A7: (+) | B7: Ingresos del periodo por actividades | C7: 51967 | D7: 64066 | E7: 150700 | F7: 93766 | G7: 93331 | H7: 75147 | I7: 124917 | J7: 87325 | K7: 100670 | L7: 75287 | M7: 116201 | N7: 75443 | P7: =SUM(C7:N7) -> 1108820
A8: (-) | B8: Facturación venta de activos | P8: =SUM(C8:N8) -> 0
A9: (+) | B9: Ganancia cambiaria | P9: =SUM(C9:N9) -> 0
A10: (+) | B10: Anticipos facturados | P10: =SUM(C10:N10) -> 0
A11: ( - ) | B11: Aplicación de anticipos | P11: =SUM(C11:N11) -> 0
A12: (+) | B12: Utilidad en venta de activo fijo | P12: =SUM(C12:N12) -> 0
A13: (+) | B13: Otros conceptos de ingreso | P13: =SUM(C13:N13) -> 0 | Z13: Cuentas incobrables
B14: Ingresos nominales mensuales | C14: =C7-C8+C9+C10-C11+C12+C13 -> 51967 | D14: =D7-D8+D9+D10-D11+D12+D13 -> 64066 | E14: =E7-E8+E9+E10-E11+E12+E13 -> 150700 | F14: =F7-F8+F9+F10-F11+F12+F13 -> 93766 | G14: =G7-G8+G9+G10-G11+G12+G13 -> 93331 | H14: =H7-H8+H9+H10-H11+H12+H13 -> 75147 | I14: =I7-I8+I9+I10-I11+I12+I13 -> 124917 | J14: =J7-J8+J9+J10-J11+J12+J13 -> 87325 | ... N14: =N7-N8+N9+N10-N11+N12+N13 -> 75443 | Z14: SARAHI ALFONSO CRUZ | AA14: AOCS960117B46 | AB14: S00156 | AC14: 10633.33
B15: Total de ingresos acumulables | C15: =C6+C14 -> 51967 | D15: =D6+D14 -> 116033 | E15: =E6+E14 -> 266733 | F15: =F6+F14 -> 360499 | G15: =G6+G14 -> 453830 | H15: =H6+H14 -> 528977 | I15: =I6+I14 -> 653894 | J15: =J6+J14 -> 741219 | ... N15: =N6+N14 -> 1108820 | P15: =SUM(P7:P13) -> 1108820 | Q15: =IF(N15=P15,"OK","Revisar cifras") -> OK | Z15: ETIQUETAS MODERNAS | AA15: EMO860929R31 | AB15: S00238 | AC15: 13920
Z16: NEWCHEM & COMMERCE | AA16: NAC090820FN2 | AB16: S00248 | AC16: 599
B17: Coeficiente de utilidad | C17: 0.0647 | D17: =C17 -> 0.0647 | E17: =D17 -> 0.0647 | F17: =E17 -> 0.0647 | G17: =F17 -> 0.0647 | H17: =G17 -> 0.0647 | I17: =H17 -> 0.0647 | J17: =I17 -> 0.0647 | K17: 0.0591 | L17: =K17 -> 0.0591 | M17: =L17 -> 0.0591 | N17: =M17 -> 0.0591 | P17: =P15-IVA!N37+T21-T22-T24-T25-T27-T29-T30 -> 287156.2 | Q17: Resultado fiscal | T17: =ROUND((P17-T3)*0.3,0)-T4 -> 20869 | U17: ISR Estimado | Z17: NEWCHEM & COMMERCE | AA17: NAC090820FN2 | AB17: S00200 | AC17: 599
P18: =P15-IVA!N37+T21-T22-T24-T25-T26-T27-T28-T23-T29-T30 -> 269489.27 | Q18: Resultado contable | Z18: NETZE CORPORATE INTELLIGENCE | AA18: NCI210813A76 | AB18: S00265 | AC18: 2900
B19: Utilidad estimada | C19: =ROUND(C15*C17,0) -> 3362 | D19: =ROUND(D15*D17,0) -> 7507 | E19: =ROUND(E15*E17,0) -> 17258 | F19: =ROUND(F15*F17,0) -> 23324 | G19: =ROUND(G15*G17,0) -> 29363 | H19: =ROUND(H15*H17,0) -> 34225 | I19: =ROUND(I15*I17,0) -> 42307 | J19: =ROUND(J15*J17,0) -> 47957 | ... N19: =ROUND(N15*N17,0) -> 65531 | P19: =ROUND(P17/P15,4) -> 0.259 | Z19: NETZE CORPORATE INTELLIGENCE | AA19: NCI210813A76 | AB19: S00266 | AC19: 2900
AC20: =SUM(AC14:AC19) -> 31551.33
B21: Disminuciones | S21: Adq. Activos | T21: =14991.36+9481.89+343.1+9050.86+4352.59+4352.59 -> 42572.39
B22: Acumulado de pérdidas fiscales | C22: =C23 -> 3362 | D22: =D23+C22 -> 7507 | E22: =E23+D22 -> 17258 | F22: =F23+E22 -> 23324 | G22: =G23+F22 -> 29363 | H22: =H23+G22 -> 34225 | I22: =I23+H22 -> 42307 | J22: =J23+I22 -> 47957 | K22: =K23+J22 -> 49756 | ... N22: =N23+M22 -> 65531 | S22: Deduc. Fiscal | T22: 12543
B23: Aplicación de pérdidas fiscales | C23: 3362 | D23: 4145 | E23: 9751 | F23: 6066 | G23: 6039 | H23: 4862 | I23: 8082 | J23: 5650 | K23: 1799 | L23: 4449 | M23: 6868 | N23: 4458 | S23: Deprec. Contable | T23: 11661.21
B24: Acumulado de PTU pagada | C24: =C25 -> 0 | D24: =D25+C24 -> 0 | E24: =E25+D24 -> 0 | F24: =F25+E24 -> 0 | G24: =G25+F24 -> 0 | H24: =H25+G24 -> 0 | I24: =I25+H24 -> 0 | J24: =J25+I24 -> 0 | K24: =K25+J24 -> 0 | ... N24: =N25+M24 -> 0 | S24: Nómina Deducible gravada | T24: =NominaEdoMex!D47 -> 94829.77
B25: PTU pagada en el ejercicio | S25: Nómina Deducible exenta | T25: =ROUND(NominaEdoMex!E47*0.53,2) -> 2199.88
B26: Total de disminuciones | C26: =C22+C24 -> 3362 | D26: =D22+D24 -> 7507 | E26: =E22+E24 -> 17258 | F26: =F22+F24 -> 23324 | G26: =G22+G24 -> 29363 | H26: =H22+H24 -> 34225 | I26: =I22+I24 -> 42307 | J26: =J22+J24 -> 47957 | ... N26: =N22+N24 -> 65531 | S26: Nómina ND | T26: =NominaEdoMex!E47-T25 -> 1950.83
S27: Contribuciones | T27: =Contribuciones!AB15 -> 34878.39
B28: Base gravable para pago provisional | C28: =C19-C26 -> 0 | D28: =D19-D26 -> 0 | E28: =E19-E26 -> 0 | F28: =F19-F26 -> 0 | G28: =G19-G26 -> 0 | H28: =H19-H26 -> 0 | I28: =I19-I26 -> 0 | J28: =J19-J26 -> 0 | ... N28: =N19-N26 -> 0 | S28: Otros ND | T28: =Y34+Contribuciones!Z15+Retenciones!S15+SUM('Dispersion gastos'!AJ3:AJ743) -> 4054.89
S29: Otros DEDUCIBLES | T29: =Y35+Contribuciones!AA15+Retenciones!T15+AC20 -> 37359
A30: (x) | B30: Tasa Artículo 9 LISR | C30: 0.3 | D30: 0.3 | E30: 0.3 | F30: 0.3 | G30: 0.3 | H30: 0.3 | I30: 0.3 | J30: 0.3 | K30: 0.3 | L30: 0.3 | M30: 0.3 | N30: 0.3 | S30: Descuentos sobre ventas | T30: =366.4+15.75 -> 382.15
A32: (=) | B32: IMPUESTO CAUSADO | C32: =ROUND(C28*C30,0) -> 0 | D32: =ROUND(D28*D30,0) -> 0 | E32: =ROUND(E28*E30,0) -> 0 | F32: =ROUND(F28*F30,0) -> 0 | G32: =ROUND(G28*G30,0) -> 0 | H32: =ROUND(H28*H30,0) -> 0 | I32: =ROUND(I28*I30,0) -> 0 | J32: =ROUND(J28*J30,0) -> 0 | ... N32: =ROUND(N28*N30,0) -> 0 | U32: Impuestos Federales Espontaneos
V33: 2022 | W33: 2023 | X33: 2024 | Y33: Sumas
A34: (-) | B34: Pagos Provisionales de periodos anteriores | C34: 0 | D34: =C34+C35 -> 0 | E34: =D34+D35 -> 0 | F34: =E34+E35 -> 0 | G34: =F34+F35 -> 0 | H34: =G34+G35 -> 0 | I34: =H34+H35 -> 0 | J34: =I34+I35 -> 0 | K34: =J34+J35 -> 0 | ... N34: =M34+M35 -> 0 | U34: Actualización (No Deduc) | V34: =133+191 -> 324 | W34: =384 -> 384 | X34: =P39+IVA!N67 -> 98 | Y34: =V34+W34+X34 -> 806
B35: IMPUESTO DEL PERIODO | C35: =C32-C34 -> 0 | D35: =IF((D32-D34)<0,0,D32-D34) -> 0 | E35: =IF((E32-E34)<0,0,E32-E34) -> 0 | F35: =IF((F32-F34)<0,0,F32-F34) -> 0 | G35: =IF((G32-G34)<0,0,G32-G34) -> 0 | H35: =IF((H32-H34)<0,0,H32-H34) -> 0 | I35: =IF((I32-I34)<0,0,I32-I34) -> 0 | J35: =IF((J32-J34)<0,0,J32-J34) -> 0 | K35: =IF((K32-K34)<0,0,K32-K34) -> 0 | ... N35: =IF((N32-N34)<0,0,N32-N34) -> 0 | U35: Recargos (Deduc) | V35: =581+881 -> 1462 | W35: =1606 -> 1606 | X35: =P40+IVA!N68 -> 2681 | Y35: =V35+W35+X35 -> 5749
A37: (-) | B37: Acumulado de Retenciones de ISR | C37: =C38 -> 0 | D37: =C38+C37 -> 0 | E37: =D38+D37 -> 0 | F37: =E38+E37 -> 0 | G37: =F38+F37 -> 0 | H37: =G38+G37 -> 0 | I37: =H38+H37 -> 0 | J37: =I38+I37 -> 0 | K37: =J38+J37 -> 0 | ... N37: =M38+M37 -> 0
A38: (-) | B38: Retenciones de ISR
A39: (+) | B39: Actualización | C39: =C50-C35 -> 0 | D39: =D50-D35 -> 0 | E39: =E50-E35 -> 0 | F39: =F50-F35 -> 0 | G39: =G50-G35 -> 0 | H39: =H50-H35 -> 0 | I39: =I50-I35 -> 0 | J39: =J50-J35 -> 0 | ... N39: =N50-N35 -> 0 | P39: =SUM(C39:N39) -> 0
A40: (+) | B40: Recargos | C40: =ROUND(C50*C52*C53,0) -> 0 | D40: =ROUND(D50*D52*D53,0) -> 0 | E40: =ROUND(E50*E52*E53,0) -> 0 | F40: =ROUND(F50*F52*F53,0) -> 0 | G40: =ROUND(G50*G52*G53,0) -> 0 | H40: =ROUND(H50*H52*H53,0) -> 0 | I40: =ROUND(I50*I52*I53,0) -> 0 | J40: =ROUND(J50*J52*J53,0) -> 0 | ... N40: =ROUND(N50*N52*N53,0) -> 0 | P40: =SUM(C40:N40) -> 0
A42: (=) | B42: ISR NETO DEL PERIODO | C42: =C32-C35-C37+C39+C40 -> 0 | D42: =D32-D35-D37+D39+D40 -> 0 | E42: =E32-E35-E37+E39+E40 -> 0 | F42: =F32-F35-F37+F39+F40 -> 0 | G42: =G32-G35-G37+G39+G40 -> 0 | H42: =H32-H35-H37+H39+H40 -> 0 | I42: =I32-I35-I37+I39+I40 -> 0 | J42: =J32-J35-J37+J39+J40 -> 0 | ... N42: =N32-N35-N37+N39+N40 -> 0
B43: Estatus de la declaración | C43: Presentada sin pago | D43: Presentada sin pago | E43: Presentada sin pago | F43: Presentada sin pago | G43: Presentada sin pago | H43: Presentada sin pago | I43: Presentada sin pago | J43: Presentada sin pago | K43: Presentada sin pago | L43: Presentada sin pago | M43: Presentada sin pago | N43: Por presentar
B44: Fecha de cumplimiento completo | C44: 45468 | D44: 45476 | E44: 45501 | F44: 45513 | G44: 45515 | H44: 45517 | I44: 45519 | J44: 45541 | K44: 45571 | L44: 45571
B46: Determinación de Accesorios fiscales
B47: INPC Pago
B48: INPC Debió pagar
B49: F.A. | C49: =IF(ISERR(TRUNC(C47/C48,4)),0,(TRUNC(C47/C48,4))) -> 0 | D49: =IF(ISERR(TRUNC(D47/D48,4)),0,(TRUNC(D47/D48,4))) -> 0 | E49: =IF(ISERR(TRUNC(E47/E48,4)),0,(TRUNC(E47/E48,4))) -> 0 | F49: =IF(ISERR(TRUNC(F47/F48,4)),0,(TRUNC(F47/F48,4))) -> 0 | G49: =IF(ISERR(TRUNC(G47/G48,4)),0,(TRUNC(G47/G48,4))) -> 0 | H49: =IF(ISERR(TRUNC(H47/H48,4)),0,(TRUNC(H47/H48,4))) -> 0 | I49: =IF(ISERR(TRUNC(I47/I48,4)),0,(TRUNC(I47/I48,4))) -> 0 | J49: =IF(ISERR(TRUNC(J47/J48,4)),0,(TRUNC(J47/J48,4))) -> 0 | ... N49: =IF(ISERR(TRUNC(N47/N48,4)),0,(TRUNC(N47/N48,4))) -> 0
B50: Monto actualizado | C50: =ROUND(C35*C49,0) -> 0 | D50: =ROUND(D35*D49,0) -> 0 | E50: =ROUND(E35*E49,0) -> 0 | F50: =ROUND(F35*F49,0) -> 0 | G50: =ROUND(G35*G49,0) -> 0 | H50: =ROUND(H35*H49,0) -> 0 | I50: =ROUND(I35*I49,0) -> 0 | J50: =ROUND(J35*J49,0) -> 0 | ... N50: =ROUND(N35*N49,0) -> 0
B52: % mensual recargos | C52: 0.0147 | D52: 0.0147 | E52: 0.0147 | F52: 0.0147 | G52: 0.0147 | H52: 0.0147 | I52: 0.0147 | J52: 0.0147 | K52: 0.0147 | L52: 0.0147 | M52: 0.0147 | N52: 0.0147
B53: Meses recargos
B54: Tasa general recargos | C54: =TRUNC(C52*C53,4) -> 0 | D54: =TRUNC(D52*D53,4) -> 0 | E54: =TRUNC(E52*E53,4) -> 0 | F54: =TRUNC(F52*F53,4) -> 0 | G54: =TRUNC(G52*G53,4) -> 0 | H54: =TRUNC(H52*H53,4) -> 0 | I54: =TRUNC(I52*I53,4) -> 0 | J54: =TRUNC(J52*J53,4) -> 0 | ... N54: =TRUNC(N52*N53,4) -> 0
B55: Importe recargos | C55: =ROUND(C54*C50,0) -> 0 | D55: =ROUND(D54*D50,0) -> 0 | E55: =ROUND(E54*E50,0) -> 0 | F55: =ROUND(F54*F50,0) -> 0 | G55: =ROUND(G54*G50,0) -> 0 | H55: =ROUND(H54*H50,0) -> 0 | I55: =ROUND(I54*I50,0) -> 0 | J55: =ROUND(J54*J50,0) -> 0 | ... N55: =ROUND(N54*N50,0) -> 0
B62: Ingresos SADCAL | C62: 51967 | D62: 26566 | E62: 25211 | F62: 8624 | G62: 22431 | H62: 19257 | I62: 27600 | J62: 20325 | K62: 27565 | L62: 11287 | M62: 45351 | N62: 14293
B63: Ingresos Tlacuaches | C63: 0 | D63: 37500 | E63: 125489 | F63: 85142 | G63: 70900 | H63: 55890 | I63: 97317 | J63: 67000 | K63: 73105 | L63: 64000 | M63: 70850 | N63: 61150
B64: Ingresos mensuales | C64: =C62+C63 -> 51967 | D64: =D62+D63 -> 64066 | E64: =E62+E63 -> 150700 | F64: =F62+F63 -> 93766 | G64: =G62+G63 -> 93331 | H64: =H62+H63 -> 75147 | I64: =I62+I63 -> 124917 | J64: =J62+J63 -> 87325 | ... N64: =N62+N63 -> 75443
C65: =IF(C14=C64,"","Revisar cifras") | D65: =IF(D14=D64,"","Revisar cifras") | E65: =IF(E14=E64,"","Revisar cifras") | F65: =IF(F14=F64,"","Revisar cifras") | G65: =IF(G14=G64,"","Revisar cifras") | H65: =IF(H14=H64,"","Revisar cifras") | I65: =IF(I14=I64,"","Revisar cifras") | J65: =IF(J14=J64,"","Revisar cifras") | ... N65: =IF(N14=N64,"","Revisar cifras")
D74: Estimación proporcional para ISR
D75: Concepto | G75: SADCAL | H75: Tlacuaches | J75: Total
D76: Ingresos | G76: =SUM(C62:N62) -> 300477 | H76: =SUM(C63:N63) -> 808343 | J76: =G76+H76 -> 1108820
D77: (-) Deducciones
E78: Gastos | G78: =IVA!N38-T21 -> 377101.61 | H78: =IVA!N39 -> 262370 | J78: =G78+H78 -> 639471.61
E79: Contribuciones | H79: =Contribuciones!AB15 -> 34878.39 | J79: =G79+H79 -> 34878.39
E80: Nomina | H80: =NominaEdoMex!D47+ROUND(NominaEdoMex!E47*0.53,2) -> 97029.65 | J80: =G80+H80 -> 97029.65
E81: Depreciación | G81: =T22 -> 12543 | J81: =G81+H81 -> 12543
E82: Otras deducciones | H82: =T29+T30 -> 37741.15 | J82: =G82+H82 -> 37741.15
K83: =J76-J78-J79-J80-J81-J82 -> 287156.2 | M83: CU para 2025
M84: =TRUNC(K83/J76,4) -> 0.2589
D85: (-) Pérdida fiscal | G85: 190541 | J85: =T3 -> 190541
D87: (=) Resultado | G87: =G76-G78-G79-G80-G81-G85-G82 -> -279708.61 | H87: =H76-H78-H79-H80-H81-H85-H82 -> 376323.81 | J87: =G87+H87 -> 96615.2
D89: (x) Tasa 30% | G89: 0.3 | H89: 0.3 | J89: 0.3
D91: (=) ISR Estimado | G91: =ROUND(G87*G89,0) -> -83913 | H91: =ROUND(H87*H89,0) -> 112897 | J91: =ROUND(J87*J89,0) -> 28985
D94: (-) ISR a favor anterior | J94: 8116
D96: (=) ISR Neto 2024 estimado | J96: =J91-J94 -> 20869
G97: =ROUND(J96/J76*G76,0) -> 5655 | H97: =ROUND(J96/J76*H76,0) -> 15214

Sheet IVA
A1: SADCAL CONSULTORIA Y SOLUCIONES INTEGRALES, SA DE CV
A2: Cédula de determinación de Pagos Definitivos de IVA
A3: Ejercicio 2024
A5: Determinación de IVA | B5: Enero | C5: Febrero | D5: Marzo | E5: Abril | F5: Mayo | G5: Junio | H5: Julio | I5: Agosto | J5: Septiembre | K5: Octubre | L5: Noviembre | M5: Diciembre | N5: Sumas
A6: Ingresos Cobrados al 16% SADCAL | B6: 51967 | C6: 11566 | D6: 25211 | E6: 23625 | F6: 22431 | G6: 18732 | H6: 17595 | I6: 11636 | J6: 29767 | K6: 25268 | L6: 49332 | M6: 14277 | N6: =SUM(B6:M6) -> 301407
A7: Ingresos Cobrados al 16% TLACUACHES | B7: 0 | C7: 37500 | D7: 125489 | E7: 85141 | F7: 70900 | G7: 55890 | H7: 97317 | I7: 67000 | J7: 65125 | K7: 64000 | L7: 70850 | M7: 61150 | N7: =SUM(B7:M7) -> 800362
A8: Total ingresos cobrados al 16% | B8: =B6+B7 -> 51967 | C8: =C6+C7 -> 49066 | D8: =D6+D7 -> 150700 | E8: =E6+E7 -> 108766 | F8: =F6+F7 -> 93331 | G8: =G6+G7 -> 74622 | H8: =H6+H7 -> 114912 | I8: =I6+I7 -> 78636 | ... N8: =N6+N7 -> 1101769
A9: Ingresos Cobrados al 8%
A10: Ingresos Cobrados al 0%
A11: Ingresos Exentos de IVA
A12: Total ingresos cobrados | B12: =SUM(B8:B11) -> 51967 | C12: =SUM(C8:C11) -> 49066 | D12: =SUM(D8:D11) -> 150700 | E12: =SUM(E8:E11) -> 108766 | F12: =SUM(F8:F11) -> 93331 | G12: =SUM(G8:G11) -> 74622 | H12: =SUM(H8:H11) -> 114912 | I12: =SUM(I8:I11) -> 78636 | ... M12: =SUM(M8:M11) -> 75427 | N12: =SUM(B12:M12) -> 1101769
A13: Proporción Ingresos SADCAL | B13: =IF(ISERROR(ROUND(B6/B8,4)),0,ROUND(B6/B8,4)) -> 1 | C13: =IF(ISERROR(ROUND(C6/C8,4)),0,ROUND(C6/C8,4)) -> 0.2357 | D13: =IF(ISERROR(ROUND(D6/D8,4)),0,ROUND(D6/D8,4)) -> 0.1673 | E13: =IF(ISERROR(ROUND(E6/E8,4)),0,ROUND(E6/E8,4)) -> 0.2172 | F13: =IF(ISERROR(ROUND(F6/F8,4)),0,ROUND(F6/F8,4)) -> 0.2403 | G13: =IF(ISERROR(ROUND(G6/G8,4)),0,ROUND(G6/G8,4)) -> 0.251 | H13: =IF(ISERROR(ROUND(H6/H8,4)),0,ROUND(H6/H8,4)) -> 0.1531 | I13: =IF(ISERROR(ROUND(I6/I8,4)),0,ROUND(I6/I8,4)) -> 0.148 | ... M13: =IF(ISERROR(ROUND(M6/M8,4)),0,ROUND(M6/M8,4)) -> 0.1893
A14: Proporción Ingresos TLACUACHES | B14: =IF(ISERROR(ROUND(B7/B8,4)),0,ROUND(B7/B8,4)) -> 0 | C14: =IF(ISERROR(ROUND(C7/C8,4)),0,ROUND(C7/C8,4)) -> 0.7643 | D14: =IF(ISERROR(ROUND(D7/D8,4)),0,ROUND(D7/D8,4)) -> 0.8327 | E14: =IF(ISERROR(ROUND(E7/E8,4)),0,ROUND(E7/E8,4)) -> 0.7828 | F14: =IF(ISERROR(ROUND(F7/F8,4)),0,ROUND(F7/F8,4)) -> 0.7597 | G14: =IF(ISERROR(ROUND(G7/G8,4)),0,ROUND(G7/G8,4)) -> 0.749 | H14: =IF(ISERROR(ROUND(H7/H8,4)),0,ROUND(H7/H8,4)) -> 0.8469 | I14: =IF(ISERROR(ROUND(I7/I8,4)),0,ROUND(I7/I8,4)) -> 0.852 | ... M14: =IF(ISERROR(ROUND(M7/M8,4)),0,ROUND(M7/M8,4)) -> 0.8107
A16: IVA cobrado al 16% | B16: =ROUND(B8*0.16,0) -> 8315 | C16: =ROUND(C8*0.16,0) -> 7851 | D16: =ROUND(D8*0.16,0) -> 24112 | E16: =ROUND(E8*0.16,0) -> 17403 | F16: =ROUND(F8*0.16,0) -> 14933 | G16: =ROUND(G8*0.16,0) -> 11940 | H16: =ROUND(H8*0.16,0) -> 18386 | I16: =ROUND(I8*0.16,0) -> 12582 | ... M16: =ROUND(M8*0.16,0) -> 12068 | N16: =SUM(B16:M16) -> 176285
A17: IVA cobrado al 8% | B17: =ROUND(B9*0.08,0) -> 0 | C17: =ROUND(C9*0.08,0) -> 0 | D17: =ROUND(D9*0.08,0) -> 0 | E17: =ROUND(E9*0.08,0) -> 0 | F17: =ROUND(F9*0.08,0) -> 0 | G17: =ROUND(G9*0.08,0) -> 0 | H17: =ROUND(H9*0.08,0) -> 0 | I17: =ROUND(I9*0.08,0) -> 0 | ... M17: =ROUND(M9*0.08,0) -> 0 | N17: =SUM(B17:M17) -> 0
A18: Total IVA Trasladado | B18: =SUM(B16:B17) -> 8315 | C18: =SUM(C16:C17) -> 7851 | D18: =SUM(D16:D17) -> 24112 | E18: =SUM(E16:E17) -> 17403 | F18: =SUM(F16:F17) -> 14933 | G18: =SUM(G16:G17) -> 11940 | H18: =SUM(H16:H17) -> 18386 | I18: =SUM(I16:I17) -> 12582 | ... M18: =SUM(M16:M17) -> 12068 | N18: =SUM(B18:M18) -> 176285 | P18: Monto aplicado | Q18: Pendiente por recuperar
A19: Monto IVA Cobrado SADCAL | B19: =ROUND(B18*B13,0) -> 8315 | C19: =ROUND(C18*C13,0) -> 1850 | D19: =ROUND(D18*D13,0) -> 4034 | E19: =ROUND(E18*E13,0) -> 3780 | F19: =ROUND(F18*F13,0) -> 3588 | G19: =ROUND(G18*G13,0) -> 2997 | H19: =ROUND(H18*H13,0) -> 2815 | I19: =ROUND(I18*I13,0) -> 1862 | ... M19: =ROUND(M18*M13,0) -> 2284 | N19: =SUM(B19:M19) -> 48226 | P19: 10165 | Q19: =N19-P19 -> 38061 | R19: =Q19+Q20 -> 51051
A20: Monto ISR estimado SADCAL | B20: =ROUND(B6*0.0546,0) -> 2837 | C20: =ROUND(C6*0.0546,0) -> 632 | D20: =ROUND(D6*0.0546,0) -> 1377 | E20: =ROUND(E6*0.0546,0) -> 1290 | F20: =ROUND(F6*0.0546,0) -> 1225 | G20: =ROUND(G6*0.0546,0) -> 1023 | H20: =ROUND(H6*0.0546,0) -> 961 | I20: =ROUND(I6*0.0546,0) -> 635 | ... M20: =ROUND(M6*0.0546,0) -> 780 | N20: =SUM(B20:M20) -> 16459 | P20: 3469 | Q20: =N20-P20 -> 12990
A21: Monto IVA Cobrado TLACUACHES | B21: =B18-B19 -> 0 | C21: =C18-C19 -> 6001 | D21: =D18-D19 -> 20078 | E21: =E18-E19 -> 13623 | F21: =F18-F19 -> 11345 | G21: =G18-G19 -> 8943 | H21: =H18-H19 -> 15571 | I21: =I18-I19 -> 10720 | ... M21: =M18-M19 -> 9784 | N21: =SUM(B21:M21) -> 128059 | P21: 5780 | Q21: =N21-P21 -> 122279 | R21: =Q21+Q22 -> 165980 | W21: 100
A22: Monto ISR estimado SADCAL | B22: 0 | C22: =ROUND(C7*0.0546,0) -> 2048 | D22: =ROUND(D7*0.0546,0) -> 6852 | E22: =ROUND(E7*0.0546,0) -> 4649 | F22: =ROUND(F7*0.0546,0) -> 3871 | G22: =ROUND(G7*0.0546,0) -> 3052 | H22: =ROUND(H7*0.0546,0) -> 5314 | I22: =ROUND(I7*0.0546,0) -> 3658 | J22: =ROUND(J7*0.0546,0) -> 3556 | ... M22: =ROUND(M7*0.0546,0) -> 3339 | N22: =SUM(B22:M22) -> 43701 | P22: 0 | Q22: =N22-P22 -> 43701
A25: Gastos pagados a tasa 16% SADCAL | B25: 24466 | C25: 11797 | D25: 11001 | E25: 18757 | F25: 60873 | G25: 47447 | H25: 48472 | I25: 12847 | J25: 31158 | K25: 18892 | L25: 30820 | M25: 81359 | N25: =SUM(B25:M25) -> 397889
A26: Gastos pagados a tasa 16% Tlacuaches | B26: 0 | C26: 3400 | D26: 18187 | E26: 32881 | F26: 19289 | G26: 8011 | H26: 55911 | I26: 21151 | J26: 22929 | K26: 14500 | L26: 29848 | M26: 30405 | N26: =SUM(B26:M26) -> 256512
A27: Total de gastos pagados al 16% | B27: =B25+B26 -> 24466 | C27: =C25+C26 -> 15197 | D27: =D25+D26 -> 29188 | E27: =E25+E26 -> 51638 | F27: =F25+F26 -> 80162 | G27: =G25+G26 -> 55458 | H27: =H25+H26 -> 104383 | I27: =I25+I26 -> 33998 | ... M27: =M25+M26 -> 111764 | N27: =SUM(B27:M27) -> 654401
A28: Gastos pagados a tasa 8% SADCAL | B28: 0 | C28: 0 | D28: 0 | E28: 0 | F28: 0 | G28: 0 | H28: 0 | I28: 0 | J28: 0 | K28: 0 | L28: 0 | M28: 0 | N28: =SUM(B28:M28) -> 0
A29: Gastos pagados a tasa 8% Tlacuaches | B29: 0 | C29: 0 | D29: 0 | E29: 0 | F29: 0 | G29: 0 | H29: 0 | I29: 0 | J29: 0 | K29: 132 | L29: 0 | M29: 0 | N29: =SUM(B29:M29) -> 132
A30: Total de gastos pagados al 8% | B30: =B28+B29 -> 0 | C30: =C28+C29 -> 0 | D30: =D28+D29 -> 0 | E30: =E28+E29 -> 0 | F30: =F28+F29 -> 0 | G30: =G28+G29 -> 0 | H30: =H28+H29 -> 0 | I30: =I28+I29 -> 0 | ... M30: =M28+M29 -> 0 | N30: =SUM(B30:M30) -> 132
A31: Gastos pagados a tasa 0% SADCAL | B31: 466 | C31: 323 | D31: 4226 | E31: 259 | F31: 1567 | G31: 3902 | H31: 4488 | I31: 762 | J31: 476 | K31: 157 | L31: 3039 | M31: 1681 | N31: =SUM(B31:M31) -> 21346
A32: Gastos pagados a tasa 0% Tlacuaches | B32: 0 | C32: 0 | D32: 33 | E32: 0 | F32: 0 | G32: 0 | H32: 17 | I32: 0 | J32: 2607 | K32: 149 | L32: 1720 | M32: 0 | N32: =SUM(B32:M32) -> 4526
A33: Total de gastos pagados al 0% | B33: =B31+B32 -> 466 | C33: =C31+C32 -> 323 | D33: =D31+D32 -> 4259 | E33: =E31+E32 -> 259 | F33: =F31+F32 -> 1567 | G33: =G31+G32 -> 3902 | H33: =H31+H32 -> 4505 | I33: =I31+I32 -> 762 | ... M33: =M31+M32 -> 1681 | N33: =SUM(B33:M33) -> 25872
A34: Gastos Exentos SADCAL | B34: 0 | C34: 0 | D34: 0 | E34: 0 | F34: 1 | G34: 10 | H34: 0 | I34: 0 | J34: 428 | K34: 0 | L34: 0 | M34: 0 | N34: =SUM(B34:M34) -> 439
A35: Gastos Exentos Tlacuaches | B35: 0 | C35: 17 | D35: 5 | E35: 54 | F35: 182 | G35: 38 | H35: 65 | I35: 80 | J35: 108 | K35: 176 | L35: 311 | M35: 164 | N35: =SUM(B35:M35) -> 1200
A36: Total de gastos pagados exentos | B36: =B34+B35 -> 0 | C36: =C34+C35 -> 17 | D36: =D34+D35 -> 5 | E36: =E34+E35 -> 54 | F36: =F34+F35 -> 183 | G36: =G34+G35 -> 48 | H36: =H34+H35 -> 65 | I36: =I34+I35 -> 80 | ... M36: =M34+M35 -> 164 | N36: =SUM(B36:M36) -> 1639
A37: Total de gastos pagados para IVA | B37: =B27+B30+B33+B36 -> 24932 | C37: =C27+C30+C33+C36 -> 15537 | D37: =D27+D30+D33+D36 -> 33452 | E37: =E27+E30+E33+E36 -> 51951 | F37: =F27+F30+F33+F36 -> 81912 | G37: =G27+G30+G33+G36 -> 59408 | H37: =H27+H30+H33+H36 -> 108953 | I37: =I27+I30+I33+I36 -> 34840 | ... M37: =M27+M30+M33+M36 -> 113609 | N37: =SUM(B37:M37) -> 682044
A38: Monto gastos para IVA SADCAL | B38: =B25+B28+B31+B34 -> 24932 | C38: =C25+C28+C31+C34 -> 12120 | D38: =D25+D28+D31+D34 -> 15227 | E38: =E25+E28+E31+E34 -> 19016 | F38: =F25+F28+F31+F34 -> 62441 | G38: =G25+G28+G31+G34 -> 51359 | H38: =H25+H28+H31+H34 -> 52960 | I38: =I25+I28+I31+I34 -> 13609 | ... M38: =M25+M28+M31+M34 -> 83040 | N38: =SUM(B38:M38) -> 419674
A39: Monto gastos para IVA Tlacuaches | B39: =B26+B29+B32+B35 -> 0 | C39: =C26+C29+C32+C35 -> 3417 | D39: =D26+D29+D32+D35 -> 18225 | E39: =E26+E29+E32+E35 -> 32935 | F39: =F26+F29+F32+F35 -> 19471 | G39: =G26+G29+G32+G35 -> 8049 | H39: =H26+H29+H32+H35 -> 55993 | I39: =I26+I29+I32+I35 -> 21231 | ... M39: =M26+M29+M32+M35 -> 30569 | N39: =SUM(B39:M39) -> 262370
A41: IVA pagado al 16% | B41: =ROUND(B27*0.16,0) -> 3915 | C41: =ROUND(C27*0.16,0) -> 2432 | D41: =ROUND(D27*0.16,0) -> 4670 | E41: =ROUND(E27*0.16,0) -> 8262 | F41: =ROUND(F27*0.16,0) -> 12826 | G41: =ROUND(G27*0.16,0) -> 8873 | H41: =ROUND(H27*0.16,0) -> 16701 | I41: =ROUND(I27*0.16,0) -> 5440 | ... M41: =ROUND(M27*0.16,0) -> 17882
A42: IVA pagado al 8% | B42: =ROUND(B30*0.08,0) -> 0 | C42: =ROUND(C30*0.08,0) -> 0 | D42: =ROUND(D30*0.08,0) -> 0 | E42: =ROUND(E30*0.08,0) -> 0 | F42: =ROUND(F30*0.08,0) -> 0 | G42: =ROUND(G30*0.08,0) -> 0 | H42: =ROUND(H30*0.08,0) -> 0 | I42: =ROUND(I30*0.08,0) -> 0 | ... M42: =ROUND(M30*0.08,0) -> 0
A43: IVA Adquisición de activos | B43: 0 | C43: 0 | D43: 0 | E43: 0 | F43: 2454 | G43: 1517 | H43: 1448 | I43: 0 | J43: 0 | K43: 0 | L43: 1393 | M43: 0 | N43: =SUM(B43:M43) -> 6812
A44: IVA Adquisición gastos | B44: =B45-B43 -> 3915 | C44: =C45-C43 -> 2432 | D44: =D45-D43 -> 4670 | E44: =E45-E43 -> 8262 | F44: =F45-F43 -> 10372 | G44: =G45-G43 -> 7356 | H44: =H45-H43 -> 15253 | I44: =I45-I43 -> 5440 | ... M44: =M45-M43 -> 17882 | N44: =SUM(B44:M44) -> 97904
A45: Total IVA pagado | B45: =SUM(B41:B42) -> 3915 | C45: =SUM(C41:C42) -> 2432 | D45: =SUM(D41:D42) -> 4670 | E45: =SUM(E41:E42) -> 8262 | F45: =SUM(F41:F42) -> 12826 | G45: =SUM(G41:G42) -> 8873 | H45: =SUM(H41:H42) -> 16701 | I45: =SUM(I41:I42) -> 5440 | ... M45: =SUM(M41:M42) -> 17882
A46: Proporción de IVA Acreditable | B46: =IF(ISERROR(TRUNC((B12-B11)/B12,4)),1,TRUNC((B12-B11)/B12,4)) -> 1 | C46: =IF(ISERROR(TRUNC((C12-C11)/C12,4)),1,TRUNC((C12-C11)/C12,4)) -> 1 | D46: =IF(ISERROR(TRUNC((D12-D11)/D12,4)),1,TRUNC((D12-D11)/D12,4)) -> 1 | E46: =IF(ISERROR(TRUNC((E12-E11)/E12,4)),1,TRUNC((E12-E11)/E12,4)) -> 1 | F46: =IF(ISERROR(TRUNC((F12-F11)/F12,4)),1,TRUNC((F12-F11)/F12,4)) -> 1 | G46: =IF(ISERROR(TRUNC((G12-G11)/G12,4)),1,TRUNC((G12-G11)/G12,4)) -> 1 | H46: =IF(ISERROR(TRUNC((H12-H11)/H12,4)),1,TRUNC((H12-H11)/H12,4)) -> 1 | I46: =IF(ISERROR(TRUNC((I12-I11)/I12,4)),1,TRUNC((I12-I11)/I12,4)) -> 1 | ... M46: =IF(ISERROR(TRUNC((M12-M11)/M12,4)),1,TRUNC((M12-M11)/M12,4)) -> 1
A47: IVA Acreditable del periodo | B47: =ROUND(B45*B46,0) -> 3915 | C47: =ROUND(C45*C46,0) -> 2432 | D47: =ROUND(D45*D46,0) -> 4670 | E47: =ROUND(E45*E46,0) -> 8262 | F47: =ROUND(F45*F46,0) -> 12826 | G47: =ROUND(G45*G46,0) -> 8873 | H47: =ROUND(H45*H46,0) -> 16701 | I47: =ROUND(I45*I46,0) -> 5440 | ... M47: =ROUND(M45*M46,0) -> 17882 | N47: =SUM(B47:M47) -> 104716
A48: Monto IVA Pagado SADCAL | B48: =ROUND(B25/B27*B41,0)+ROUND(B28*0.08,0) -> 3915 | C48: =ROUND(C25/C27*C41,0)+ROUND(C28*0.08,0) -> 1888 | D48: =ROUND(D25/D27*D41,0)+ROUND(D28*0.08,0) -> 1760 | E48: =ROUND(E25/E27*E41,0)+ROUND(E28*0.08,0) -> 3001 | F48: =ROUND(F25/F27*F41,0)+ROUND(F28*0.08,0) -> 9740 | G48: =ROUND(G25/G27*G41,0)+ROUND(G28*0.08,0) -> 7591 | H48: =ROUND(H25/H27*H41,0)+ROUND(H28*0.08,0) -> 7755 | I48: =ROUND(I25/I27*I41,0)+ROUND(I28*0.08,0) -> 2056 | ... M48: =ROUND(M25/M27*M41,0)+ROUND(M28*0.08,0) -> 13017 | N48: =SUM(B48:M48) -> 63662
A49: Monto IVA Pagado TLACUACHES | B49: =B41-B48+ROUND(B29*0.08,0) -> 0 | C49: =C41-C48+ROUND(C29*0.08,0) -> 544 | D49: =D41-D48+ROUND(D29*0.08,0) -> 2910 | E49: =E41-E48+ROUND(E29*0.08,0) -> 5261 | F49: =F41-F48+ROUND(F29*0.08,0) -> 3086 | G49: =G41-G48+ROUND(G29*0.08,0) -> 1282 | H49: =H41-H48+ROUND(H29*0.08,0) -> 8946 | I49: =I41-I48+ROUND(I29*0.08,0) -> 3384 | ... M49: =M41-M48+ROUND(M29*0.08,0) -> 4865 | N49: =SUM(B49:M49) -> 41054
A51: IVA Retenido por ingresos cobrados
A53: Resultado de IVA | B53: =B18-B47-B51 -> 4400 | C53: =C18-C47-C51 -> 5419 | D53: =D18-D47-D51 -> 19442 | E53: =E18-E47-E51 -> 9141 | F53: =F18-F47-F51 -> 2107 | G53: =G18-G47-G51 -> 3067 | H53: =H18-H47-H51 -> 1685 | I53: =I18-I47-I51 -> 7142 | ... M53: =M18-M47-M51 -> -5814 | N53: =SUM(B53:M53) -> 71569
A54: Resultado de IVA SADCAL | B54: =B19-B48 -> 4400 | C54: =C19-C48 -> -38 | D54: =D19-D48 -> 2274 | E54: =E19-E48 -> 779 | F54: =F19-F48 -> -6152 | G54: =G19-G48 -> -4594 | H54: =H19-H48 -> -4940 | I54: =I19-I48 -> -194 | ... M54: =M19-M48 -> -10733 | N54: =SUM(B54:M54) -> -15436
A55: Resultado de IVA Tlacuaches | B55: =B21-B49 -> 0 | C55: =C21-C49 -> 5457 | D55: =D21-D49 -> 17168 | E55: =E21-E49 -> 8362 | F55: =F21-F49 -> 8259 | G55: =G21-G49 -> 7661 | H55: =H21-H49 -> 6625 | I55: =I21-I49 -> 7336 | ... M55: =M21-M49 -> 4919 | N55: =SUM(B55:M55) -> 87005
B56: =IF(B53=(B54+B55),"","Revisar cifras") | C56: =IF(C53=(C54+C55),"","Revisar cifras") | D56: =IF(D53=(D54+D55),"","Revisar cifras") | E56: =IF(E53=(E54+E55),"","Revisar cifras") | F56: =IF(F53=(F54+F55),"","Revisar cifras") | G56: =IF(G53=(G54+G55),"","Revisar cifras") | H56: =IF(H53=(H54+H55),"","Revisar cifras") | I56: =IF(I53=(I54+I55),"","Revisar cifras") | ... M56: =IF(M53=(M54+M55),"","Revisar cifras")
A57: Aplicaicón de retenciones de IVA
A58: IVA Retenido por pagar en declaración | E58: 3 | J58: 480 | K58: 480 | L58: 480 | M58: 800
A59: IVA Retenido Pagado Acreditable | F59: 3 | K59: 480 | L59: 480 | M59: 480
A61: Compensaciones
A62: IVA por Acreditar de periodos ant. | B62: 141
A63: Total de aplicaciones | B63: =SUM(B61:B62) -> 141 | C63: =SUM(C61:C62) -> 0 | D63: =SUM(D61:D62) -> 0 | E63: =SUM(E61:E62) -> 0 | F63: =SUM(F61:F62) -> 0 | G63: =SUM(G61:G62) -> 0 | H63: =SUM(H61:H62) -> 0 | I63: =SUM(I61:I62) -> 0 | ... M63: =SUM(M61:M62) -> 0
A65: IVA después de aplicaciones | B65: =IF(B53<=0,0,B53-B63)+B58-B59 -> 4259 | C65: =IF(C53<=0,0,C53-C63)+C58-C59 -> 5419 | D65: =IF(D53<=0,0,D53-D63)+D58-D59 -> 19442 | E65: =IF(E53<=0,0,E53-E63)+E58-E59 -> 9144 | F65: =IF(F53<=0,0,F53-F63)+F58-F59 -> 2104 | G65: =IF(G53<=0,0,G53-G63)+G58-G59 -> 3067 | H65: =IF(H53<=0,0,H53-H63)+H58-H59 -> 1685 | I65: =IF(I53<=0,0,I53-I63)+I58-I59 -> 7142 | ... L65: =IF(L53<=0,0,L53-L63)+L58-L59 -> 9522 | M65: =M53+M58-M59 -> -5494
A67: Actualización | B67: =B82-B65 -> 13 | C67: =C82-C65 -> 1 | D67: =D82-D65 -> 37 | E67: =E82-E65 -> 17 | F67: =F82-F65 -> 30 | G67: =G82-G65 -> 0 | H67: =H82-H65 -> 0 | I67: =I82-I65 -> 0 | ... L67: =L82-L65 -> 0 | M67: =IF(M65<0,0,M82-M65) -> 0 | N67: =SUMIFS(B67:M67,$B$72:$M$72,"Pagada") -> 98
A68: Recargos | B68: =ROUND(B82*B86,0)-100 -> 214 | C68: =ROUND(C82*C86,0) -> 319 | D68: =ROUND(D82*D86,0) -> 1145 | E68: =ROUND(E82*E86,0) -> 539 | F68: =ROUND(F82*F86,0) -> 63 | G68: =ROUND(G82*G86,0) -> 90 | H68: =ROUND(H82*H86,0) -> 0 | I68: =ROUND(I82*I86,0) -> 105 | J68: =ROUND(J82*J86,0) -> 206 | ... M68: =ROUND(M82*M86,0) -> 0 | N68: =SUMIFS(B68:M68,$B$72:$M$72,"Pagada") -> 2681
A69: Total de accesorios | B69: =SUM(B67:B68) -> 227 | C69: =SUM(C67:C68) -> 320 | D69: =SUM(D67:D68) -> 1182 | E69: =SUM(E67:E68) -> 556 | F69: =SUM(F67:F68) -> 93 | G69: =SUM(G67:G68) -> 90 | H69: =SUM(H67:H68) -> 0 | I69: =SUM(I67:I68) -> 105 | ... M69: =SUM(M67:M68) -> 0 | N69: =N67+N68 -> 2779
A71: IVA Neto del periodo | B71: =IF(B65<=0,B65,B65+B69) -> 4486 | C71: =IF(C65<=0,C65,C65+C69) -> 5739 | D71: =IF(D65<=0,D65,D65+D69) -> 20624 | E71: =IF(E65<=0,E65,E65+E69) -> 9700 | F71: =IF(F65<=0,F65,F65+F69) -> 2197 | G71: =IF(G65<=0,G65,G65+G69) -> 3157 | H71: =IF(H65<=0,H65,H65+H69) -> 1685 | I71: =IF(I65<=0,I65,I65+I69) -> 7247 | ... L71: =IF(L65<=0,L65,L65+L69) -> 9802 | M71: =M65+M69 -> -5494 | N71: =SUM(B71:M71) -> 75874
A72: Estatus de la declaración | B72: Pagada | C72: Pagada | D72: Pagada | E72: Pagada | F72: Pagada | G72: Pagada | H72: Pagada | I72: Pagada | J72: Pagada | K72: Presentada con pago | L72: Presentada con pago | M72: Saldo a favor
A73: Fecha de cumplimiento completo | B73: 45468 | C73: 45476 | D73: 45505 | E73: 45513 | F73: 45515 | G73: 45536 | H73: 45524 | I73: 45556 | J73: 45621 | M73: 45679
A74: Monto Pago SADCAL | B74: =ROUND((B54/B53)*B69,0)+B54-B62 -> 4486 | C74: =ROUND((C54/C53)*C69,0)+C54 -> -40 | D74: =ROUND((D54/D53)*D69,0)+D54 -> 2412 | E74: =ROUND((E54/E53)*E69,0)+E54 -> 826 | F74: =ROUND((F54/F53)*F69,0)+F54 -> -6424 | G74: =ROUND((G54/G53)*G69,0)+G54 -> -4729 | H74: =ROUND((H54/H53)*H69,0)+H54 -> -4940 | I74: =ROUND((I54/I53)*I69,0)+I54 -> -197 | J74: =J54+J58-J59+ROUND(J69*J13,0) -> 323 | K74: =K54+K58-K59+ROUND(K69*K13,0) -> 1187 | L74: =L54+L58-L59+ROUND(L69*L13,0) -> 3078 | M74: 0 | N74: =SUM(B74:M74) -> -4018
A75: Monto Pago TLACUACHES | B75: =ROUND(B55/B53*B69,0)+B55+B58+B59 -> 0 | C75: =ROUND(C55/C53*C69,0)+C55+C58+C59 -> 5779 | D75: =ROUND(D55/D53*D69,0)+D55+D58+D59 -> 18212 | E75: =ROUND(E55/E53*E69,0)+E55+E58+E59 -> 8874 | F75: =ROUND(F55/F53*F69,0)+F55+F58+F59 -> 8627 | G75: =ROUND(G55/G53*G69,0)+G55+G58+G59 -> 7886 | H75: =ROUND(H55/H53*H69,0)+H55+H58+H59 -> 6625 | I75: =ROUND(I55/I53*I69,0)+I55+I58+I59 -> 7444 | J75: =J71-J74 -> 6892 | K75: =K71-K74 -> 8329 | L75: =L71-L74 -> 6724 | M75: 0 | N75: =SUM(B75:M75) -> 85392
A78: Determinación de Accesorios fiscales
A79: INPC Pago | B79: 134.087 | C79: 134.087 | D79: 134.594 | E79: 134.594 | F79: 136.095 | G79: 136.003 | H79: 136.003 | I79: 136.003 | J79: 136.828 | K79: 138.343 | L79: 137.949
A80: INPC Debió pagar | B80: 133.681 | C80: 134.065 | D80: 134.336 | E80: 134.336 | F80: 134.1763 | G80: 136.003 | H80: 136.003 | I80: 136.003 | J80: 136.828 | K80: 137.424 | L80: 137.949
A81: F.A. | B81: =IF(ISERR(TRUNC(B79/B80,4)),0,(TRUNC(B79/B80,4))) -> 1.003 | C81: =IF(ISERR(TRUNC(C79/C80,4)),0,(TRUNC(C79/C80,4))) -> 1.0001 | D81: =IF(ISERR(TRUNC(D79/D80,4)),0,(TRUNC(D79/D80,4))) -> 1.0019 | E81: =IF(ISERR(TRUNC(E79/E80,4)),0,(TRUNC(E79/E80,4))) -> 1.0019 | F81: =IF(ISERR(TRUNC(F79/F80,4)),0,(TRUNC(F79/F80,4))) -> 1.0142 | G81: =IF(ISERR(TRUNC(G79/G80,4)),0,(TRUNC(G79/G80,4))) -> 1 | H81: =IF(ISERR(TRUNC(H79/H80,4)),0,(TRUNC(H79/H80,4))) -> 1 | I81: =IF(ISERR(TRUNC(I79/I80,4)),0,(TRUNC(I79/I80,4))) -> 1 | ... M81: =IF(ISERR(TRUNC(M79/M80,4)),0,(TRUNC(M79/M80,4))) -> 0
A82: Monto actualizado | B82: =ROUND(B65*B81,0) -> 4272 | C82: =ROUND(C65*C81,0) -> 5420 | D82: =ROUND(D65*D81,0) -> 19479 | E82: =ROUND(E65*E81,0) -> 9161 | F82: =ROUND(F65*F81,0) -> 2134 | G82: =ROUND(G65*G81,0) -> 3067 | H82: =ROUND(H65*H81,0) -> 1685 | I82: =ROUND(I65*I81,0) -> 7142 | ... M82: =ROUND(M65*M81,0) -> 0
A84: % mensual recargos | B84: 0.0147 | C84: 0.0147 | D84: 0.0147 | E84: 0.0147 | F84: 0.0147 | G84: 0.0147 | H84: 0.0147 | I84: 0.0147 | J84: 0.0147 | K84: 0.0147 | L84: 0.0147 | M84: 0.0147
A85: Meses recargos | B85: 5 | C85: 4 | D85: 4 | E85: 4 | F85: 2 | G85: 2 | H85: 0 | I85: 1 | J85: 2 | K85: 4 | L85: 2
A86: Tasa general recargos | B86: =TRUNC(B84*B85,4) -> 0.0735 | C86: =TRUNC(C84*C85,4) -> 0.0588 | D86: =TRUNC(D84*D85,4) -> 0.0588 | E86: =TRUNC(E84*E85,4) -> 0.0588 | F86: =TRUNC(F84*F85,4) -> 0.0294 | G86: =TRUNC(G84*G85,4) -> 0.0294 | H86: =TRUNC(H84*H85,4) -> 0 | I86: =TRUNC(I84*I85,4) -> 0.0147 | ... M86: =TRUNC(M84*M85,4) -> 0
A87: Importe recargos | B87: =ROUND(B86*B82,0)-100 -> 214 | C87: =ROUND(C86*C82,0) -> 319 | D87: =ROUND(D86*D82,0) -> 1145 | E87: =ROUND(E86*E82,0) -> 539 | F87: =ROUND(F86*F82,0) -> 63 | G87: =ROUND(G86*G82,0) -> 90 | H87: =ROUND(H86*H82,0) -> 0 | I87: =ROUND(I86*I82,0) -> 105 | J87: =ROUND(J86*J82,0) -> 206 | ... M87: =ROUND(M86*M82,0) -> 0
B88: =IF(B87=B68,"","Revisar") | C88: =IF(C87=C68,"","Revisar") | D88: =IF(D87=D68,"","Revisar") | E88: =IF(E87=E68,"","Revisar") | F88: =IF(F87=F68,"","Revisar") | G88: =IF(G87=G68,"","Revisar") | H88: =IF(H87=H68,"","Revisar") | I88: =IF(I87=I68,"","Revisar") | ... M88: =IF(M87=M68,"","Revisar")

Sheet Ingresos24
B3: Etiquetas de columna
B4: SADCAL | H4: Tlacuaches | N4: Total Suma de Importe 16% | O4: Total Suma de Descuento | P4: Total Suma de 0% y Exento | Q4: Total Suma de IVA | R4: Total Suma de Ret. IVA | S4: Total Suma de Total
A5: Etiquetas de fila | B5: Suma de Importe 16% | C5: Suma de Descuento | D5: Suma de 0% y Exento | E5: Suma de IVA | F5: Suma de Ret. IVA | G5: Suma de Total | H5: Suma de Importe 16% | I5: Suma de Descuento | J5: Suma de 0% y Exento | K5: Suma de IVA | L5: Suma de Ret. IVA | M5: Suma de Total
A6: 01-2024 | B6: 51967.33 | C6: 0 | D6: 0 | E6: 8314.77 | F6: 0 | G6: 60282.1 | N6: 51967.33 | O6: 0 | P6: 0 | Q6: 8314.77 | R6: 0 | S6: 60282.1
A7: 02-2024 | B7: 26565.56 | C7: 0 | D7: 0 | E7: 4250.49 | F7: 0 | G7: 30816.05 | H7: 37500 | I7: 0 | J7: 0 | K7: 6000 | L7: 0 | M7: 43500 | N7: 64065.56 | O7: 0 | P7: 0 | Q7: 10250.49 | R7: 0 | S7: 74316.05
A8: 03-2024 | B8: 25211.29 | C8: 0 | D8: 0 | E8: 4033.81 | F8: 0 | G8: 29245.1 | H8: 125489 | I8: 0 | J8: 0 | K8: 20078.24 | L8: 0 | M8: 145567.24 | N8: 150700.29 | O8: 0 | P8: 0 | Q8: 24112.05 | R8: 0 | S8: 174812.34
A9: 04-2024 | B9: 8624.15 | C9: 0 | D9: 0 | E9: 1379.86 | F9: 0 | G9: 10004.01 | H9: 85141.38 | I9: 0 | J9: 0 | K9: 13622.62 | L9: 0 | M9: 98764 | N9: 93765.53 | O9: 0 | P9: 0 | Q9: 15002.48 | R9: 0 | S9: 108768.01
A10: 05-2024 | B10: 22430.55 | C10: 0 | D10: 0 | E10: 3588.89 | F10: 0 | G10: 26019.44 | H10: 70900 | I10: 0 | J10: 0 | K10: 11344 | L10: 0 | M10: 82244 | N10: 93330.55 | O10: 0 | P10: 0 | Q10: 14932.89 | R10: 0 | S10: 108263.44
A11: 06-2024 | B11: 19256.75 | C11: 0 | D11: 0 | E11: 3081.09 | F11: 0 | G11: 22337.84 | H11: 55890 | I11: 0 | J11: 0 | K11: 8942.4 | L11: 0 | M11: 64832.4 | N11: 75146.75 | O11: 0 | P11: 0 | Q11: 12023.49 | R11: 0 | S11: 87170.24
A12: 07-2024 | B12: 27600.36 | C12: 0 | D12: 0 | E12: 4416.05 | F12: 0 | G12: 32016.41 | H12: 97317 | I12: 0 | J12: 0 | K12: 15570.72 | L12: 0 | M12: 112887.72 | N12: 124917.36 | O12: 0 | P12: 0 | Q12: 19986.77 | R12: 0 | S12: 144904.13
A13: 08-2024 | B13: 20324.23 | C13: 0 | D13: 0 | E13: 3251.88 | F13: 0 | G13: 23576.11 | H13: 67000 | I13: 0 | J13: 0 | K13: 10720 | L13: 0 | M13: 77720 | N13: 87324.23 | O13: 0 | P13: 0 | Q13: 13971.88 | R13: 0 | S13: 101296.11
A14: 09-2024 | B14: 27565 | C14: 366.4 | D14: 0 | E14: 4351.78 | F14: 0 | G14: 31550.38 | H14: 73105 | I14: 0 | J14: 0 | K14: 11696.8 | L14: 0 | M14: 84801.8 | N14: 100670 | O14: 366.4 | P14: 0 | Q14: 16048.58 | R14: 0 | S14: 116352.18
A15: 10-2024 | B15: 11287.22 | C15: 0 | D15: 0 | E15: 1805.96 | F15: 0 | G15: 13093.18 | H15: 64000 | I15: 0 | J15: 0 | K15: 10240 | L15: 0 | M15: 74240 | N15: 75287.22 | O15: 0 | P15: 0 | Q15: 12045.96 | R15: 0 | S15: 87333.18
A16: 11-2024 | B16: 45351.02 | C16: 0 | D16: 0 | E16: 7256.17 | F16: 0 | G16: 52607.19 | H16: 70850 | I16: 0 | J16: 0 | K16: 11336 | L16: 0 | M16: 82186 | N16: 116201.02 | O16: 0 | P16: 0 | Q16: 18592.17 | R16: 0 | S16: 134793.19
A17: 12-2024 | B17: 14292.58 | C17: 15.75 | D17: 0 | E17: 2284.29 | F17: 0 | G17: 16561.12 | H17: 61150 | I17: 0 | J17: 0 | K17: 9784 | L17: 0 | M17: 70934 | N17: 75442.58 | O17: 15.75 | P17: 0 | Q17: 12068.29 | R17: 0 | S17: 87495.12
A18: Total general | B18: 300476.04 | C18: 382.15 | D18: 0 | E18: 48015.04 | F18: 0 | G18: 348108.93 | H18: 808342.38 | I18: 0 | J18: 0 | K18: 129334.78 | L18: 0 | M18: 937677.16 | N18: 1108818.4 | O18: 382.15 | P18: 0 | Q18: 177349.82 | R18: 0 | S18: 1285786.1

Sheet Egresos24
B3: Etiquetas de columna
B4: SADCAL | J4: Tlacuaches | R4: Total Base al 16% | S4: Total Base al 8% | T4: Total Base al 0% | U4: Total Tasa Exenta | V4: Total Total de IVA | W4: Total Retención de ISR | X4: Total Retención de IVA | Y4: Total Final
A5: Etiquetas de fila | B5: Base al 16% | C5: Base al 8% | D5: Base al 0% | E5: Tasa Exenta | F5: Total de IVA | G5: Retención de ISR | H5: Retención de IVA | I5: Final | J5: Base al 16% | K5: Base al 8% | L5: Base al 0% | M5: Tasa Exenta | N5: Total de IVA | O5: Retención de ISR | P5: Retención de IVA | Q5: Final
A6: 01-2024 | B6: 24465.57 | C6: 0 | D6: 466 | E6: 0 | F6: 3914.46 | G6: 0 | H6: 0 | I6: 28846.03 | R6: 24465.57 | S6: 0 | T6: 466 | U6: 0 | V6: 3914.46 | W6: 0 | X6: 0 | Y6: 28846.03
A7: 02-2024 | B7: 11797.44 | C7: 0 | D7: 323.37 | E7: 0 | F7: 1887.6 | G7: 0 | H7: 0 | I7: 14008.41 | J7: 3400.26 | K7: 0 | L7: 0 | M7: 16.57 | N7: 544.04 | O7: 0 | P7: 0 | Q7: 3960.87 | R7: 15197.7 | S7: 0 | T7: 323.37 | U7: 16.57 | V7: 2431.64 | W7: 0 | X7: 0 | Y7: 17969.28
A8: 03-2024 | B8: 11000.73 | C8: 0 | D8: 4226.41 | E8: 0 | F8: 1760.28 | G8: 0 | H8: 0 | I8: 16987.42 | J8: 18187.23 | K8: 0 | L8: 32.88 | M8: 4.76 | N8: 2909.97 | O8: 0 | P8: 0 | Q8: 21134.84 | R8: 29187.96 | S8: 0 | T8: 4259.29 | U8: 4.76 | V8: 4670.25 | W8: 0 | X8: 0 | Y8: 38122.26
A9: 04-2024 | B9: 18756.08 | C9: 0 | D9: 259 | E9: 0 | F9: 3000.95 | G9: 1.37 | H9: 0 | I9: 22014.66 | J9: 32881.47 | K9: 0 | L9: 0 | M9: 53.7 | N9: 5261.02 | O9: 7.25 | P9: 3.16 | Q9: 38185.78 | R9: 51637.55 | S9: 0 | T9: 259 | U9: 53.7 | V9: 8261.97 | W9: 8.62 | X9: 3.16 | Y9: 60200.44
A10: 05-2024 | B10: 60872.99 | C10: 0 | D10: 1567.16 | E10: 1.33 | F10: 9739.7 | G10: 0 | H10: 0 | I10: 72181.18 | J10: 19288.75 | K10: 0 | L10: 0 | M10: 181.62 | N10: 3086.18 | O10: 3.9 | P10: 0 | Q10: 22552.65 | R10: 80161.74 | S10: 0 | T10: 1567.16 | U10: 182.95 | V10: 12825.88 | W10: 3.9 | X10: 0 | Y10: 94733.83
A11: 06-2024 | B11: 47447.2 | C11: 0 | D11: 3902.03 | E11: 9.51 | F11: 7591.48 | G11: 0 | H11: 0 | I11: 59030.22 | J11: 8011.16 | K11: 0 | L11: 0 | M11: 37.56 | N11: 1281.79 | O11: 15.88 | P11: 0 | Q11: 9314.63 | R11: 55458.36 | S11: 0 | T11: 3902.03 | U11: 47.07 | V11: 8873.27 | W11: 15.88 | X11: 0 | Y11: 68344.85
A12: 07-2024 | B12: 48471.56 | C12: 0 | D12: 4488.38 | E12: 0 | F12: 7755.46 | G12: 0 | H12: 0 | I12: 62591.15 | J12: 55911.25 | K12: 0 | L12: 16.5 | M12: 65.19 | N12: 8945.81 | O12: 5.8 | P12: 0 | Q12: 64932.95 | R12: 104382.81 | S12: 0 | T12: 4504.88 | U12: 65.19 | V12: 16701.27 | W12: 5.8 | X12: 0 | Y12: 127524.1
A13: 08-2024 | B13: 12847.43 | C13: 0 | D13: 761.51 | E13: 0 | F13: 2055.61 | G13: 0 | H13: 0 | I13: 16954.98 | J13: 21150.8 | K13: 0 | L13: 0 | M13: 80.47 | N13: 3384.11 | O13: 22.69 | P13: 0 | Q13: 24592.69 | R13: 33998.23 | S13: 0 | T13: 761.51 | U13: 80.47 | V13: 5439.72 | W13: 22.69 | X13: 0 | Y13: 41547.67
A14: 09-2024 | B14: 31157.36 | C14: 0 | D14: 476.19 | E14: 428 | F14: 4985.12 | G14: 450 | H14: 480.15 | I14: 36116.52 | J14: 22929.25 | K14: 0 | L14: 2606.55 | M14: 108.07 | N14: 3668.69 | O14: 1.87 | P14: 0 | Q14: 29310.69 | R14: 54086.61 | S14: 0 | T14: 3082.74 | U14: 536.07 | V14: 8653.81 | W14: 451.87 | X14: 480.15 | Y14: 65427.21
A15: 10-2024 | B15: 18891.58 | C15: 0 | D15: 157 | E15: 0 | F15: 3022.61 | G15: 450 | H15: 480.15 | I15: 21141.04 | J15: 14500.22 | K15: 132.41 | L15: 149.25 | M15: 176.34 | N15: 2330.64 | O15: 9.52 | P15: 0 | Q15: 17279.34 | R15: 33391.8 | S15: 132.41 | T15: 306.25 | U15: 176.34 | V15: 5353.25 | W15: 459.52 | X15: 480.15 | Y15: 38420.38
A16: 11-2024 | B16: 30819.91 | C16: 0 | D16: 3039.25 | E16: 0 | F16: 4931.17 | G16: 450 | H16: 480.15 | I16: 37860.18 | J16: 29847.74 | K16: 0 | L16: 1719.8 | M16: 310.76 | N16: 4775.67 | O16: 0 | P16: 0 | Q16: 36653.97 | R16: 60667.65 | S16: 0 | T16: 4759.05 | U16: 310.76 | V16: 9706.84 | W16: 450 | X16: 480.15 | Y16: 74514.15
A17: 12-2024 | B17: 81358.99 | C17: 0 | D17: 1680.9 | E17: 0 | F17: 13017.45 | G17: 750 | H17: 800.25 | I17: 94507.09 | J17: 30404.78 | K17: 0 | L17: 0 | M17: 164.2 | N17: 4864.75 | O17: 0 | P17: 0 | Q17: 33675.11 | R17: 111763.77 | S17: 0 | T17: 1680.9 | U17: 164.2 | V17: 17882.2 | W17: 750 | X17: 800.25 | Y17: 128182.2
A18: Total general | B18: 397886.84 | C18: 0 | D18: 21347.2 | E18: 438.84 | F18: 63661.89 | G18: 2101.37 | H18: 2240.7 | I18: 482238.88 | J18: 256512.91 | K18: 132.41 | L18: 4524.98 | M18: 1199.24 | N18: 41052.67 | O18: 66.91 | P18: 3.16 | Q18: 301593.52 | R18: 654399.75 | S18: 132.41 | T18: 25872.18 | U18: 1638.08 | V18: 104714.56 | W18: 2168.28 | X18: 2243.86 | Y18: 783832.4

Sheet Contribuciones
A1: Periodo | B1: Ciudad de México | K1: Estado de México | U1: Concentrado | Z1: Actualizaciones No deducibles | AA1: Recargos deducibles | AB1: Contribuciones deducibles
B2: Cuotas IMSS | C2: Cuotas RCV | D2: Retiro | E2: INFONAVIT | F2: Estatus | G2: Fecha pago | H2: ISN | I2: Estatus ISN | J2: Fecha pago | K2: Cuotas IMSSb | L2: Cuotas RCVb | M2: Retirob | N2: INFONAVITb | O2: Cuota obrera | P2: Estatusb | Q2: Fecha pago | R2: ISNb | S2: EstatusISNb | T2: Fecha pago | U2: Cuotas IMSS | V2: Cuotas RCV | W2: Retiro | X2: INFONAVIT | Y2: ISN
A3: Enero | F3: No aplica | I3: No aplica | P3: No aplica | S3: No aplica | U3: =B3+K3 -> 0 | V3: =C3+L3 -> 0 | W3: =D3+M3 -> 0 | X3: =E3+N3 -> 0 | Y3: =H3+R3 -> 0 | AB3: =U3+V3+W3+X3+Y3 -> 0
A4: Febrero | F4: No aplica | I4: No aplica | P4: No aplica | S4: No aplica | U4: =B4+K4 -> 0 | V4: =C4+L4 -> 0 | W4: =D4+M4 -> 0 | X4: =E4+N4 -> 0 | Y4: =H4+R4 -> 0 | AB4: =U4+V4+W4+X4+Y4 -> 0
A5: Marzo | B5: 0 | C5: 0 | D5: 0 | E5: 0 | F5: No aplica | H5: 0 | I5: No aplica | K5: 597.4 | L5: 0 | M5: 0 | N5: 0 | P5: Pagada | Q5: 45399 | R5: 44 | S5: Pagada | T5: 45406 | U5: =B5+K5 -> 597.4 | V5: =C5+L5 -> 0 | W5: =D5+M5 -> 0 | X5: =E5+N5 -> 0 | Y5: =H5+R5 -> 44 | Z5: =0.19 -> 0.19 | AA5: =0.81 -> 0.81 | AB5: =U5+V5+W5+X5+Y5 -> 641.4
A6: Abril | B6: 0 | C6: 0 | D6: 0 | E6: 0 | F6: No aplica | H6: 0 | I6: No aplica | K6: 1595.16 | L6: 472.2 | M6: 172.4 | N6: 431 | P6: Pagada | Q6: 45432 | R6: 174 | S6: Pagada | T6: 45422 | U6: =B6+K6 -> 1595.16 | V6: =C6+L6 -> 472.2 | W6: =D6+M6 -> 172.4 | X6: =E6+N6 -> 431 | Y6: =H6+R6 -> 174 | AB6: =U6+V6+W6+X6+Y6 -> 2844.76
A7: Mayo | B7: 0 | C7: 0 | D7: 0 | E7: 0 | F7: No aplica | H7: 0 | I7: No aplica | K7: 1709.41 | L7: 0 | M7: 0 | N7: 0 | P7: Pagada | Q7: 45461 | R7: 209 | S7: Pagada | T7: 45453 | U7: =B7+K7 -> 1709.41 | V7: =C7+L7 -> 0 | W7: =D7+M7 -> 0 | X7: =E7+N7 -> 0 | Y7: =H7+R7 -> 209 | AA7: 25.13 | AB7: =U7+V7+W7+X7+Y7 -> 1918.41
A8: Junio | B8: 0 | C8: 0 | D8: 0 | E8: 0 | F8: No aplica | H8: 0 | I8: No aplica | K8: 1623.8 | L8: 801.31 | M8: 292.56 | N8: 731.39 | P8: Pagada | Q8: 45479 | R8: 218 | S8: Pagada | T8: 45476 | U8: =B8+K8 -> 1623.8 | V8: =C8+L8 -> 801.31 | W8: =D8+M8 -> 292.56 | X8: =E8+N8 -> 731.39 | Y8: =H8+R8 -> 218 | AB8: =U8+V8+W8+X8+Y8 -> 3667.06
A9: Julio | B9: 0 | C9: 0 | D9: 0 | E9: 0 | F9: No aplica | H9: 0 | I9: No aplica | K9: 1167.29 | L9: 0 | M9: 0 | N9: 0 | P9: Pagada | Q9: 45509 | R9: 196 | S9: Pagada | T9: 45505 | U9: =B9+K9 -> 1167.29 | V9: =C9+L9 -> 0 | W9: =D9+M9 -> 0 | X9: =E9+N9 -> 0 | Y9: =H9+R9 -> 196 | AB9: =U9+V9+W9+X9+Y9 -> 1363.29
A10: Agosto | B10: 0 | C10: 0 | D10: 0 | E10: 0 | F10: No aplica | H10: 0 | I10: No aplica | K10: 1014.8 | L10: 485.5 | M10: 194.41 | N10: 486.02 | P10: Pagada | Q10: 45541 | R10: =98+53 -> 151 | S10: Pagada | T10: 45536 | U10: =B10+K10 -> 1014.8 | V10: =C10+L10 -> 485.5 | W10: =D10+M10 -> 194.41 | X10: =E10+N10 -> 486.02 | Y10: =H10+R10 -> 151 | Z10: 0.22 | AA10: 0.99 | AB10: =U10+V10+W10+X10+Y10 -> 2331.73
A11: Septiembre | B11: 0 | C11: 0 | D11: 0 | E11: 0 | F11: No aplica | H11: 0 | I11: No aplica | K11: 1790.79 | L11: 0 | M11: 0 | N11: 0 | O11: 116.46 | P11: Pagada | Q11: 45568 | R11: 266 | S11: Pagada | T11: 45568 | U11: =B11+K11 -> 1790.79 | V11: =C11+L11 -> 0 | W11: =D11+M11 -> 0 | X11: =E11+N11 -> 0 | Y11: =H11+R11 -> 266 | AB11: =U11+V11+W11+X11+Y11 -> 2056.79
A12: Octubre | B12: 0 | C12: 0 | D12: 0 | E12: 0 | F12: No aplica | H12: 0 | I12: No aplica | K12: 3663.76 | L12: 1296.8 | M12: 565.31 | N12: 1413.26 | O12: 554.83 | P12: Pagada | Q12: 45614 | R12: 531 | S12: Pagada | T12: 45605 | U12: =B12+K12 -> 3663.76 | V12: =C12+L12 -> 1296.8 | W12: =D12+M12 -> 565.31 | X12: =E12+N12 -> 1413.26 | Y12: =H12+R12 -> 531 | AB12: =U12+V12+W12+X12+Y12 -> 7470.13
A13: Noviembre | B13: 0 | C13: 0 | D13: 0 | E13: 0 | F13: No aplica | H13: 0 | I13: No aplica | K13: 3545.54 | L13: 0 | M13: 0 | N13: 0 | O13: 229.2 | P13: Pagada | Q13: 45643 | R13: 524 | S13: Pagada | T13: 45643 | U13: =B13+K13 -> 3545.54 | V13: =C13+L13 -> 0 | W13: =D13+M13 -> 0 | X13: =E13+N13 -> 0 | Y13: =H13+R13 -> 524 | Z13: 2.2 | AA13: 9.74 | AB13: =U13+V13+W13+X13+Y13 -> 4069.54
A14: Diciembre | B14: 0 | C14: 0 | D14: 0 | E14: 0 | F14: No aplica | H14: 0 | I14: No aplica | K14: 3663.76 | L14: 1710.61 | M14: 745.69 | N14: 1864.22 | O14: 656.29 | R14: 531 | S14: Pagada | T14: 45667 | U14: =B14+K14 -> 3663.76 | V14: =C14+L14 -> 1710.61 | W14: =D14+M14 -> 745.69 | X14: =E14+N14 -> 1864.22 | Y14: =H14+R14 -> 531 | AB14: =U14+V14+W14+X14+Y14 -> 8515.28
A15: Totales | B15: =SUM(B3:B14) -> 0 | C15: =SUM(C3:C14) -> 0 | D15: =SUM(D3:D14) -> 0 | E15: =SUM(E3:E14) -> 0 | H15: =SUM(H3:H14) -> 0 | K15: =SUM(K3:K14) -> 20371.71 | L15: =SUM(L3:L14) -> 4766.42 | M15: =SUM(M3:M14) -> 1970.37 | N15: =SUM(N3:N14) -> 4925.89 | O15: =SUM(O3:O14) -> 1556.78 | R15: =SUM(R3:R14) -> 2844 | U15: =SUM(U3:U14) -> 20371.71 | V15: =SUM(V3:V14) -> 4766.42 | W15: =SUM(W3:W14) -> 1970.37 | X15: =SUM(X3:X14) -> 4925.89 | Y15: =SUM(Y3:Y14) -> 2844 | Z15: =SUM(Z3:Z14) -> 2.61 | AA15: =SUM(AA3:AA14) -> 36.67 | AB15: =SUM(AB3:AB14) -> 34878.39
A21: Listado de CFDI
A22: Archivo | B22: Version | C22: Tipo | D22: Serie | E22: Folio | F22: Clave | G22: UUID | H22: Fecha | I22: Periodo | J22: Ejercicio | K22: RFC Emisor | L22: Nombre Emisor | M22: RFC Receptor | N22: Nombre Receptor | O22: Met. Pago | P22: Forma Pago | Q22: Uso CFDI | R22: Moneda | S22: T.C. | T22: Conceptos CFDI | U22: Subt. CFDI | V22: Subt MXN | W22: Importe 16% | X22: Descuento | Y22: Base Tasa 0% | Z22: IVA | AA22: Base Exenta | AB22: Ret. ISR | AC22: Ret. IVA | AD22: imp.Local Tras | AE22: imp.Local Ret | AF22: Total
A23: 202404-I_E-IMS421231-A202403-C4247543109-17042024-939815.xml | B23: 4.0 | C23: I | D23: A | E23: 202403-C4247543109-17042024-939815 | F23: A202403-C4247543109-17042024-939815 | G23: 74ACFD76-AE9F-44AF-BA29-17CE38448C76 | H23: 2024-04-25T08:45:36 | I23: =MID(H23,6,2)&"-"&LEFT(H23,4) -> 04-2024 | J23: =LEFT(H23,4) -> 2024 | K23: IMS421231I45 | L23: INSTITUTO MEXICANO DEL SEGURO SOCIAL | M23: SCS160714Q78 | N23: SADCAL CONSULTORIA Y SOLUCIONES INTEGRALES | O23: PUE | P23: 01 | Q23: G03 | R23: MXN | S23: 1 | T23: |- Cuotas IMSS | U23: 597.4 | V23: 597.4 | W23: 0 | X23: 0 | Y23: 0 | Z23: 0 | AA23: 597.4 | AB23: 0 | AC23: 0 | AD23: 0 | AE23: 0 | AF23: 597.4
A24: 202405-I_E-IMS421231-A202404-C4247543109-20052024-112312.xml | B24: 4.0 | C24: I | D24: A | E24: 202404-C4247543109-20052024-112312 | F24: A202404-C4247543109-20052024-112312 | G24: 8FEFE143-3BE7-458B-B975-ECE15F66FDF8 | H24: 2024-05-28T11:07:53 | I24: =MID(H24,6,2)&"-"&LEFT(H24,4) -> 05-2024 | J24: =LEFT(H24,4) -> 2024 | K24: IMS421231I45 | L24: INSTITUTO MEXICANO DEL SEGURO SOCIAL | M24: SCS160714Q78 | N24: SADCAL CONSULTORIA Y SOLUCIONES INTEGRALES | O24: PUE | P24: 03 | Q24: G03 | R24: MXN | S24: 1 | T24: |- Cuotas IMSS |- Cuotas RCV | U24: 2239.76 | V24: 2239.76 | W24: 0 | X24: 0 | Y24: 0 | Z24: 0 | AA24: 2239.76 | AB24: 0 | AC24: 0 | AD24: 0 | AE24: 0 | AF24: 2239.76
A25: 202405-I_E-GEM850101-106984066101001000028725566357023276.xml | B25: 4.0 | C25: I | D25: 106984066 | E25: 101001000028725566357023276 | F25: 106984066101001000028725566357023276 | G25: 5C4CBF41-008C-4C6F-BC1C-5BD492186AD2 | H25: 2024-05-01T19:27:36 | I25: =MID(H25,6,2)&"-"&LEFT(H25,4) -> 05-2024 | J25: =LEFT(H25,4) -> 2024 | K25: GEM850101BJ3 | L25: GOBIERNO DEL ESTADO DE MEXICO | M25: SCS160714Q78 | N25: SADCAL CONSULTORIA Y SOLUCIONES INTEGRALES | O25: PUE | P25: 28 | Q25: G03 | R25: MXN | S25: 1 | T25: |- Impuesto erogaciones |- Actualización erogaciones |- Recargos erogaciones |- Finanzas publicas redondeo | U25: 45.00 | V25: 45 | W25: 0 | X25: 0 | Y25: 0 | Z25: 0 | AA25: 45 | AB25: 0 | AC25: 0 | AD25: 0 | AE25: 0 | AF25: 45
A26: 202405-I_E-GEM850101-108431491101001000028749846957137252.xml | B26: 4.0 | C26: I | D26: 108431491 | E26: 101001000028749846957137252 | F26: 108431491101001000028749846957137252 | G26: BCFACF9C-6227-43A9-849B-1E8AD8F70218 | H26: 2024-05-14T11:10:46 | I26: =MID(H26,6,2)&"-"&LEFT(H26,4) -> 05-2024 | J26: =LEFT(H26,4) -> 2024 | K26: GEM850101BJ3 | L26: GOBIERNO DEL ESTADO DE MEXICO | M26: SCS160714Q78 | N26: SADCAL CONSULTORIA Y SOLUCIONES INTEGRALES | O26: PUE | P26: 28 | Q26: G03 | R26: MXN | S26: 1 | T26: |- Impuesto erogaciones |- Finanzas publicas redondeo | U26: 175.00 | V26: 175 | W26: 0 | X26: 0 | Y26: 0 | Z26: 0 | AA26: 175 | AB26: 0 | AC26: 0 | AD26: 0 | AE26: 0 | AF26: 175
A27: 202406-I_E-GEM850101-109067870101001000028856493657445210.xml | B27: 4.0 | C27: I | D27: 109067870 | E27: 101001000028856493657445210 | F27: 109067870101001000028856493657445210 | G27: EF490600-B945-422D-8AC2-1DB3B957BBD3 | H27: 2024-06-12T13:12:21 | I27: =MID(H27,6,2)&"-"&LEFT(H27,4) -> 06-2024 | J27: =LEFT(H27,4) -> 2024 | K27: GEM850101BJ3 | L27: GOBIERNO DEL ESTADO DE MEXICO | M27: SCS160714Q78 | N27: SADCAL CONSULTORIA Y SOLUCIONES INTEGRALES | O27: PUE | P27: 28 | Q27: G03 | R27: MXN | S27: 1 | T27: |- Impuesto erogaciones | U27: 209.10 | V27: 209.1 | W27: 0 | X27: 0 | Y27: 0 | Z27: 0 | AA27: 209 | AB27: 0 | AC27: 0 | AD27: 0 | AE27: 0 | AF27: 209
A28: 202406-I_E-IMS421231-A202405-C4247543109-18062024-301338.xml | B28: 4.0 | C28: I | D28: A | E28: 202405-C4247543109-18062024-301338 | F28: A202405-C4247543109-18062024-301338 | G28: D29BFCBA-7B36-4CA6-A891-6BA7F146B5F0 | H28: 2024-06-27T01:28:35 | I28: =MID(H28,6,2)&"-"&LEFT(H28,4) -> 06-2024 | J28: =LEFT(H28,4) -> 2024 | K28: IMS421231I45 | L28: INSTITUTO MEXICANO DEL SEGURO SOCIAL | M28: SCS160714Q78 | N28: SADCAL CONSULTORIA Y SOLUCIONES INTEGRALES | O28: PUE | P28: 01 | Q28: G03 | R28: MXN | S28: 1 | T28: |- Cuotas IMSS |- Recargos de Cuotas IMSS | U28: 1734.54 | V28: 1734.54 | W28: 0 | X28: 0 | Y28: 0 | Z28: 0 | AA28: 1734.54 | AB28: 0 | AC28: 0 | AD28: 0 | AE28: 0 | AF28: 1734.54
A29: 202407-I_E-GEM850101-109419017101001000028985852757751289.xml | B29: 4.0 | C29: I | D29: 109419017 | E29: 101001000028985852757751289 | F29: 109419017101001000028985852757751289 | G29: 6CD50243-55D9-4209-8C1F-C1F952213777 | H29: 2024-07-09T17:00:18 | I29: =MID(H29,6,2)&"-"&LEFT(H29,4) -> 07-2024 | J29: =LEFT(H29,4) -> 2024 | K29: GEM850101BJ3 | L29: GOBIERNO DEL ESTADO DE MEXICO | M29: SCS160714Q78 | N29: SADCAL CONSULTORIA Y SOLUCIONES INTEGRALES | O29: PUE | P29: 28 | Q29: G03 | R29: MXN | S29: 1 | T29: |- Impuesto erogaciones |- Finanzas publicas redondeo | U29: 218.00 | V29: 218 | W29: 0 | X29: 0 | Y29: 0 | Z29: 0 | AA29: 218 | AB29: 0 | AC29: 0 | AD29: 0 | AE29: 0 | AF29: 218
A30: 202407-I_E-IMS421231-A202406-C4247543109-05072024-853719.xml | B30: 4.0 | C30: I | D30: A | E30: 202406-C4247543109-05072024-853719 | F30: A202406-C4247543109-05072024-853719 | G30: 550F14B4-6CA1-4CDA-8050-EA0549CD562B | H30: 2024-07-10T12:05:18 | I30: =MID(H30,6,2)&"-"&LEFT(H30,4) -> 07-2024 | J30: =LEFT(H30,4) -> 2024 | K30: IMS421231I45 | L30: INSTITUTO MEXICANO DEL SEGURO SOCIAL | M30: SCS160714Q78 | N30: SADCAL CONSULTORIA Y SOLUCIONES INTEGRALES | O30: PUE | P30: 03 | Q30: G03 | R30: MXN | S30: 1 | T30: |- Cuotas IMSS |- Cuotas RCV | U30: 2717.67 | V30: 2717.67 | W30: 0 | X30: 0 | Y30: 0 | Z30: 0 | AA30: 2717.67 | AB30: 0 | AC30: 0 | AD30: 0 | AE30: 0 | AF30: 2717.67
A31: 202408-I_E-GEM850101-110205363101001000029174679158082232.xml | B31: 4.0 | C31: I | D31: 110205363 | E31: 101001000029174679158082232 | F31: 110205363101001000029174679158082232 | G31: 184CB913-3C1D-4E98-B9B7-161F80D91209 | H31: 2024-08-05T18:00:33 | I31: =MID(H31,6,2)&"-"&LEFT(H31,4) -> 08-2024 | J31: =LEFT(H31,4) -> 2024 | K31: GEM850101BJ3 | L31: GOBIERNO DEL ESTADO DE MEXICO | M31: SCS160714Q78 | N31: SADCAL CONSULTORIA Y SOLUCIONES INTEGRALES | O31: PUE | P31: 28 | Q31: G03 | R31: MXN | S31: 1 | T31: |- Impuesto erogaciones |- Finanzas publicas redondeo | U31: 196.00 | V31: 196 | W31: 0 | X31: 0 | Y31: 0 | Z31: 0 | AA31: 196 | AB31: 0 | AC31: 0 | AD31: 0 | AE31: 0 | AF31: 196
A32: 202408-I_E-IMS421231-A202407-C4247543109-05082024-913230.xml | B32: 4.0 | C32: I | D32: A | E32: 202407-C4247543109-05082024-913230 | F32: A202407-C4247543109-05082024-913230 | G32: 5F264669-6415-4647-BAD4-BC0715F72DA4 | H32: 2024-08-08T14:11:04 | I32: =MID(H32,6,2)&"-"&LEFT(H32,4) -> 08-2024 | J32: =LEFT(H32,4) -> 2024 | K32: IMS421231I45 | L32: INSTITUTO MEXICANO DEL SEGURO SOCIAL | M32: SCS160714Q78 | N32: SADCAL CONSULTORIA Y SOLUCIONES INTEGRALES | O32: PUE | P32: 01 | Q32: G03 | R32: MXN | S32: 1 | T32: |- Cuotas IMSS | U32: 1167.29 | V32: 1167.29 | W32: 0 | X32: 0 | Y32: 0 | Z32: 0 | AA32: 1167.29 | AB32: 0 | AC32: 0 | AD32: 0 | AE32: 0 | AF32: 1167.29
A33: 202409-I_E-GEM850101-111205447101001000029410864158371227.xml | B33: 4.0 | C33: I | D33: 111205447 | E33: 101001000029410864158371227 | F33: 111205447101001000029410864158371227 | G33: 9327D405-84BD-44AA-BAF4-B5F839CEC774 | H33: 2024-09-03T18:29:38 | I33: 09-2024 | J33: 2024 | K33: GEM850101BJ3 | L33: GOBIERNO DEL ESTADO DE MEXICO | M33: SCS160714Q78 | N33: SADCAL CONSULTORIA Y SOLUCIONES INTEGRALES | O33: PUE | P33: 28 | Q33: G03 | R33: MXN | S33: 1 | T33: |- Impuesto erogaciones |- Finanzas publicas redondeo | U33: 98.00 | V33: 98 | W33: 0 | X33: 0 | Y33: 0 | Z33: 0 | AA33: 98 | AB33: 0 | AC33: 0 | AD33: 0 | AE33: 0 | AF33: 98
A34: 202409-I_E-GEM850101-112140506101001000029517719858579230.xml | B34: 4.0 | C34: I | D34: 112140506 | E34: 101001000029517719858579230 | F34: 112140506101001000029517719858579230 | G34: E7D9DB25-43E1-4408-976C-4786F01B63F4 | H34: 2024-09-26T17:30:18 | I34: 09-2024 | J34: 2024 | K34: GEM850101BJ3 | L34: GOBIERNO DEL ESTADO DE MEXICO | M34: SCS160714Q78 | N34: SADCAL CONSULTORIA Y SOLUCIONES INTEGRALES | O34: PUE | P34: 03 | Q34: G03 | R34: MXN | S34: 1 | T34: |- Impuesto erogaciones |- Actualización erogaciones |- Recargos erogaciones | U34: 152.17 | V34: 152.17 | W34: 0 | X34: 0 | Y34: 0 | Z34: 0 | AA34: 54 | AB34: 0 | AC34: 0 | AD34: 0 | AE34: 0 | AF34: 54
A35: 202409-I_E-IMS421231-A202403-C4247543109-17042024-939815.xml | B35: 4.0 | C35: I | D35: A | E35: 202403-C4247543109-17042024-939815 | F35: A202403-C4247543109-17042024-939815 | G35: 3E88EDD2-6A82-4A6E-8D42-9987AB090219 | H35: 2024-09-06T00:02:02 | I35: 09-2024 | J35: 2024 | K35: IMS421231I45 | L35: INSTITUTO MEXICANO DEL SEGURO SOCIAL | M35: SCS160714Q78 | N35: SADCAL CONSULTORIA Y SOLUCIONES INTEGRALES | O35: PUE | P35: 03 | Q35: G03 | R35: MXN | S35: 1 | T35: |- Cuotas IMSS | U35: 597.4 | V35: 597.4 | W35: 0 | X35: 0 | Y35: 0 | Z35: 0 | AA35: 597.4 | AB35: 0 | AC35: 0 | AD35: 0 | AE35: 0 | AF35: 597.4
A36: 202409-I_E-IMS421231-A202405-C4247543109-18062024-301338.xml | B36: 4.0 | C36: I | D36: A | E36: 202405-C4247543109-18062024-301338 | F36: A202405-C4247543109-18062024-301338 | G36: EC4F4278-DD26-4D01-A88B-53F03D4587EC | H36: 2024-09-06T00:02:13 | I36: 09-2024 | J36: 2024 | K36: IMS421231I45 | L36: INSTITUTO MEXICANO DEL SEGURO SOCIAL | M36: SCS160714Q78 | N36: SADCAL CONSULTORIA Y SOLUCIONES INTEGRALES | O36: PUE | P36: 03 | Q36: G03 | R36: MXN | S36: 1 | T36: |- Cuotas IMSS |- Recargos de Cuotas IMSS | U36: 1734.54 | V36: 1734.54 | W36: 0 | X36: 0 | Y36: 0 | Z36: 0 | AA36: 1734.54 | AB36: 0 | AC36: 0 | AD36: 0 | AE36: 0 | AF36: 1734.54
A37: 202409-I_E-IMS421231-A202407-C4247543109-05082024-913230.xml | B37: 4.0 | C37: I | D37: A | E37: 202407-C4247543109-05082024-913230 | F37: A202407-C4247543109-05082024-913230 | G37: C92A4C47-4D57-4654-98FF-1047814EB082 | H37: 2024-09-06T00:02:16 | I37: 09-2024 | J37: 2024 | K37: IMS421231I45 | L37: INSTITUTO MEXICANO DEL SEGURO SOCIAL | M37: SCS160714Q78 | N37: SADCAL CONSULTORIA Y SOLUCIONES INTEGRALES | O37: PUE | P37: 03 | Q37: G03 | R37: MXN | S37: 1 | T37: |- Cuotas IMSS | U37: 1167.29 | V37: 1167.29 | W37: 0 | X37: 0 | Y37: 0 | Z37: 0 | AA37: 1167.29 | AB37: 0 | AC37: 0 | AD37: 0 | AE37: 0 | AF37: 1167.29
A38: 202409-I_E-IMS421231-A202408-C4247543109-06092024-289380.xml | B38: 4.0 | C38: I | D38: A | E38: 202408-C4247543109-06092024-289380 | F38: A202408-C4247543109-06092024-289380 | G38: 7F229E2C-7DBB-432C-91D1-BB080C3EC1C1 | H38: 2024-09-24T20:02:18 | I38: 09-2024 | J38: 2024 | K38: IMS421231I45 | L38: INSTITUTO MEXICANO DEL SEGURO SOCIAL | M38: SCS160714Q78 | N38: SADCAL CONSULTORIA Y SOLUCIONES INTEGRALES | O38: PUE | P38: 03 | Q38: G03 | R38: MXN | S38: 1 | T38: |- Cuotas IMSS |- Cuotas RCV | U38: 1820.11 | V38: 1820.11 | W38: 0 | X38: 0 | Y38: 0 | Z38: 0 | AA38: 1820.11 | AB38: 0 | AC38: 0 | AD38: 0 | AE38: 0 | AF38: 1820.11
A39: 202410-I_E-GEM850101-112329059101001000029548935958684280.xml | B39: 4.0 | C39: I | D39: 112329059 | E39: 101001000029548935958684280 | F39: 112329059101001000029548935958684280 | G39: FC1F587C-C2EE-4A22-83A5-A625EAA17E5E | H39: 2024-10-04T17:18:51 | I39: =MID(H39,6,2)&"-"&LEFT(H39,4) -> 10-2024 | J39: =LEFT(H39,4) -> 2024 | K39: GEM850101BJ3 | L39: GOBIERNO DEL ESTADO DE MEXICO | M39: SCS160714Q78 | N39: SADCAL CONSULTORIA Y SOLUCIONES INTEGRALES | O39: PUE | P39: 03 | Q39: G03 | R39: MXN | S39: 1 | T39: |- Impuesto erogaciones | U39: 266.37 | V39: 266.37 | W39: 0 | X39: 0 | Y39: 0 | Z39: 0 | AA39: 266 | AB39: 0 | AC39: 0 | AD39: 0 | AE39: 0 | AF39: 266
A40: 202410-I_E-IMS421231-A202409-C4247543109-03102024-395270.xml | B40: 4.0 | C40: I | D40: A | E40: 202409-C4247543109-03102024-395270 | F40: A202409-C4247543109-03102024-395270 | G40: DAB3ECA2-1771-48E7-91E3-27723268962E | H40: 2024-10-10T11:42:57 | I40: =MID(H40,6,2)&"-"&LEFT(H40,4) -> 10-2024 | J40: =LEFT(H40,4) -> 2024 | K40: IMS421231I45 | L40: INSTITUTO MEXICANO DEL SEGURO SOCIAL | M40: SCS160714Q78 | N40: SADCAL CONSULTORIA Y SOLUCIONES INTEGRALES | O40: PUE | P40: 01 | Q40: G03 | R40: MXN | S40: 1 | T40: |- Cuotas IMSS | U40: 1907.25 | V40: 1907.25 | W40: 0 | X40: 0 | Y40: 0 | Z40: 0 | AA40: 1907.25 | AB40: 0 | AC40: 0 | AD40: 0 | AE40: 0 | AF40: 1907.25
A41: 202411-I_E-IMS421231-A202410-C4247543109-15112024-341186.xml | B41: 4.0 | C41: I | D41: A | E41: 202410-C4247543109-15112024-341186 | F41: A202410-C4247543109-15112024-341186 | G41: DE926DDC-FB2C-4CE7-86E5-55620CB29729 | H41: 2024-11-26T01:09:50 | I41: =MID(H41,6,2)&"-"&LEFT(H41,4) -> 11-2024 | J41: =LEFT(H41,4) -> 2024 | K41: IMS421231I45 | L41: INSTITUTO MEXICANO DEL SEGURO SOCIAL | M41: SCS160714Q78 | N41: SADCAL CONSULTORIA Y SOLUCIONES INTEGRALES | O41: PUE | P41: 03 | Q41: G03 | R41: MXN | S41: 1 | T41: |- Cuotas IMSS |- Cuotas RCV | U41: 6080.7 | V41: 6080.7 | W41: 0 | X41: 0 | Y41: 0 | Z41: 0 | AA41: 6080.7 | AB41: 0 | AC41: 0 | AD41: 0 | AE41: 0 | AF41: 6080.7
A42: 202411-I_E-GEM850101-113213397101001000029734709959007228.xml | B42: 4.0 | C42: I | D42: 113213397 | E42: 101001000029734709959007228 | F42: 113213397101001000029734709959007228 | G42: F7DD1521-5BE1-4294-84A1-AD5894A94272 | H42: 2024-11-14T19:49:46 | I42: =MID(H42,6,2)&"-"&LEFT(H42,4) -> 11-2024 | J42: =LEFT(H42,4) -> 2024 | K42: GEM850101BJ3 | L42: GOBIERNO DEL ESTADO DE MEXICO | M42: SCS160714Q78 | N42: SADCAL CONSULTORIA Y SOLUCIONES INTEGRALES | O42: PUE | P42: 03 | Q42: G03 | R42: MXN | S42: 1 | T42: |- Impuesto erogaciones | U42: 531.36 | V42: 531.36 | W42: 0 | X42: 0 | Y42: 0 | Z42: 0 | AA42: 531 | AB42: 0 | AC42: 0 | AD42: 0 | AE42: 0 | AF42: 531
A43: 202412-I_E-GEM850101-114218692101001000029874089759512212.xml | B43: 4.0 | C43: I | D43: 114218692 | E43: 101001000029874089759512212 | F43: 114218692101001000029874089759512212 | G43: EFCBD262-2F7B-4372-8B79-92A4E6B023B5 | H43: 2024-12-18T18:35:29 | I43: =MID(H43,6,2)&"-"&LEFT(H43,4) -> 12-2024 | J43: =LEFT(H43,4) -> 2024 | K43: GEM850101BJ3 | L43: GOBIERNO DEL ESTADO DE MEXICO | M43: SCS160714Q78 | N43: SADCAL CONSULTORIA Y SOLUCIONES INTEGRALES | O43: PUE | P43: 03 | Q43: G03 | R43: MXN | S43: 1 | T43: |- Impuesto erogaciones |- Actualización erogaciones |- Recargos erogaciones | U43: 536.19 | V43: 536.19 | W43: 0 | X43: 0 | Y43: 0 | Z43: 0 | AA43: 536 | AB43: 0 | AC43: 0 | AD43: 0 | AE43: 0 | AF43: 536
A44: 202412-I_E-IMS421231-A202411-C4247543109-17122024-388154.xml | B44: 4.0 | C44: I | D44: A | E44: 202411-C4247543109-17122024-388154 | F44: A202411-C4247543109-17122024-388154 | G44: 6B6325C6-F346-4DF1-B340-6F3A328BE5E2 | H44: 2024-12-27T02:47:10 | I44: =MID(H44,6,2)&"-"&LEFT(H44,4) -> 12-2024 | J44: =LEFT(H44,4) -> 2024 | K44: IMS421231I45 | L44: INSTITUTO MEXICANO DEL SEGURO SOCIAL | M44: SCS160714Q78 | N44: SADCAL CONSULTORIA Y SOLUCIONES INTEGRALES | O44: PUE | P44: 03 | Q44: G03 | R44: MXN | S44: 1 | T44: |- Cuotas IMSS | U44: 3774.74 | V44: 3774.74 | W44: 0 | X44: 0 | Y44: 0 | Z44: 0 | AA44: 3774.74 | AB44: 0 | AC44: 0 | AD44: 0 | AE44: 0 | AF44: 3774.74

Sheet Retenciones
A1: Periodo | B1: Retenciones de ISR (Portal anterior) | H1: Ret. ISR (Nuevo portal) | L1: Retenciones de IVA (Nuevo portal) | Q1: Estado de la declaración | R1: Fecha | S1: Actualizaciones No deducibles | T1: Recargos deducibles | U1: Gran total | V1: Fecha de actualización
B2: Honorarios | C2: RESICO | D2: Arrendamiento | E2: Dividendos | F2: Estado declaración | G2: Fecha | H2: Sueldos | I2: Asimilados | J2: Estado declaración | K2: Fecha | L2: Honorarios | M2: Arrendamiento | N2: Autotransporte | O2: Comisionistas | P2: Total Ret IVA
A3: Enero | F3: No aplica | G3: - | J3: No aplica | K3: - | P3: =L3+M3+N3+O3 -> 0 | Q3: No aplica | R3: - | U3: =B3+C3+D3+E3+H3+I3+P3 -> 0 | V3: 45501
A4: Febrero | F4: No aplica | G4: - | H4: 0 | I4: 0 | J4: Presentada en ceros | K4: 45372 | P4: =L4+M4+N4+O4 -> 0 | Q4: No aplica | R4: - | U4: =B4+C4+D4+E4+H4+I4+P4 -> 0 | V4: 45372
A5: Marzo | F5: No aplica | G5: - | H5: 0 | I5: 0 | J5: Presentada en ceros | K5: 45501 | P5: =L5+M5+N5+O5 -> 0 | Q5: No aplica | R5: - | U5: =B5+C5+D5+E5+H5+I5+P5 -> 0 | V5: 45501
A6: Abril | B6: 0 | C6: 9 | F6: Pagada | G6: 45499 | H6: 0 | I6: 0 | J6: Presentada en ceros | K6: 45513 | L6: 3 | P6: =L6+M6+N6+O6 -> 3 | Q6: Pagada | R6: 45513 | S6: =0 -> 0 | T6: =0 -> 0 | U6: =B6+C6+D6+E6+H6+I6+P6 -> 12 | V6: 45513
A7: Mayo | B7: 0 | C7: 4 | F7: Pagada | G7: 45499 | H7: 0 | I7: 0 | J7: Presentada en ceros | K7: 45515 | P7: =L7+M7+N7+O7 -> 0 | Q7: Presentada sin operación | R7: 45515 | S7: =0 -> 0 | T7: =0 -> 0 | U7: =B7+C7+D7+E7+H7+I7+P7 -> 4 | V7: 45515
A8: Junio | B8: 0 | C8: 16 | F8: Pagada | G8: 45499 | H8: 0 | I8: 0 | J8: Presentada en ceros | K8: 45517 | P8: =L8+M8+N8+O8 -> 0 | Q8: Presentada sin operación | R8: 45517 | S8: =0 -> 0 | T8: =0 -> 0 | U8: =B8+C8+D8+E8+H8+I8+P8 -> 16 | V8: 45517
A9: Julio | B9: 0 | C9: 6 | F9: Pagada | G9: 45511 | H9: 3 | I9: 0 | J9: Pagada | K9: 45524 | P9: =L9+M9+N9+O9 -> 0 | Q9: Presentada sin operación | R9: 45519 | S9: 0 | T9: 0 | U9: =B9+C9+D9+E9+H9+I9+P9 -> 9 | V9: 45524
A10: Agosto | B10: 0 | C10: 23 | F10: Pagada | G10: 45541 | H10: 0 | I10: 0 | J10: Pagada | K10: 45541 | P10: =L10+M10+N10+O10 -> 0 | Q10: Presentada sin operación | R10: 45541 | S10: 0 | T10: 0 | U10: =B10+C10+D10+E10+H10+I10+P10 -> 23 | V10: 45541
A11: Septiembre | B11: 450 | C11: 2 | F11: Pagada | G11: 45571 | H11: 259 | I11: 0 | J11: Pagada | K11: 45621 | L11: 480 | P11: =L11+M11+N11+O11 -> 480 | Q11: Pagada | R11: 45621 | S11: =0 -> 0 | T11: =8+14 -> 22 | U11: =B11+C11+D11+E11+H11+I11+P11 -> 1191 | V11: 45621
A12: Octubre | B12: 450 | C12: 10 | F12: Pagada | G12: 45605 | H12: 513 | I12: 0 | L12: 480 | P12: =L12+M12+N12+O12 -> 480 | U12: =B12+C12+D12+E12+H12+I12+P12 -> 1453
A13: Noviembre | B13: 450 | C13: 0 | F13: Pagada | G13: 45667 | H13: 487 | I13: 0 | L13: 480 | P13: =L13+M13+N13+O13 -> 480 | U13: =B13+C13+D13+E13+H13+I13+P13 -> 1417
A14: Diciembre | B14: 750 | C14: 0 | F14: Pagada | G14: 45676 | H14: 513 | I14: 0 | J14: Pagada | K14: 45676 | L14: 800 | P14: =L14+M14+N14+O14 -> 800 | Q14: Pagada | R14: 45676 | S14: 0 | T14: 0 | U14: =B14+C14+D14+E14+H14+I14+P14 -> 2063
A15: Totales | B15: =SUM(B3:B14) -> 2100 | C15: =SUM(C3:C14) -> 70 | D15: =SUM(D3:D14) -> 0 | E15: =SUM(E3:E14) -> 0 | H15: =SUM(H3:H14) -> 1775 | I15: =SUM(I3:I14) -> 0 | L15: =SUM(L3:L14) -> 2243 | M15: =SUM(M3:M14) -> 0 | N15: =SUM(N3:N14) -> 0 | O15: =SUM(O3:O14) -> 0 | P15: =SUM(P3:P14) -> 2243 | S15: =SUM(S3:S14) -> 0 | T15: =SUM(T3:T14) -> 22 | U15: =SUM(U3:U14) -> 6188
D19: ACTUALIZACIÓN DE IMPORTES
D21: Importe | E21: 480
D23: INPC Pago | E23: 138.343
D24: INPC Debió pagar | E24: 137.424
D26: Factor actualización | E26: =TRUNC(E23/E24,4) -> 1.0066
D28: Monto actualizado | E28: =ROUND(E21*E26,0) -> 483
D29: Parte actualizada | E29: =E28-E21 -> 3
D31: Meses de retrazo | E31: 4
D33: Tasa de recargos | E33: =1.47%*E31 -> 0.0588
D35: Importe recargos | E35: =ROUND(E28*E33,0) -> 28
D37: Total a pagar | E37: =E21+E29+E35 -> 511

Sheet Emitidos
A1: GENERALES DEL COMPROBANTE | U1: OPERACIÓN COMERCIAL
A2: Archivo | B2: Version | C2: Tipo | D2: Serie | E2: Folio | F2: Clave | G2: UUID | H2: Fecha | I2: Periodo | J2: Ejercicio | K2: RFC Emisor | L2: Nombre Emisor | M2: RFC Receptor | N2: Nombre Receptor | O2: Met. Pago | P2: Forma Pago | Q2: Uso CFDI | R2: Moneda | S2: T.C. | T2: Conceptos CFDI | U2: Subt. CFDI | V2: Subt MXN | W2: Importe 16% | X2: Descuento | Y2: 0% y Exento | Z2: IVA | AA2: IEPS | AB2: Ret. ISR | AC2: Ret. IVA | AD2: imp.Local Tras | AE2: imp.Local Ret | AF2: Total
A3: 202401-I_E-SCS160714-S299.xml | B3: 4.0 | C3: I | D3: S | E3: 299 | F3: S299 | G3: 170DDB9D-54E2-4882-8784-5201522A5A25 | H3: 2024-01-01T21:58:39 | I3: =MID(H3,6,2)&"-"&LEFT(H3,4) -> 01-2024 | J3: =LEFT(H3,4) -> 2024 | K3: SCS160714Q78 | L3: SADCAL CONSULTORIA Y SOLUCIONES INTEGRALES | M3: AME860107KD9 | N3: SICONT MEX | O3: PUE | P3: 03 | Q3: G03 | R3: MXN | S3: 1 | T3: |- COMISIONES | U3: 4639.84 | V3: 4639.84 | W3: 4639.84 | X3: 0 | Y3: 0 | Z3: 742.37 | AA3: 0 | AB3: 0 | AC3: 0 | AD3: 0 | AE3: 0 | AF3: 5382.21
A4: 202401-I_E-SCS160714-S300.xml | B4: 4.0 | C4: I | D4: S | E4: 300 | F4: S300 | G4: C81B4313-B740-422A-AC1D-611634A1EFBF | H4: 2024-01-05T11:01:38 | I4: =MID(H4,6,2)&"-"&LEFT(H4,4) -> 01-2024 | J4: =LEFT(H4,4) -> 2024 | K4: SCS160714Q78 | L4: SADCAL CONSULTORIA Y SOLUCIONES INTEGRALES | M4: NUT970916NH6 | N4: NUTRIDELMAR | O4: PUE | P4: 03 | Q4: G03 | R4: MXN | S4: 1 | T4: |- Servicios de contabilidad y declaraciones fiscales, nómina y expedientes de recursos humanos para el corporativo Nutridelmar correspondientes al mes de Diciembre de 2023. Incluye los RFC QUOA5308042F9, QUPA890206JW7 y NUT970916NH6. | U4: 5700.56 | V4: 5700.56 | W4: 5700.56 | X4: 0 | Y4: 0 | Z4: 912.09 | AA4: 0 | AB4: 0 | AC4: 0 | AD4: 0 | AE4: 0 | AF4: 6612.65
A5: 202401-I_E-SCS160714-S301.xml | B5: 4.0 | C5: I | D5: S | E5: 301 | F5: S301 | G5: 55962024-A759-4147-93A1-6D7AC5D86E94 | H5: 2024-01-10T19:13:21 | I5: =MID(H5,6,2)&"-"&LEFT(H5,4) -> 01-2024 | J5: =LEFT(H5,4) -> 2024 | K5: SCS160714Q78 | L5: SADCAL CONSULTORIA Y SOLUCIONES INTEGRALES | M5: ABL141009RT6 | N5: ABBA BIBLES LUXURY | O5: PPD | P5: 99 | Q5: G03 | R5: MXN | S5: 1 | T5: |- Paquete de 400 timbres Aspel, clave DXXX50XXX14XXX. | U5: 659.00 | V5: 659 | W5: 659 | X5: 0 | Y5: 0 | Z5: 105.44 | AA5: 0 | AB5: 0 | AC5: 0 | AD5: 0 | AE5: 0 | AF5: 764.44
A6: 202401-I_E-SCS160714-S302.xml | B6: 4.0 | C6: I | D6: S | E6: 302 | F6: S302 | G6: 92C13989-766F-4ED9-B676-5BA661420196 | H6: 2024-01-12T14:59:39 | I6: =MID(H6,6,2)&"-"&LEFT(H6,4) -> 01-2024 | J6: =LEFT(H6,4) -> 2024 | K6: SCS160714Q78 | L6: SADCAL CONSULTORIA Y SOLUCIONES INTEGRALES | M6: STH9602233F9 | N6: SINDICATO DE TRABAJADORES DE HSBC | O6: PPD | P6: 99 | Q6: G03 | R6: MXN | S6: 1 | T6: |- Paquete de 400 timbres Aspel. Clave DXXX502588XXX. | U6: 626.05 | V6: 626.05 | W6: 626.05 | X6: 0 | Y6: 0 | Z6: 100.17 | AA6: 0 | AB6: 0 | AC6: 0 | AD6: 0 | AE6: 0 | AF6: 726.22
A7: 202401-I_E-SCS160714-S303.xml | B7: 4.0 | C7: I | D7: S | E7: 303 | F7: S303 | G7: 6F3DD842-8447-4FAB-B6C6-440FC918416A | H7: 2024-01-12T16:28:18 | I7: =MID(H7,6,2)&"-"&LEFT(H7,4) -> 01-2024 | J7: =LEFT(H7,4) -> 2024 | K7: SCS160714Q78 | L7: SADCAL CONSULTORIA Y SOLUCIONES INTEGRALES | M7: STH9602233F9 | N7: SINDICATO DE TRABAJADORES DE HSBC | O7: PUE | P7: 01 | Q7: G03 | R7: MXN | S7: 1 | T7: |- Anticipo de productos y servicios | U7: 32.95 | V7: 32.95 | W7: 32.95 | X7: 0 | Y7: 0 | Z7: 5.27 | AA7: 0 | AB7: 0 | AC7: 0 | AD7: 0 | AE7: 0 | AF7: 38.22
A8: 202401-I_E-SCS160714-S304.xml | B8: 4.0 | C8: I | D8: S | E8: 304 | F8: S304 | G8: D1FA797B-FF7B-4022-9FC6-591A114B6040 | H8: 2024-01-22T12:45:53 | I8: =MID(H8,6,2)&"-"&LEFT(H8,4) -> 01-2024 | J8: =LEFT(H8,4) -> 2024 | K8: SCS160714Q78 | L8: SADCAL CONSULTORIA Y SOLUCIONES INTEGRALES | M8: AME860107KD9 | N8: SICONT MEX | O8: PUE | P8: 03 | Q8: G03 | R8: MXN | S8: 1 | T8: |- COMISIONES | U8: 3599.44 | V8: 3599.44 | W8: 3599.44 | X8: 0 | Y8: 0 | Z8: 575.91 | AA8: 0 | AB8: 0 | AC8: 0 | AD8: 0 | AE8: 0 | AF8: 4175.35
A9: 202401-I_E-SCS160714-S305.xml | B9: 4.0 | C9: I | D9: S | E9: 305 | F9: S305 | G9: E325F361-5C3E-4D11-9B19-E5912423BF0B | H9: 2024-01-24T00:25:43 | I9: =MID(H9,6,2)&"-"&LEFT(H9,4) -> 01-2024 | J9: =LEFT(H9,4) -> 2024 | K9: SCS160714Q78 | L9: SADCAL CONSULTORIA Y SOLUCIONES INTEGRALES | M9: BGX1306145Z3 | N9: BAHNSEN G | O9: PPD | P9: 99 | Q9: G03 | R9: MXN | S9: 1 | T9: |- Servicios de consultoría correspondiente al mes de Enero de 2024. | U9: 10000.00 | V9: 10000 | W9: 10000 | X9: 0 | Y9: 0 | Z9: 1600 | AA9: 0 | AB9: 0 | AC9: 0 | AD9: 0 | AE9: 0 | AF9: 11600
A10: 202401-I_E-SCS160714-S306.xml | B10: 4.0 | C10: I | D10: S | E10: 306 | F10: S306 | G10: 9D15848A-5B3B-4A9C-8D7C-CE2A1F85C939 | H10: 2024-01-24T00:27:05 | I10: =MID(H10,6,2)&"-"&LEFT(H10,4) -> 01-2024 | J10: =LEFT(H10,4) -> 2024 | K10: SCS160714Q78 | L10: SADCAL CONSULTORIA Y SOLUCIONES INTEGRALES | M10: BGX1306145Z3 | N10: BAHNSEN G | O10: PPD | P10: 99 | Q10: G03 | R10: MXN | S10: 1 | T10: |- Servicios de consultoría correspondiente al mes de Enero de 2024 ABL. | U10: 5000.00 | V10: 5000 | W10: 5000 | X10: 0 | Y10: 0 | Z10: 800 | AA10: 0 | AB10: 0 | AC10: 0 | AD10: 0 | AE10: 0 | AF10: 5800
A11: 202401-I_E-SCS160714-S307.xml | B11: 4.0 | C11: I | D11: S | E11: 307 | F11: S307 | G11: F5FDA007-987F-4BFC-B96E-4FEF38A99225 | H11: 2024-01-29T22:21:50 | I11: =MID(H11,6,2)&"-"&LEFT(H11,4) -> 01-2024 | J11: =LEFT(H11,4) -> 2024 | K11: SCS160714Q78 | L11: SADCAL CONSULTORIA Y SOLUCIONES INTEGRALES | M11: MUSJ720609RV8 | N11: JORGE OMAR MUSI SABBAGH | O11: PUE | P11: 03 | Q11: G03 | R11: MXN | S11: 1 | T11: |- Servicios de Contabilidad y fiscal diversos periodos. | U11: 4310.34 | V11: 4310.34 | W11: 4310.34 | X11: 0 | Y11: 0 | Z11: 689.66 | AA11: 0 | AB11: 0 | AC11: 0 | AD11: 0 | AE11: 0 | AF11: 5000
A12: 202401-I_E-SCS160714-S308.xml | B12: 4.0 | C12: I | D12: S | E12: 308 | F12: S308 | G12: B3D8013B-C560-40A0-8F38-E8575A77F3DD | H12: 2024-01-30T16:15:23 | I12: =MID(H12,6,2)&"-"&LEFT(H12,4) -> 01-2024 | J12: =LEFT(H12,4) -> 2024 | K12: SCS160714Q78 | L12: SADCAL CONSULTORIA Y SOLUCIONES INTEGRALES | M12: SOM210413987 | N12: SOMITEC | O12: PUE | P12: 03 | Q12: G03 | R12: MXN | S12: 1 | T12: |- Licencia de actualización para Aspel-COI versión 10.0 incluye 3 usuarios. | U12: 9535.15 | V12: 9535.15 | W12: 9535.15 | X12: 0 | Y12: 0 | Z12: 1525.62 | AA12: 0 | AB12: 0 | AC12: 0 | AD12: 0 | AE12: 0 | AF12: 11060.77
A13: 202401-I_E-SCS160714-S309.xml | B13: 4.0 | C13: I | D13: S | E13: 309 | F13: S309 | G13: 61A0B0CA-6DC5-47FF-9BBA-B1DF7CF49B1B | H13: 2024-01-30T21:00:36 | I13: =MID(H13,6,2)&"-"&LEFT(H13,4) -> 01-2024 | J13: =LEFT(H13,4) -> 2024 | K13: SCS160714Q78 | L13: SADCAL CONSULTORIA Y SOLUCIONES INTEGRALES | M13: CAGC7705213L6 | N13: CHESTER CASTILLO GODINEZ | O13: PUE | P13: 03 | Q13: G03 | R13: MXN | S13: 1 | T13: |- Paquete de 10,000 timbres aspel | U13: 5864.00 | V13: 5864 | W13: 5864 | X13: 0 | Y13: 0 | Z13: 938.24 | AA13: 0 | AB13: 0 | AC13: 0 | AD13: 0 | AE13: 0 | AF13: 6802.24
A14: 202401-I_E-SCS160714-S310.xml | B14: 4.0 | C14: I | D14: S | E14: 310 | F14: S310 | G14: 4525214E-EC46-4748-8799-6BA4A25ECA3D | H14: 2024-01-31T13:52:18 | I14: =MID(H14,6,2)&"-"&LEFT(H14,4) -> 01-2024 | J14: =LEFT(H14,4) -> 2024 | K14: SCS160714Q78 | L14: SADCAL CONSULTORIA Y SOLUCIONES INTEGRALES | M14: SOM210413987 | N14: SOMITEC | O14: PUE | P14: 03 | Q14: G03 | R14: MXN | S14: 1 | T14: |- Instalación del sistema Aspel-COI v10.0 en equpipo servidor, incluye traducción de 4 empresas. |- Instalación de sistema Aspel-COI en equipo para acceso como terminal de trabajo. | U14: 2000.00 | V14: 2000 | W14: 2000 | X14: 0 | Y14: 0 | Z14: 320 | AA14: 0 | AB14: 0 | AC14: 0 | AD14: 0 | AE14: 0 | AF14: 2320
A15: 202401-P_E-SCS160714-SPAG54.xml | B15: 4.0 | C15: P | D15: SPAG | E15: 54 | F15: SPAG54 | G15: 8C0BE848-B71D-475E-BC1E-BDFEB7335981 | H15: 2024-01-12T14:31:02 | I15: =MID(H15,6,2)&"-"&LEFT(H15,4) -> 01-2024 | J15: =LEFT(H15,4) -> 2024 | K15: SCS160714Q78 | L15: SADCAL CONSULTORIA Y SOLUCIONES INTEGRALES | M15: ABL141009RT6 | N15: ABBA BIBLES LUXURY | Q15: CP01 | R15: XXX | S15: 0 | T15: |- Pago | U15: 0 | V15: 0 | W15: 0 | X15: 0 | Y15: 0 | Z15: 0 | AA15: 0 | AB15: 0 | AC15: 0 | AD15: 0 | AE15: 0 | AF15: 0
A16: 202401-P_E-SCS160714-SPAG55.xml | B16: 4.0 | C16: P | D16: SPAG | E16: 55 | F16: SPAG55 | G16: 90A143DD-9068-4329-969A-B7097E6A35D8 | H16: 2024-01-12T16:25:20 | I16: =MID(H16,6,2)&"-"&LEFT(H16,4) -> 01-2024 | J16: =LEFT(H16,4) -> 2024 | K16: SCS160714Q78 | L16: SADCAL CONSULTORIA Y SOLUCIONES INTEGRALES | M16: STH9602233F9 | N16: SINDICATO DE TRABAJADORES DE HSBC | Q16: CP01 | R16: XXX | S16: 0 | T16: |- Pago | U16: 0 | V16: 0 | W16: 0 | X16: 0 | Y16: 0 | Z16: 0 | AA16: 0 | AB16: 0 | AC16: 0 | AD16: 0 | AE16: 0 | AF16: 0
A17: 202401-P_E-SCS160714-SPAG56.xml | B17: 4.0 | C17: P | D17: SPAG | E17: 56 | F17: SPAG56 | G17: 49266BBF-AF47-4D05-BE70-F313E527B8F3 | H17: 2024-01-30T13:25:10 | I17: =MID(H17,6,2)&"-"&LEFT(H17,4) -> 01-2024 | J17: =LEFT(H17,4) -> 2024 | K17: SCS160714Q78 | L17: SADCAL CONSULTORIA Y SOLUCIONES INTEGRALES | M17: BGX1306145Z3 | N17: BAHNSEN G | Q17: CP01 | R17: XXX | S17: 0 | T17: |- Pago | U17: 0 | V17: 0 | W17: 0 | X17: 0 | Y17: 0 | Z17: 0 | AA17: 0 | AB17: 0 | AC17: 0 | AD17: 0 | AE17: 0 | AF17: 0
A18: 202401-P_E-SCS160714-SPAG57.xml | B18: 4.0 | C18: P | D18: SPAG | E18: 57 | F18: SPAG57 | G18: A5F0A570-CDD4-40DE-80A1-33BC15FD219F | H18: 2024-01-30T13:25:34 | I18: =MID(H18,6,2)&"-"&LEFT(H18,4) -> 01-2024 | J18: =LEFT(H18,4) -> 2024 | K18: SCS160714Q78 | L18: SADCAL CONSULTORIA Y SOLUCIONES INTEGRALES | M18: BGX1306145Z3 | N18: BAHNSEN G | Q18: CP01 | R18: XXX | S18: 0 | T18: |- Pago | U18: 0 | V18: 0 | W18: 0 | X18: 0 | Y18: 0 | Z18: 0 | AA18: 0 | AB18: 0 | AC18: 0 | AD18: 0 | AE18: 0 | AF18: 0
I19: Total 01-2024 | V19: =SUBTOTAL(9,V3:V18) -> 51967.33 | W19: =SUBTOTAL(9,W3:W18) -> 51967.33 | X19: =SUBTOTAL(9,X3:X18) -> 0 | Y19: =SUBTOTAL(9,Y3:Y18) -> 0 | Z19: =SUBTOTAL(9,Z3:Z18) -> 8314.77 | AA19: =SUBTOTAL(9,AA3:AA18) -> 0 | AB19: =SUBTOTAL(9,AB3:AB18) -> 0 | AC19: =SUBTOTAL(9,AC3:AC18) -> 0 | ... AF19: =SUBTOTAL(9,AF3:AF18) -> 60282.1
A20: 202402-I_E-SCS160714-S311.xml | B20: 4.0 | C20: I | D20: S | E20: 311 | F20: S311 | G20: 1087779D-9BEB-4EC9-9C6E-2FA527AE91C2 | H20: 2024-02-03T15:49:35 | I20: =MID(H20,6,2)&"-"&LEFT(H20,4) -> 02-2024 | J20: =LEFT(H20,4) -> 2024 | K20: SCS160714Q78 | L20: SADCAL CONSULTORIA Y SOLUCIONES INTEGRALES | M20: MAPV740707116 | N20: VERONICA MARTINEZ PEREZ | O20: PUE | P20: 03 | Q20: G03 | R20: MXN | S20: 1 | T20: |- Asesoria en aplicaciones pintura epoxica | U20: 6000.00 | V20: 6000 | W20: 6000 | X20: 0 | Y20: 0 | Z20: 960 | AA20: 0 | AB20: 0 | AC20: 0 | AD20: 0 | AE20: 0 | AF20: 6960
A21: 202402-I_E-SCS160714-S312.xml | B21: 4.0 | C21: I | D21: S | E21: 312 | F21: S312 | G21: 00108798-A4E2-4A7D-8BB2-BF6D51900FCA | H21: 2024-02-06T14:24:16 | I21: =MID(H21,6,2)&"-"&LEFT(H21,4) -> 02-2024 | J21: =LEFT(H21,4) -> 2024 | K21: SCS160714Q78 | L21: SADCAL CONSULTORIA Y SOLUCIONES INTEGRALES | M21: TIC090227S90 | N21: TOBSA INGENIERIA CIVIL | O21: PPD | P21: 99 | Q21: G03 | R21: MXN | S21: 1 | T21: |- Cursos Aspel-SAE 9.0 nivel básico para 4 personas en modalidad virtual con duración de 16 horas distribuido en 3 fechas. | U21: 5600.00 | V21: 5600 | W21: 5600 | X21: 0 | Y21: 0 | Z21: 896 | AA21: 0 | AB21: 0 | AC21: 0 | AD21: 0 | AE21: 0 | AF21: 6496
A22: 202402-I_E-SCS160714-S313.xml | B22: 4.0 | C22: I | D22: S | E22: 313 | F22: S313 | G22: FE43346F-5901-424F-8F38-1869282DBA80 | H22: 2024-02-09T02:23:53 | I22: =MID(H22,6,2)&"-"&LEFT(H22,4) -> 02-2024 | J22: =LEFT(H22,4) -> 2024 | K22: SCS160714Q78 | L22: SADCAL CONSULTORIA Y SOLUCIONES INTEGRALES | M22: NUT970916NH6 | N22: NUTRIDELMAR | O22: PUE | P22: 03 | Q22: G03 | R22: MXN | S22: 1 | T22: |- Servicios de contabilidad y declaraciones fiscales, nómina y expedientes de recursos humanos para el corporativo Nutridelmar correspondientes al mes de Enero de 2024. Incluye los RFC QUOA5308042F9, QUPA890206JW7 y NUT970916NH6. | U22: 5700.56 | V22: 5700.56 | W22: 5700.56 | X22: 0 | Y22: 0 | Z22: 912.09 | AA22: 0 | AB22: 0 | AC22: 0 | AD22: 0 | AE22: 0 | AF22: 6612.65
A23: 202402-I_E-SCS160714-S314.xml | B23: 4.0 | C23: I | D23: S | E23: 314 | F23: S314 | G23: C96A6CFF-56EC-453A-BAE2-A5B1131AA316 | H23: 2024-02-09T13:05:17 | I23: =MID(H23,6,2)&"-"&LEFT(H23,4) -> 02-2024 | J23: =LEFT(H23,4) -> 2024 | K23: SCS160714Q78 | L23: SADCAL CONSULTORIA Y SOLUCIONES INTEGRALES | M23: MAPV740707116 | N23: VERONICA MARTINEZ PEREZ | O23: PUE | P23: 03 | Q23: G03 | R23: MXN | S23: 1 | T23: |- Asesoría en Control eléctrico Nicolás Romero | U23: 6000.00 | V23: 6000 | W23: 6000 | X23: 0 | Y23: 0 | Z23: 960 | AA23: 0 | AB23: 0 | AC23: 0 | AD23: 0 | AE23: 0 | AF23: 6960
A24: 202402-I_E-SCS160714-S315.xml | B24: 4.0 | C24: I | D24: S | E24: 315 | F24: S315 | G24: A862E907-D498-4423-B23A-E13F6ABD1C6D | H24: 2024-02-12T18:06:23 | I24: =MID(H24,6,2)&"-"&LEFT(H24,4) -> 02-2024 | J24: =LEFT(H24,4) -> 2024 | K24: SCS160714Q78 | L24: SADCAL CONSULTORIA Y SOLUCIONES INTEGRALES | M24: MAPV740707116 | N24: VERONICA MARTINEZ PEREZ | O24: PUE | P24: 03 | Q24: G03 | R24: MXN | S24: 1 | T24: |- Suministro de material de plomería SC Cofradías. | U24: 4500.00 | V24: 4500 | W24: 4500 | X24: 0 | Y24: 0 | Z24: 720 | AA24: 0 | AB24: 0 | AC24: 0 | AD24: 0 | AE24: 0 | AF24: 5220
A25: 202402-I_E-SCS160714-S316.xml | B25: 4.0 | C25: I | D25: S | E25: 316 | F25: S316 | G25: 8E61373D-E7BF-4269-9A8C-6473A1545784 | H25: 2024-02-12T18:07:48 | I25: =MID(H25,6,2)&"-"&LEFT(H25,4) -> 02-2024 | J25: =LEFT(H25,4) -> 2024 | K25: SCS160714Q78 | L25: SADCAL CONSULTORIA Y SOLUCIONES INTEGRALES | M25: MAPV740707116 | N25: VERONICA MARTINEZ PEREZ | O25: PUE | P25: 03 | Q25: G03 | R25: MXN | S25: 1 | T25: |- Trabajo en BA Yautepec. | U25: 4500.00 | V25: 4500 | W25: 4500 | X25: 0 | Y25: 0 | Z25: 720 | AA25: 0 | AB25: 0 | AC25: 0 | AD25: 0 | AE25: 0 | AF25: 5220
A26: 202402-I_E-SCS160714-S317.xml | B26: 4.0 | C26: I | D26: S | E26: 317 | F26: S317 | G26: E2099FEB-F5A8-426A-A0C5-D76DBB6F8A26 | H26: 2024-02-17T14:26:55 | I26: =MID(H26,6,2)&"-"&LEFT(H26,4) -> 02-2024 | J26: =LEFT(H26,4) -> 2024 | K26: SCS160714Q78 | L26: SADCAL CONSULTORIA Y SOLUCIONES INTEGRALES | M26: MAPV740707116 | N26: VERONICA MARTINEZ PEREZ | O26: PUE | P26: 03 | Q26: G03 | R26: MXN | S26: 1 | T26: |- Asesoría en plomería Walmart Cuautitlán. | U26: 4500.00 | V26: 4500 | W26: 4500 | X26: 0 | Y26: 0 | Z26: 720 | AA26: 0 | AB26: 0 | AC26: 0 | AD26: 0 | AE26: 0 | AF26: 5220
A27: 202402-I_E-SCS160714-S318.xml | B27: 4.0 | C27: I | D27: S | E27: 318 | F27: S318 | G27: 350B64B4-5994-49C4-89AA-81C58389A274 | H27: 2024-02-20T09:58:35 | I27: =MID(H27,6,2)&"-"&LEFT(H27,4) -> 02-2024 | J27: =LEFT(H27,4) -> 2024 | K27: SCS160714Q78 | L27: SADCAL CONSULTORIA Y SOLUCIONES INTEGRALES | M27: MAPV740707116 | N27: VERONICA MARTINEZ PEREZ | O27: PUE | P27: 03 | Q27: G03 | R27: MXN | S27: 1 | T27: |- Asesoria en lineas hidrahulicas BA Cuautitlán. | U27: 4000.00 | V27: 4000 | W27: 4000 | X27: 0 | Y27: 0 | Z27: 640 | AA27: 0 | AB27: 0 | AC27: 0 | AD27: 0 | AE27: 0 | AF27: 4640
A28: 202402-I_E-SCS160714-S319.xml | B28: 4.0 | C28: I | D28: S | E28: 319 | F28: S319 | G28: DC853881-4EA5-4019-AD50-3FD1D0FEDA91 | H28: 2024-02-22T12:35:56 | I28: =MID(H28,6,2)&"-"&LEFT(H28,4) -> 02-2024 | J28: =LEFT(H28,4) -> 2024 | K28: SCS160714Q78 | L28: SADCAL CONSULTORIA Y SOLUCIONES INTEGRALES | M28: BGX1306145Z3 | N28: BAHNSEN G | O28: PPD | P28: 99 | Q28: G03 | R28: MXN | S28: 1 | T28: |- Paquete de 50 timbres Aspel para el RFC GUBE580220NW4. | U28: 265.00 | V28: 265 | W28: 265 | X28: 0 | Y28: 0 | Z28: 42.4 | AA28: 0 | AB28: 0 | AC28: 0 | AD28: 0 | AE28: 0 | AF28: 307.4
A29: 202402-I_E-SCS160714-S320.xml | B29: 4.0 | C29: I | D29: S | E29: 320 | F29: S320 | G29: D300D31F-0637-4330-A75A-C5230366835A | H29: 2024-02-22T12:38:03 | I29: =MID(H29,6,2)&"-"&LEFT(H29,4) -> 02-2024 | J29: =LEFT(H29,4) -> 2024 | K29: SCS160714Q78 | L29: SADCAL CONSULTORIA Y SOLUCIONES INTEGRALES | M29: BGX1306145Z3 | N29: BAHNSEN G | O29: PPD | P29: 99 | Q29: G03 | R29: MXN | S29: 1 | T29: |- Servicios de consultoría correspondiente al mes de Febrero de 2024. | U29: 10000.00 | V29: 10000 | W29: 10000 | X29: 0 | Y29: 0 | Z29: 1600 | AA29: 0 | AB29: 0 | AC29: 0 | AD29: 0 | AE29: 0 | AF29: 11600
A30: 202402-I_E-SCS160714-S321.xml | B30: 4.0 | C30: I | D30: S | E30: 321 | F30: S321 | G30: 2A08C43D-CA85-4FB2-8F30-E6C4902C967B | H30: 2024-02-22T12:39:36 | I30: =MID(H30,6,2)&"-"&LEFT(H30,4) -> 02-2024 | J30: =LEFT(H30,4) -> 2024 | K30: SCS160714Q78 | L30: SADCAL CONSULTORIA Y SOLUCIONES INTEGRALES | M30: BGX1306145Z3 | N30: BAHNSEN G | O30: PPD | P30: 99 | Q30: G03 | R30: MXN | S30: 1 | T30: |- Servicios de consultoría correspondiente al mes de Febrero de 2024 ABL. | U30: 5000.00 | V30: 5000 | W30: 5000 | X30: 0 | Y30: 0 | Z30: 800 | AA30: 0 | AB30: 0 | AC30: 0 | AD30: 0 | AE30: 0 | AF30: 5800
A31: 202402-I_E-SCS160714-S322.xml | B31: 4.0 | C31: I | D31: S | E31: 322 | F31: S322 | G31: E7203D2B-BEFB-4020-B430-D9033FEEB608 | H31: 2024-02-23T17:47:38 | I31: =MID(H31,6,2)&"-"&LEFT(H31,4) -> 02-2024 | J31: =LEFT(H31,4) -> 2024 | K31: SCS160714Q78 | L31: SADCAL CONSULTORIA Y SOLUCIONES INTEGRALES | M31: MAPV740707116 | N31: VERONICA MARTINEZ PEREZ | O31: PUE | P31: 03 | Q31: G03 | R31: MXN | S31: 1 | T31: |- Asesoria en Aplicación de sellador Bodega Aurrerá Primero de Mayo. | U31: 5000.00 | V31: 5000 | W31: 5000 | X31: 0 | Y31: 0 | Z31: 800 | AA31: 0 | AB31: 0 | AC31: 0 | AD31: 0 | AE31: 0 | AF31: 5800
A32: 202402-I_E-SCS160714-S323.xml | B32: 4.0 | C32: I | D32: S | E32: 323 | F32: S323 | G32: 34D22939-6243-4528-A1E4-E714B8482F0B | H32: 2024-02-26T13:07:25 | I32: =MID(H32,6,2)&"-"&LEFT(H32,4) -> 02-2024 | J32: =LEFT(H32,4) -> 2024 | K32: SCS160714Q78 | L32: SADCAL CONSULTORIA Y SOLUCIONES INTEGRALES | M32: MAPV740707116 | N32: VERONICA MARTINEZ PEREZ | O32: PUE | P32: 03 | Q32: G03 | R32: MXN | S32: 1 | T32: |- Suministro de material para sellar techo BA Primero de Mayo. | U32: 3000.00 | V32: 3000 | W32: 3000 | X32: 0 | Y32: 0 | Z32: 480 | AA32: 0 | AB32: 0 | AC32: 0 | AD32: 0 | AE32: 0 | AF32: 3480
A33: 202402-P_E-SCS160714-SPAG58.xml | B33: 4.0 | C33: P | D33: SPAG | E33: 58 | F33: SPAG58 | G33: 988B4C64-8CC0-4352-A2CE-5B0080741E01 | H33: 2024-02-09T23:22:27 | I33: =MID(H33,6,2)&"-"&LEFT(H33,4) -> 02-2024 | J33: =LEFT(H33,4) -> 2024 | K33: SCS160714Q78 | L33: SADCAL CONSULTORIA Y SOLUCIONES INTEGRALES | M33: TIC090227S90 | N33: TOBSA INGENIERIA CIVIL | Q33: CP01 | R33: XXX | S33: 0 | T33: |- Pago | U33: 0 | V33: 0 | W33: 0 | X33: 0 | Y33: 0 | Z33: 0 | AA33: 0 | AB33: 0 | AC33: 0 | AD33: 0 | AE33: 0 | AF33: 0
I34: Total 02-2024 | V34: =SUBTOTAL(9,V20:V33) -> 64065.56 | W34: =SUBTOTAL(9,W20:W33) -> 64065.56 | X34: =SUBTOTAL(9,X20:X33) -> 0 | Y34: =SUBTOTAL(9,Y20:Y33) -> 0 | Z34: =SUBTOTAL(9,Z20:Z33) -> 10250.49 | AA34: =SUBTOTAL(9,AA20:AA33) -> 0 | AB34: =SUBTOTAL(9,AB20:AB33) -> 0 | AC34: =SUBTOTAL(9,AC20:AC33) -> 0 | ... AF34: =SUBTOTAL(9,AF20:AF33) -> 74316.05
A35: 202403-I_E-SCS160714-S324.xml | B35: 4.0 | C35: I | D35: S | E35: 324 | F35: S324 | G35: A7376D85-F107-4FA5-8307-F84944F73CA6 | H35: 2024-03-02T09:10:01 | I35: =MID(H35,6,2)&"-"&LEFT(H35,4) -> 03-2024 | J35: =LEFT(H35,4) -> 2024 | K35: SCS160714Q78 | L35: SADCAL CONSULTORIA Y SOLUCIONES INTEGRALES | M35: MAPV740707116 | N35: VERONICA MARTINEZ PEREZ | O35: PUE | P35: 03 | Q35: G03 | R35: MXN | S35: 1 | T35: |- Asesoria en sellado canalón techumbre BA Primero de Mayo. | U35: 17000.00 | V35: 17000 | W35: 17000 | X35: 0 | Y35: 0 | Z35: 2720 | AA35: 0 | AB35: 0 | AC35: 0 | AD35: 0 | AE35: 0 | AF35: 19720
A36: 202403-I_E-SCS160714-S325.xml | B36: 4.0 | C36: I | D36: S | E36: 325 | F36: S325 | G36: 177495D4-D4DE-4055-A555-AABD84C36DF8 | H36: 2024-03-07T14:46:27 | I36: =MID(H36,6,2)&"-"&LEFT(H36,4) -> 03-2024 | J36: =LEFT(H36,4) -> 2024 | K36: SCS160714Q78 | L36: SADCAL CONSULTORIA Y SOLUCIONES INTEGRALES | M36: MAPV740707116 | N36: VERONICA MARTINEZ PEREZ | O36: PUE | P36: 03 | Q36: G03 | R36: MXN | S36: 1 | T36: |- Suministro de material para sellado en BA Primero de Mayo. | U36: 13689.00 | V36: 13689 | W36: 13689 | X36: 0 | Y36: 0 | Z36: 2190.24 | AA36: 0 | AB36: 0 | AC36: 0 | AD36: 0 | AE36: 0 | AF36: 15879.24
A37: 202403-I_E-SCS160714-S326.xml | B37: 4.0 | C37: I | D37: S | E37: 326 | F37: S326 | G37: 018C8653-877B-402D-B797-2E3D86E95BA2 | H37: 2024-03-07T19:34:20 | I37: =MID(H37,6,2)&"-"&LEFT(H37,4) -> 03-2024 | J37: =LEFT(H37,4) -> 2024 | K37: SCS160714Q78 | L37: SADCAL CONSULTORIA Y SOLUCIONES INTEGRALES | M37: ASE0508042T2 | N37: ASEPROM | O37: PPD | P37: 99 | Q37: G03 | R37: MXN | S37: 1 | T37: |- Hora de asesoria. | U37: 650.00 | V37: 650 | W37: 650 | X37: 0 | Y37: 0 | Z37: 104 | AA37: 0 | AB37: 0 | AC37: 0 | AD37: 0 | AE37: 0 | AF37: 754
A38: 202403-I_E-SCS160714-S327.xml | B38: 4.0 | C38: I | D38: S | E38: 327 | F38: S327 | G38: 631E34BB-268F-4FA2-AA4B-4293D2857E60 | H38: 2024-03-08T12:32:32 | I38: =MID(H38,6,2)&"-"&LEFT(H38,4) -> 03-2024 | J38: =LEFT(H38,4) -> 2024 | K38: SCS160714Q78 | L38: SADCAL CONSULTORIA Y SOLUCIONES INTEGRALES | M38: MAPV740707116 | N38: VERONICA MARTINEZ PEREZ | O38: PUE | P38: 03 | Q38: G03 | R38: MXN | S38: 1 | T38: |- Asesoria en sellado de techumbre BA Primero de Mayo. | U38: 15000.00 | V38: 15000 | W38: 15000 | X38: 0 | Y38: 0 | Z38: 2400 | AA38: 0 | AB38: 0 | AC38: 0 | AD38: 0 | AE38: 0 | AF38: 17400
A39: 202403-I_E-SCS160714-S328.xml | B39: 4.0 | C39: I | D39: S | E39: 328 | F39: S328 | G39: B48A42B1-E2BF-4025-8529-01BF0846964D | H39: 2024-03-09T04:35:14 | I39: =MID(H39,6,2)&"-"&LEFT(H39,4) -> 03-2024 | J39: =LEFT(H39,4) -> 2024 | K39: SCS160714Q78 | L39: SADCAL CONSULTORIA Y SOLUCIONES INTEGRALES | M39: NUT970916NH6 | N39: NUTRIDELMAR | O39: PUE | P39: 03 | Q39: G03 | R39: MXN | S39: 1 | T39: |- Servicios de contabilidad y declaraciones fiscales, nómina y expedientes de recursos humanos para el corporativo Nutridelmar correspondientes al mes de Febrero de 2024. Incluye los RFC QUOA5308042F9, QUPA890206JW7 y NUT970916NH6. | U39: 5700.56 | V39: 5700.56 | W39: 5700.56 | X39: 0 | Y39: 0 | Z39: 912.09 | AA39: 0 | AB39: 0 | AC39: 0 | AD39: 0 | AE39: 0 | AF39: 6612.65
A40: 202403-I_E-SCS160714-S329.xml | B40: 4.0 | C40: I | D40: S | E40: 329 | F40: S329 | G40: 0694E272-071C-4F37-BF6A-4F7EE089080C | H40: 2024-03-15T13:42:45 | I40: =MID(H40,6,2)&"-"&LEFT(H40,4) -> 03-2024 | J40: =LEFT(H40,4) -> 2024 | K40: SCS160714Q78 | L40: SADCAL CONSULTORIA Y SOLUCIONES INTEGRALES | M40: MAPV740707116 | N40: VERONICA MARTINEZ PEREZ | O40: PUE | P40: 03 | Q40: G03 | R40: MXN | S40: 1 | T40: |- Asesoria en aplicación de sellador en techumbre BA Primero de Mayo. | U40: 15000.00 | V40: 15000 | W40: 15000 | X40: 0 | Y40: 0 | Z40: 2400 | AA40: 0 | AB40: 0 | AC40: 0 | AD40: 0 | AE40: 0 | AF40: 17400
A41: 202403-I_E-SCS160714-S330.xml | B41: 4.0 | C41: I | D41: S | E41: 330 | F41: S330 | G41: 9E5A041E-04C1-4065-8791-674D855DB6F1 | H41: 2024-03-16T18:10:39 | I41: =MID(H41,6,2)&"-"&LEFT(H41,4) -> 03-2024 | J41: =LEFT(H41,4) -> 2024 | K41: SCS160714Q78 | L41: SADCAL CONSULTORIA Y SOLUCIONES INTEGRALES | M41: MAPV740707116 | N41: VERONICA MARTINEZ PEREZ | O41: PUE | P41: 03 | Q41: G03 | R41: MXN | S41: 1 | T41: |- Trabajos de Yautepec. | U41: 4000.00 | V41: 4000 | W41: 4000 | X41: 0 | Y41: 0 | Z41: 640 | AA41: 0 | AB41: 0 | AC41: 0 | AD41: 0 | AE41: 0 | AF41: 4640
A42: 202403-I_E-SCS160714-S331.xml | B42: 4.0 | C42: I | D42: S | E42: 331 | F42: S331 | G42: E20D32D6-4DAD-4F4B-91B7-A5DD2908E09A | H42: 2024-03-18T12:17:34 | I42: =MID(H42,6,2)&"-"&LEFT(H42,4) -> 03-2024 | J42: =LEFT(H42,4) -> 2024 | K42: SCS160714Q78 | L42: SADCAL CONSULTORIA Y SOLUCIONES INTEGRALES | M42: AME860107KD9 | N42: SICONT MEX | O42: PUE | P42: 03 | Q42: G03 | R42: MXN | S42: 1 | T42: |- COMISIONES | U42: 3860.73 | V42: 3860.73 | W42: 3860.73 | X42: 0 | Y42: 0 | Z42: 617.72 | AA42: 0 | AB42: 0 | AC42: 0 | AD42: 0 | AE42: 0 | AF42: 4478.45
A43: 202403-I_E-SCS160714-S332.xml | B43: 4.0 | C43: I | D43: S | E43: 332 | F43: S332 | G43: BA19F2AC-B187-41A7-9879-31692C105426 | H43: 2024-03-19T14:53:58 | I43: =MID(H43,6,2)&"-"&LEFT(H43,4) -> 03-2024 | J43: =LEFT(H43,4) -> 2024 | K43: SCS160714Q78 | L43: SADCAL CONSULTORIA Y SOLUCIONES INTEGRALES | M43: MAPV740707116 | N43: VERONICA MARTINEZ PEREZ | O43: PUE | P43: 03 | Q43: G03 | R43: MXN | S43: 1 | T43: |- SUMINISTRO DE MATERIAL PARA CONTROL ELECTRICO | U43: 4300.00 | V43: 4300 | W43: 4300 | X43: 0 | Y43: 0 | Z43: 688 | AA43: 0 | AB43: 0 | AC43: 0 | AD43: 0 | AE43: 0 | AF43: 4988
A44: 202403-I_E-SCS160714-S333.xml | B44: 4.0 | C44: I | D44: S | E44: 333 | F44: S333 | G44: 5E175980-ED28-4F62-AC31-09141B16C07F | H44: 2024-03-20T14:16:57 | I44: =MID(H44,6,2)&"-"&LEFT(H44,4) -> 03-2024 | J44: =LEFT(H44,4) -> 2024 | K44: SCS160714Q78 | L44: SADCAL CONSULTORIA Y SOLUCIONES INTEGRALES | M44: MAPV740707116 | N44: VERONICA MARTINEZ PEREZ | O44: PUE | P44: 03 | Q44: G03 | R44: MXN | S44: 1 | T44: |- Suministro de materiales para sellado de techumbre. | U44: 4500.00 | V44: 4500 | W44: 4500 | X44: 0 | Y44: 0 | Z44: 720 | AA44: 0 | AB44: 0 | AC44: 0 | AD44: 0 | AE44: 0 | AF44: 5220
A45: 202403-I_E-SCS160714-S334.xml | B45: 4.0 | C45: I | D45: S | E45: 334 | F45: S334 | G45: 81AE1149-0C9F-4EA8-B2BD-6162AAB7140F | H45: 2024-03-22T20:39:46 | I45: =MID(H45,6,2)&"-"&LEFT(H45,4) -> 03-2024 | J45: =LEFT(H45,4) -> 2024 | K45: SCS160714Q78 | L45: SADCAL CONSULTORIA Y SOLUCIONES INTEGRALES | M45: MAPV740707116 | N45: VERONICA MARTINEZ PEREZ | O45: PUE | P45: 03 | Q45: G03 | R45: MXN | S45: 1 | T45: |- Asesoria en sellado de láminas techumbre BA Primero de Mayo. | U45: 25000.00 | V45: 25000 | W45: 25000 | X45: 0 | Y45: 0 | Z45: 4000 | AA45: 0 | AB45: 0 | AC45: 0 | AD45: 0 | AE45: 0 | AF45: 29000
A46: 202403-I_E-SCS160714-S335.xml | B46: 4.0 | C46: I | D46: S | E46: 335 | F46: S335 | G46: 3F3DBF84-81A6-4EFF-9D47-34601C3894B7 | H46: 2024-03-27T09:26:55 | I46: =MID(H46,6,2)&"-"&LEFT(H46,4) -> 03-2024 | J46: =LEFT(H46,4) -> 2024 | K46: SCS160714Q78 | L46: SADCAL CONSULTORIA Y SOLUCIONES INTEGRALES | M46: MAPV740707116 | N46: VERONICA MARTINEZ PEREZ | O46: PUE | P46: 03 | Q46: G03 | R46: MXN | S46: 1 | T46: |- Suministro de materiales, Asesoria en red hidrahulica y Sellado de techumbre. | U46: 20000.00 | V46: 20000 | W46: 20000 | X46: 0 | Y46: 0 | Z46: 3200 | AA46: 0 | AB46: 0 | AC46: 0 | AD46: 0 | AE46: 0 | AF46: 23200
... A49: 202403-I_E-SCS160714-S338.xml | B49: 4.0 | C49: I | D49: S | E49: 338 | F49: S338 | G49: 7827B8F6-403A-4DF7-A9D1-4E1BD07B2446 | H49: 2024-03-28T15:49:26 | I49: =MID(H49,6,2)&"-"&LEFT(H49,4) -> 03-2024 | J49: =LEFT(H49,4) -> 2024 | K49: SCS160714Q78 | L49: SADCAL CONSULTORIA Y SOLUCIONES INTEGRALES | M49: BGX1306145Z3 | N49: BAHNSEN G | O49: PPD | P49: 99 | Q49: G03 | R49: MXN | S49: 1 | T49: |- Servicios de consultoría correspondiente al mes de Marzo de 2024 ABL. | U49: 5000.00 | V49: 5000 | W49: 5000 | X49: 0 | Y49: 0 | Z49: 800 | AA49: 0 | AB49: 0 | AC49: 0 | AD49: 0 | AE49: 0 | AF49: 5800
A50: 202403-P_E-SCS160714-SPAG60.xml | B50: 4.0 | C50: P | D50: SPAG | E50: 60 | F50: SPAG60 | G50: 20A51A1E-13DC-40FA-8329-D63BC65A0653 | H50: 2024-03-08T20:43:28 | I50: =MID(H50,6,2)&"-"&LEFT(H50,4) -> 03-2024 | J50: =LEFT(H50,4) -> 2024 | K50: SCS160714Q78 | L50: SADCAL CONSULTORIA Y SOLUCIONES INTEGRALES | M50: ASE0508042T2 | N50: ASEPROM | Q50: CP01 | R50: XXX | S50: 0 | T50: |- Pago | U50: 0 | V50: 0 | W50: 0 | X50: 0 | Y50: 0 | Z50: 0 | AA50: 0 | AB50: 0 | AC50: 0 | AD50: 0 | AE50: 0 | AF50: 0
I51: Total 03-2024 | V51: =SUBTOTAL(9,V35:V50) -> 150700.29 | W51: =SUBTOTAL(9,W35:W50) -> 150700.29 | X51: =SUBTOTAL(9,X35:X50) -> 0 | Y51: =SUBTOTAL(9,Y35:Y50) -> 0 | Z51: =SUBTOTAL(9,Z35:Z50) -> 24112.05 | AA51: =SUBTOTAL(9,AA35:AA50) -> 0 | AB51: =SUBTOTAL(9,AB35:AB50) -> 0 | AC51: =SUBTOTAL(9,AC35:AC50) -> 0 | ... AF51: =SUBTOTAL(9,AF35:AF50) -> 174812.34
A52: 202404-I_E-SCS160714-S339.xml | B52: 4.0 | C52: I | D52: S | E52: 339 | F52: S339 | G52: 49F5A2D1-1779-4E08-9322-660DE65C2013 | H52: 2024-04-05T02:30:09 | I52: =MID(H52,6,2)&"-"&LEFT(H52,4) -> 04-2024 | J52: =LEFT(H52,4) -> 2024 | K52: SCS160714Q78 | L52: SADCAL CONSULTORIA Y SOLUCIONES INTEGRALES | M52: NUT970916NH6 | N52: NUTRIDELMAR | O52: PUE | P52: 03 | Q52: G03 | R52: MXN | S52: 1 | T52: |- Servicios de contabilidad y declaraciones fiscales, nómina y expedientes de recursos humanos para el corporativo Nutridelmar correspondientes al mes de Marzo de 2024. Incluye los RFC QUOA5308042F9, QUPA890206JW7 y NUT970916NH6. | U52: 5700.56 | V52: 5700.56 | W52: 5700.56 | X52: 0 | Y52: 0 | Z52: 912.09 | AA52: 0 | AB52: 0 | AC52: 0 | AD52: 0 | AE52: 0 | AF52: 6612.65
A53: 202404-I_E-SCS160714-S340.xml | B53: 4.0 | C53: I | D53: S | E53: 340 | F53: S340 | G53: 9ED667B1-8F40-4AD1-A198-C9B75C0EA6E9 | H53: 2024-04-05T08:49:04 | I53: =MID(H53,6,2)&"-"&LEFT(H53,4) -> 04-2024 | J53: =LEFT(H53,4) -> 2024 | K53: SCS160714Q78 | L53: SADCAL CONSULTORIA Y SOLUCIONES INTEGRALES | M53: MAPV740707116 | N53: VERONICA MARTINEZ PEREZ | O53: PUE | P53: 03 | Q53: G03 | R53: MXN | S53: 1 | T53: |- Trabajo tablaroca COFRADIAS. | U53: 13000.00 | V53: 13000 | W53: 13000 | X53: 0 | Y53: 0 | Z53: 2080 | AA53: 0 | AB53: 0 | AC53: 0 | AD53: 0 | AE53: 0 | AF53: 15080
A54: 202404-I_E-SCS160714-S341.xml | B54: 4.0 | C54: I | D54: S | E54: 341 | F54: S341 | G54: 071062A4-EEB3-42CF-9099-3055E975C5B3 | H54: 2024-04-06T09:31:08 | I54: =MID(H54,6,2)&"-"&LEFT(H54,4) -> 04-2024 | J54: =LEFT(H54,4) -> 2024 | K54: SCS160714Q78 | L54: SADCAL CONSULTORIA Y SOLUCIONES INTEGRALES | M54: MAPV740707116 | N54: VERONICA MARTINEZ PEREZ | O54: PUE | P54: 03 | Q54: G03 | R54: MXN | S54: 1 | T54: |- A cuenta de trabajos JESUS DEL MONTE. | U54: 20000.00 | V54: 20000 | W54: 20000 | X54: 0 | Y54: 0 | Z54: 3200 | AA54: 0 | AB54: 0 | AC54: 0 | AD54: 0 | AE54: 0 | AF54: 23200
A55: 202404-I_E-SCS160714-S342.xml | B55: 4.0 | C55: I | D55: S | E55: 342 | F55: S342 | G55: 8BD38FD9-6677-48E2-902E-36C525677940 | H55: 2024-04-08T10:09:48 | I55: =MID(H55,6,2)&"-"&LEFT(H55,4) -> 04-2024 | J55: =LEFT(H55,4) -> 2024 | K55: SCS160714Q78 | L55: SADCAL CONSULTORIA Y SOLUCIONES INTEGRALES | M55: AME860107KD9 | N55: SICONT MEX | O55: PUE | P55: 03 | Q55: G03 | R55: MXN | S55: 1 | T55: |- COMISIONES | U55: 2923.59 | V55: 2923.59 | W55: 2923.59 | X55: 0 | Y55: 0 | Z55: 467.77 | AA55: 0 | AB55: 0 | AC55: 0 | AD55: 0 | AE55: 0 | AF55: 3391.36
A56: 202404-I_E-SCS160714-S343.xml | B56: 4.0 | C56: I | D56: S | E56: 343 | F56: S343 | G56: 006F14BB-A0FE-4635-9D5F-E91E13720F97 | H56: 2024-04-11T17:30:37 | I56: =MID(H56,6,2)&"-"&LEFT(H56,4) -> 04-2024 | J56: =LEFT(H56,4) -> 2024 | K56: SCS160714Q78 | L56: SADCAL CONSULTORIA Y SOLUCIONES INTEGRALES | M56: MAPV740707116 | N56: VERONICA MARTINEZ PEREZ | O56: PUE | P56: 03 | Q56: G03 | R56: MXN | S56: 1 | T56: |- Trabajos de piso epoxico Lago de Guadalupe. | U56: 2500.00 | V56: 2500 | W56: 2500 | X56: 0 | Y56: 0 | Z56: 400 | AA56: 0 | AB56: 0 | AC56: 0 | AD56: 0 | AE56: 0 | AF56: 2900
A57: 202404-I_E-SCS160714-S344.xml | B57: 4.0 | C57: I | D57: S | E57: 344 | F57: S344 | G57: 3D577454-D8F8-4AB2-92E8-F273E50C764B | H57: 2024-04-17T15:28:08 | I57: =MID(H57,6,2)&"-"&LEFT(H57,4) -> 04-2024 | J57: =LEFT(H57,4) -> 2024 | K57: SCS160714Q78 | L57: SADCAL CONSULTORIA Y SOLUCIONES INTEGRALES | M57: MAPV740707116 | N57: VERONICA MARTINEZ PEREZ | O57: PUE | P57: 03 | Q57: G03 | R57: MXN | S57: 1 | T57: |- Suministro de material en general | U57: 5000.00 | V57: 5000 | W57: 5000 | X57: 0 | Y57: 0 | Z57: 800 | AA57: 0 | AB57: 0 | AC57: 0 | AD57: 0 | AE57: 0 | AF57: 5800
A58: 202404-I_E-SCS160714-S345.xml | B58: 4.0 | C58: I | D58: S | E58: 345 | F58: S345 | G58: 712C6771-470F-49A0-B367-6A752489BF28 | H58: 2024-04-19T09:44:20 | I58: =MID(H58,6,2)&"-"&LEFT(H58,4) -> 04-2024 | J58: =LEFT(H58,4) -> 2024 | K58: SCS160714Q78 | L58: SADCAL CONSULTORIA Y SOLUCIONES INTEGRALES | M58: MAPV740707116 | N58: VERONICA MARTINEZ PEREZ | O58: PUE | P58: 03 | Q58: G03 | R58: MXN | S58: 1 | T58: |- Asesoria en aplicación de piso epoxico Lago de Guadalupe. | U58: 12000.00 | V58: 12000 | W58: 12000 | X58: 0 | Y58: 0 | Z58: 1920 | AA58: 0 | AB58: 0 | AC58: 0 | AD58: 0 | AE58: 0 | AF58: 13920
A59: 202404-I_E-SCS160714-S346.xml | B59: 4.0 | C59: I | D59: S | E59: 346 | F59: S346 | G59: 6586139D-5CC5-4F2E-8D56-B82587636544 | H59: 2024-04-19T16:35:06 | I59: =MID(H59,6,2)&"-"&LEFT(H59,4) -> 04-2024 | J59: =LEFT(H59,4) -> 2024 | K59: SCS160714Q78 | L59: SADCAL CONSULTORIA Y SOLUCIONES INTEGRALES | M59: MAPV740707116 | N59: VERONICA MARTINEZ PEREZ | O59: PUE | P59: 03 | Q59: G03 | R59: MXN | S59: 1 | T59: |- Suministro de material de seguridad. | U59: 7000.00 | V59: 7000 | W59: 7000 | X59: 0 | Y59: 0 | Z59: 1120 | AA59: 0 | AB59: 0 | AC59: 0 | AD59: 0 | AE59: 0 | AF59: 8120
A60: 202404-I_E-SCS160714-S347.xml | B60: 4.0 | C60: I | D60: S | E60: 347 | F60: S347 | G60: AC1609F1-ED63-4003-98CA-48B962DB779F | H60: 2024-04-23T12:51:34 | I60: =MID(H60,6,2)&"-"&LEFT(H60,4) -> 04-2024 | J60: =LEFT(H60,4) -> 2024 | K60: SCS160714Q78 | L60: SADCAL CONSULTORIA Y SOLUCIONES INTEGRALES | M60: MAPV740707116 | N60: VERONICA MARTINEZ PEREZ | O60: PUE | P60: 03 | Q60: G03 | R60: MXN | S60: 1 | T60: |- Asesoria en Trabajos de chimeneas Nicolás Romero. | U60: 2000.00 | V60: 2000 | W60: 2000 | X60: 0 | Y60: 0 | Z60: 320 | AA60: 0 | AB60: 0 | AC60: 0 | AD60: 0 | AE60: 0 | AF60: 2320
A61: 202404-I_E-SCS160714-S349.xml | B61: 4.0 | C61: I | D61: S | E61: 349 | F61: S349 | G61: 84F37BBF-4F53-486E-B619-B0ED42469E32 | H61: 2024-04-26T09:32:24 | I61: =MID(H61,6,2)&"-"&LEFT(H61,4) -> 04-2024 | J61: =LEFT(H61,4) -> 2024 | K61: SCS160714Q78 | L61: SADCAL CONSULTORIA Y SOLUCIONES INTEGRALES | M61: MAPV740707116 | N61: VERONICA MARTINEZ PEREZ | O61: PUE | P61: 03 | Q61: G03 | R61: MXN | S61: 1 | T61: |- Asesoria en Pisos epoxicos Nicolás Romero. | U61: 17241.38 | V61: 17241.38 | W61: 17241.38 | X61: 0 | Y61: 0 | Z61: 2758.62 | AA61: 0 | AB61: 0 | AC61: 0 | AD61: 0 | AE61: 0 | AF61: 20000
A62: 202404-I_E-SCS160714-S350.xml | B62: 4.0 | C62: I | D62: S | E62: 350 | F62: S350 | G62: B3B6A33D-7F3B-45DE-96D0-75F9212A5594 | H62: 2024-04-29T19:27:17 | I62: =MID(H62,6,2)&"-"&LEFT(H62,4) -> 04-2024 | J62: =LEFT(H62,4) -> 2024 | K62: SCS160714Q78 | L62: SADCAL CONSULTORIA Y SOLUCIONES INTEGRALES | M62: MAPV740707116 | N62: VERONICA MARTINEZ PEREZ | O62: PUE | P62: 03 | Q62: G03 | R62: MXN | S62: 1 | T62: |- Asesoria en aplicación de recubrimientos SAMS Lago de Guadalupe nicho. | U62: 6400.00 | V62: 6400 | W62: 6400 | X62: 0 | Y62: 0 | Z62: 1024 | AA62: 0 | AB62: 0 | AC62: 0 | AD62: 0 | AE62: 0 | AF62: 7424
A63: 202404-P_E-SCS160714-SPAG61.xml | B63: 4.0 | C63: P | D63: SPAG | E63: 61 | F63: SPAG61 | G63: 2CDB688C-0ADF-4362-B007-1ECAB695BAE7 | H63: 2024-04-12T17:42:23 | I63: =MID(H63,6,2)&"-"&LEFT(H63,4) -> 04-2024 | J63: =LEFT(H63,4) -> 2024 | K63: SCS160714Q78 | L63: SADCAL CONSULTORIA Y SOLUCIONES INTEGRALES | M63: BGX1306145Z3 | N63: BAHNSEN G | Q63: CP01 | R63: XXX | S63: 0 | T63: |- Pago | U63: 0 | V63: 0 | W63: 0 | X63: 0 | Y63: 0 | Z63: 0 | AA63: 0 | AB63: 0 | AC63: 0 | AD63: 0 | AE63: 0 | AF63: 0
A64: 202404-P_E-SCS160714-SPAG62.xml | B64: 4.0 | C64: P | D64: SPAG | E64: 62 | F64: SPAG62 | G64: 023299E3-82C2-4971-96E7-195367A530D7 | H64: 2024-04-12T17:46:39 | I64: =MID(H64,6,2)&"-"&LEFT(H64,4) -> 04-2024 | J64: =LEFT(H64,4) -> 2024 | K64: SCS160714Q78 | L64: SADCAL CONSULTORIA Y SOLUCIONES INTEGRALES | M64: BGX1306145Z3 | N64: BAHNSEN G | Q64: CP01 | R64: XXX | S64: 0 | T64: |- Pago | U64: 0 | V64: 0 | W64: 0 | X64: 0 | Y64: 0 | Z64: 0 | AA64: 0 | AB64: 0 | AC64: 0 | AD64: 0 | AE64: 0 | AF64: 0
A65: 202404-P_E-SCS160714-SPAG64.xml | B65: 4.0 | C65: P | D65: SPAG | E65: 64 | F65: SPAG64 | G65: F85633E9-44BC-482F-BC8D-2B9AF92751FD | H65: 2024-04-12T19:49:17 | I65: =MID(H65,6,2)&"-"&LEFT(H65,4) -> 04-2024 | J65: =LEFT(H65,4) -> 2024 | K65: SCS160714Q78 | L65: SADCAL CONSULTORIA Y SOLUCIONES INTEGRALES | M65: NAC090820FN2 | N65: NEWCHEM & COMMERCE | Q65: CP01 | R65: XXX | S65: 0 | T65: |- Pago | U65: 0 | V65: 0 | W65: 0 | X65: 0 | Y65: 0 | Z65: 0 | AA65: 0 | AB65: 0 | AC65: 0 | AD65: 0 | AE65: 0 | AF65: 0
A66: 202404-P_E-SCS160714-SPAG65.xml | B66: 4.0 | C66: P | D66: SPAG | E66: 65 | F66: SPAG65 | G66: 2FD983A3-E3EB-4A79-909C-ABA8C7F86845 | H66: 2024-04-12T19:56:01 | I66: =MID(H66,6,2)&"-"&LEFT(H66,4) -> 04-2024 | J66: =LEFT(H66,4) -> 2024 | K66: SCS160714Q78 | L66: SADCAL CONSULTORIA Y SOLUCIONES INTEGRALES | M66: NAC090820FN2 | N66: NEWCHEM & COMMERCE | Q66: CP01 | R66: XXX | S66: 0 | T66: |- Pago | U66: 0 | V66: 0 | W66: 0 | X66: 0 | Y66: 0 | Z66: 0 | AA66: 0 | AB66: 0 | AC66: 0 | AD66: 0 | AE66: 0 | AF66: 0
A67: 202404-P_E-SCS160714-SPAG66.xml | B67: 4.0 | C67: P | D67: SPAG | E67: 66 | F67: SPAG66 | G67: 766BB958-04DB-4B00-B5C5-491380D5630E | H67: 2024-04-12T19:57:08 | I67: =MID(H67,6,2)&"-"&LEFT(H67,4) -> 04-2024 | J67: =LEFT(H67,4) -> 2024 | K67: SCS160714Q78 | L67: SADCAL CONSULTORIA Y SOLUCIONES INTEGRALES | M67: NAC090820FN2 | N67: NEWCHEM & COMMERCE | Q67: CP01 | R67: XXX | S67: 0 | T67: |- Pago | U67: 0 | V67: 0 | W67: 0 | X67: 0 | Y67: 0 | Z67: 0 | AA67: 0 | AB67: 0 | AC67: 0 | AD67: 0 | AE67: 0 | AF67: 0
A68: 202404-P_E-SCS160714-SPAG67.xml | B68: 4.0 | C68: P | D68: SPAG | E68: 67 | F68: SPAG67 | G68: FD44F88A-AEDC-48BF-8BE3-7C554BADB660 | H68: 2024-04-12T19:57:59 | I68: =MID(H68,6,2)&"-"&LEFT(H68,4) -> 04-2024 | J68: =LEFT(H68,4) -> 2024 | K68: SCS160714Q78 | L68: SADCAL CONSULTORIA Y SOLUCIONES INTEGRALES | M68: NAC090820FN2 | N68: NEWCHEM & COMMERCE | Q68: CP01 | R68: XXX | S68: 0 | T68: |- Pago | U68: 0 | V68: 0 | W68: 0 | X68: 0 | Y68: 0 | Z68: 0 | AA68: 0 | AB68: 0 | AC68: 0 | AD68: 0 | AE68: 0 | AF68: 0
A69: 202404-P_E-SCS160714-SPAG68.xml | B69: 4.0 | C69: P | D69: SPAG | E69: 68 | F69: SPAG68 | G69: F2889E92-E0D6-4546-91EC-738420FFA95F | H69: 2024-04-12T19:58:57 | I69: =MID(H69,6,2)&"-"&LEFT(H69,4) -> 04-2024 | J69: =LEFT(H69,4) -> 2024 | K69: SCS160714Q78 | L69: SADCAL CONSULTORIA Y SOLUCIONES INTEGRALES | M69: NAC090820FN2 | N69: NEWCHEM & COMMERCE | Q69: CP01 | R69: XXX | S69: 0 | T69: |- Pago | U69: 0 | V69: 0 | W69: 0 | X69: 0 | Y69: 0 | Z69: 0 | AA69: 0 | AB69: 0 | AC69: 0 | AD69: 0 | AE69: 0 | AF69: 0
A70: 202404-P_E-SCS160714-SPAG69.xml | B70: 4.0 | C70: P | D70: SPAG | E70: 69 | F70: SPAG69 | G70: 7D77788F-1E81-47D5-ACB9-900B1BA85D1F | H70: 2024-04-15T12:50:55 | I70: =MID(H70,6,2)&"-"&LEFT(H70,4) -> 04-2024 | J70: =LEFT(H70,4) -> 2024 | K70: SCS160714Q78 | L70: SADCAL CONSULTORIA Y SOLUCIONES INTEGRALES | M70: BGX1306145Z3 | N70: BAHNSEN G | Q70: CP01 | R70: XXX | S70: 0 | T70: |- Pago | U70: 0 | V70: 0 | W70: 0 | X70: 0 | Y70: 0 | Z70: 0 | AA70: 0 | AB70: 0 | AC70: 0 | AD70: 0 | AE70: 0 | AF70: 0
A71: 202404-P_E-SCS160714-SPAG70.xml | B71: 4.0 | C71: P | D71: SPAG | E71: 70 | F71: SPAG70 | G71: FC22A871-BDC4-4C35-AA0E-7B30E65FAC3E | H71: 2024-04-15T13:04:00 | I71: =MID(H71,6,2)&"-"&LEFT(H71,4) -> 04-2024 | J71: =LEFT(H71,4) -> 2024 | K71: SCS160714Q78 | L71: SADCAL CONSULTORIA Y SOLUCIONES INTEGRALES | M71: BGX1306145Z3 | N71: BAHNSEN G | Q71: CP01 | R71: XXX | S71: 0 | T71: |- Pago | U71: 0 | V71: 0 | W71: 0 | X71: 0 | Y71: 0 | Z71: 0 | AA71: 0 | AB71: 0 | AC71: 0 | AD71: 0 | AE71: 0 | AF71: 0
A72: 202404-P_E-SCS160714-SPAG71.xml | B72: 4.0 | C72: P | D72: SPAG | E72: 71 | F72: SPAG71 | G72: 700877F3-EE65-4D1B-B136-CE8A8157ADB8 | H72: 2024-04-15T13:08:18 | I72: =MID(H72,6,2)&"-"&LEFT(H72,4) -> 04-2024 | J72: =LEFT(H72,4) -> 2024 | K72: SCS160714Q78 | L72: SADCAL CONSULTORIA Y SOLUCIONES INTEGRALES | M72: BGX1306145Z3 | N72: BAHNSEN G | Q72: CP01 | R72: XXX | S72: 0 | T72: |- Pago | U72: 0 | V72: 0 | W72: 0 | X72: 0 | Y72: 0 | Z72: 0 | AA72: 0 | AB72: 0 | AC72: 0 | AD72: 0 | AE72: 0 | AF72: 0
I73: Total 04-2024 | V73: =SUBTOTAL(9,V52:V72) -> 93765.53 | W73: =SUBTOTAL(9,W52:W72) -> 93765.53 | X73: =SUBTOTAL(9,X52:X72) -> 0 | Y73: =SUBTOTAL(9,Y52:Y72) -> 0 | Z73: =SUBTOTAL(9,Z52:Z72) -> 15002.48 | AA73: =SUBTOTAL(9,AA52:AA72) -> 0 | AB73: =SUBTOTAL(9,AB52:AB72) -> 0 | AC73: =SUBTOTAL(9,AC52:AC72) -> 0 | ... AF73: =SUBTOTAL(9,AF52:AF72) -> 108768.01
A74: 202405-I_E-SCS160714-S351.xml | B74: 4.0 | C74: I | D74: S | E74: 351 | F74: S351 | G74: ED21542D-C92B-41A5-A33C-AFCE6CCD2D50 | H74: 2024-05-03T15:27:04 | I74: =MID(H74,6,2)&"-"&LEFT(H74,4) -> 05-2024 | J74: =LEFT(H74,4) -> 2024 | K74: SCS160714Q78 | L74: SADCAL CONSULTORIA Y SOLUCIONES INTEGRALES | M74: MAPV740707116 | N74: VERONICA MARTINEZ PEREZ | O74: PUE | P74: 03 | Q74: G03 | R74: MXN | S74: 1 | T74: |- Asesoria en piso epoxico Nicolás Romero. | U74: 11000.00 | V74: 11000 | W74: 11000 | X74: 0 | Y74: 0 | Z74: 1760 | AA74: 0 | AB74: 0 | AC74: 0 | AD74: 0 | AE74: 0 | AF74: 12760
A75: 202405-I_E-SCS160714-S352.xml | B75: 4.0 | C75: I | D75: S | E75: 352 | F75: S352 | G75: B057089D-3859-4C0E-BC2F-123185A287B0 | H75: 2024-05-04T12:54:25 | I75: =MID(H75,6,2)&"-"&LEFT(H75,4) -> 05-2024 | J75: =LEFT(H75,4) -> 2024 | K75: SCS160714Q78 | L75: SADCAL CONSULTORIA Y SOLUCIONES INTEGRALES | M75: NUT970916NH6 | N75: NUTRIDELMAR | O75: PUE | P75: 03 | Q75: G03 | R75: MXN | S75: 1 | T75: |- Servicios de contabilidad y declaraciones fiscales, nómina y expedientes de recursos humanos para el corporativo Nutridelmar correspondientes al mes de Abril de 2024. Incluye los RFC QUOA5308042F9, QUPA890206JW7 y NUT970916NH6. |- Declaración anual 2023 para los mismos RFC. | U75: 11401.12 | V75: 11401.12 | W75: 11401.12 | X75: 0 | Y75: 0 | Z75: 1824.18 | AA75: 0 | AB75: 0 | AC75: 0 | AD75: 0 | AE75: 0 | AF75: 13225.3
A76: 202405-I_E-SCS160714-S353.xml | B76: 4.0 | C76: I | D76: S | E76: 353 | F76: S353 | G76: BDEF94C8-F099-44EA-8BB3-F28CBBF0EAEF | H76: 2024-05-07T08:51:13 | I76: =MID(H76,6,2)&"-"&LEFT(H76,4) -> 05-2024 | J76: =LEFT(H76,4) -> 2024 | K76: SCS160714Q78 | L76: SADCAL CONSULTORIA Y SOLUCIONES INTEGRALES | M76: MAPV740707116 | N76: VERONICA MARTINEZ PEREZ | O76: PUE | P76: 03 | Q76: G03 | R76: MXN | S76: 1 | T76: |- Mantenimiento mayor puertas automáticas Polanco. | U76: 12000.00 | V76: 12000 | W76: 12000 | X76: 0 | Y76: 0 | Z76: 1920 | AA76: 0 | AB76: 0 | AC76: 0 | AD76: 0 | AE76: 0 | AF76: 13920
A77: 202405-I_E-SCS160714-S354.xml | B77: 4.0 | C77: I | D77: S | E77: 354 | F77: S354 | G77: 66FF05B2-4325-4F12-8985-63EC2A14265E | H77: 2024-05-11T16:29:01 | I77: =MID(H77,6,2)&"-"&LEFT(H77,4) -> 05-2024 | J77: =LEFT(H77,4) -> 2024 | K77: SCS160714Q78 | L77: SADCAL CONSULTORIA Y SOLUCIONES INTEGRALES | M77: MAPV740707116 | N77: VERONICA MARTINEZ PEREZ | O77: PUE | P77: 03 | Q77: G03 | R77: MXN | S77: 1 | T77: |- Pago trabajos varios de herrería y albañilería. | U77: 6000.00 | V77: 6000 | W77: 6000 | X77: 0 | Y77: 0 | Z77: 960 | AA77: 0 | AB77: 0 | AC77: 0 | AD77: 0 | AE77: 0 | AF77: 6960
A78: 202405-I_E-SCS160714-S356.xml | B78: 4.0 | C78: I | D78: S | E78: 356 | F78: S356 | G78: EC51D3DE-C4DC-4B99-8CCF-69F3C771DF51 | H78: 2024-05-14T16:49:32 | I78: =MID(H78,6,2)&"-"&LEFT(H78,4) -> 05-2024 | J78: =LEFT(H78,4) -> 2024 | K78: SCS160714Q78 | L78: SADCAL CONSULTORIA Y SOLUCIONES INTEGRALES | M78: CMU9005034K1 | N78: CORPORACION MUSSI | O78: PPD | P78: 99 | Q78: G03 | R78: MXN | S78: 1 | T78: |- Instalación de sistema Aspel-NOI 11 con número de licencia NNSNZR068697 para un usuario, instalación en terminal y un equipo, así como traducción de empresas. | U78: 1100.00 | V78: 1100 | W78: 1100 | X78: 0 | Y78: 0 | Z78: 176 | AA78: 0 | AB78: 0 | AC78: 0 | AD78: 0 | AE78: 0 | AF78: 1276
A79: 202405-I_E-SCS160714-S358.xml | B79: 4.0 | C79: I | D79: S | E79: 358 | F79: S358 | G79: 7CF1AA77-AF84-49E4-9921-5A04A096FDBA | H79: 2024-05-15T01:26:32 | I79: =MID(H79,6,2)&"-"&LEFT(H79,4) -> 05-2024 | J79: =LEFT(H79,4) -> 2024 | K79: SCS160714Q78 | L79: SADCAL CONSULTORIA Y SOLUCIONES INTEGRALES | M79: BGX1306145Z3 | N79: BAHNSEN G | O79: PPD | P79: 99 | Q79: G03 | R79: MXN | S79: 1 | T79: |- Suscripción mensual servidor virtual plan Profesional, vigencia del 15 de Marzo al 14 de Abril 2024, incluye respaldo de información. |- Suscripción mensual servidor virtual plan Profesional, vigencia del 15 de Abril al 14 de Mayo 2024, incluye respaldo de información. | U79: 5198.00 | V79: 5198 | W79: 5198 | X79: 0 | Y79: 0 | Z79: 831.68 | AA79: 0 | AB79: 0 | AC79: 0 | AD79: 0 | AE79: 0 | AF79: 6029.68
A80: 202405-I_E-SCS160714-S359.xml | B80: 4.0 | C80: I | D80: S | E80: 359 | F80: S359 | G80: 7F9783B2-11D5-4ADA-87E2-22527A63F72A | H80: 2024-05-17T14:32:11 | I80: =MID(H80,6,2)&"-"&LEFT(H80,4) -> 05-2024 | J80: =LEFT(H80,4) -> 2024 | K80: SCS160714Q78 | L80: SADCAL CONSULTORIA Y SOLUCIONES INTEGRALES | M80: MAPV740707116 | N80: VERONICA MARTINEZ PEREZ | O80: PUE | P80: 03 | Q80: G03 | R80: MXN | S80: 1 | T80: |- Trabajos varios en herrería y plomería. | U80: 10000.00 | V80: 10000 | W80: 10000 | X80: 0 | Y80: 0 | Z80: 1600 | AA80: 0 | AB80: 0 | AC80: 0 | AD80: 0 | AE80: 0 | AF80: 11600
A81: 202405-I_E-SCS160714-S360.xml | B81: 4.0 | C81: I | D81: S | E81: 360 | F81: S360 | G81: 96C95311-C12A-4882-B78A-15E312DD9E9E | H81: 2024-05-20T09:47:35 | I81: =MID(H81,6,2)&"-"&LEFT(H81,4) -> 05-2024 | J81: =LEFT(H81,4) -> 2024 | K81: SCS160714Q78 | L81: SADCAL CONSULTORIA Y SOLUCIONES INTEGRALES | M81: AME860107KD9 | N81: SICONT MEX | O81: PUE | P81: 03 | Q81: G03 | R81: MXN | S81: 1 | T81: |- COMISIONES | U81: 4731.43 | V81: 4731.43 | W81: 4731.43 | X81: 0 | Y81: 0 | Z81: 757.03 | AA81: 0 | AB81: 0 | AC81: 0 | AD81: 0 | AE81: 0 | AF81: 5488.46
A82: 202405-I_E-SCS160714-S361.xml | B82: 4.0 | C82: I | D82: S | E82: 361 | F82: S361 | G82: E5266504-F93C-49BC-9BDA-19E7BD53BFBF | H82: 2024-05-20T11:16:22 | I82: =MID(H82,6,2)&"-"&LEFT(H82,4) -> 05-2024 | J82: =LEFT(H82,4) -> 2024 | K82: SCS160714Q78 | L82: SADCAL CONSULTORIA Y SOLUCIONES INTEGRALES | M82: MAPV740707116 | N82: VERONICA MARTINEZ PEREZ | O82: PUE | P82: 03 | Q82: G03 | R82: MXN | S82: 1 | T82: |- Revisión y diagnóstico de puertas automáticas SC Echegaray | U82: 2900.00 | V82: 2900 | W82: 2900 | X82: 0 | Y82: 0 | Z82: 464 | AA82: 0 | AB82: 0 | AC82: 0 | AD82: 0 | AE82: 0 | AF82: 3364
A83: 202405-I_E-SCS160714-S362.xml | B83: 4.0 | C83: I | D83: S | E83: 362 | F83: S362 | G83: 16D54AE4-2519-4E6C-910D-08071CF9B077 | H83: 2024-05-25T08:00:20 | I83: =MID(H83,6,2)&"-"&LEFT(H83,4) -> 05-2024 | J83: =LEFT(H83,4) -> 2024 | K83: SCS160714Q78 | L83: SADCAL CONSULTORIA Y SOLUCIONES INTEGRALES | M83: MAPV740707116 | N83: VERONICA MARTINEZ PEREZ | O83: PUE | P83: 03 | Q83: G03 | R83: MXN | S83: 1 | T83: |- Asesoria en trabajos de herrería Izcalli y electricidad Cuernavaca. | U83: 13000.00 | V83: 13000 | W83: 13000 | X83: 0 | Y83: 0 | Z83: 2080 | AA83: 0 | AB83: 0 | AC83: 0 | AD83: 0 | AE83: 0 | AF83: 15080
A84: 202405-I_E-SCS160714-S363.xml | B84: 4.0 | C84: I | D84: S | E84: 363 | F84: S363 | G84: AD33DF81-7171-44CB-B7EA-B1774D99D8E3 | H84: 2024-05-29T15:49:58 | I84: =MID(H84,6,2)&"-"&LEFT(H84,4) -> 05-2024 | J84: =LEFT(H84,4) -> 2024 | K84: SCS160714Q78 | L84: SADCAL CONSULTORIA Y SOLUCIONES INTEGRALES | M84: MAPV740707116 | N84: VERONICA MARTINEZ PEREZ | O84: PUE | P84: 03 | Q84: G03 | R84: MXN | S84: 1 | T84: |- Asesoria en control de puertas automáticas Sams Atrios Cuautla. | U84: 8000.00 | V84: 8000 | W84: 8000 | X84: 0 | Y84: 0 | Z84: 1280 | AA84: 0 | AB84: 0 | AC84: 0 | AD84: 0 | AE84: 0 | AF84: 9280
A85: 202405-I_E-SCS160714-S364.xml | B85: 4.0 | C85: I | D85: S | E85: 364 | F85: S364 | G85: 8A8834BC-4DC0-488A-83A9-8CC1C9E90D26 | H85: 2024-05-30T16:23:43 | I85: =MID(H85,6,2)&"-"&LEFT(H85,4) -> 05-2024 | J85: =LEFT(H85,4) -> 2024 | K85: SCS160714Q78 | L85: SADCAL CONSULTORIA Y SOLUCIONES INTEGRALES | M85: MAPV740707116 | N85: VERONICA MARTINEZ PEREZ | O85: PUE | P85: 03 | Q85: G03 | R85: MXN | S85: 1 | T85: |- Asesoria en sellado de techo plafón Centenario. | U85: 8000.00 | V85: 8000 | W85: 8000 | X85: 0 | Y85: 0 | Z85: 1280 | AA85: 0 | AB85: 0 | AC85: 0 | AD85: 0 | AE85: 0 | AF85: 9280
A86: 202405-P_E-SCS160714-SPAG72.xml | B86: 4.0 | C86: P | D86: SPAG | E86: 72 | F86: SPAG72 | G86: B6632F16-CED1-4922-94DB-4D1CA98A2F56 | H86: 2024-05-15T23:10:24 | I86: =MID(H86,6,2)&"-"&LEFT(H86,4) -> 05-2024 | J86: =LEFT(H86,4) -> 2024 | K86: SCS160714Q78 | L86: SADCAL CONSULTORIA Y SOLUCIONES INTEGRALES | M86: BGX1306145Z3 | N86: BAHNSEN G | Q86: CP01 | R86: XXX | S86: 0 | T86: |- Pago | U86: 0 | V86: 0 | W86: 0 | X86: 0 | Y86: 0 | Z86: 0 | AA86: 0 | AB86: 0 | AC86: 0 | AD86: 0 | AE86: 0 | AF86: 0
A87: 202405-P_E-SCS160714-SPAG73.xml | B87: 4.0 | C87: P | D87: SPAG | E87: 73 | F87: SPAG73 | G87: C7B9FC6A-710E-4E2D-8320-67F5385D00B9 | H87: 2024-05-17T12:51:16 | I87: =MID(H87,6,2)&"-"&LEFT(H87,4) -> 05-2024 | J87: =LEFT(H87,4) -> 2024 | K87: SCS160714Q78 | L87: SADCAL CONSULTORIA Y SOLUCIONES INTEGRALES | M87: CMU9005034K1 | N87: CORPORACION MUSSI | Q87: CP01 | R87: XXX | S87: 0 | T87: |- Pago | U87: 0 | V87: 0 | W87: 0 | X87: 0 | Y87: 0 | Z87: 0 | AA87: 0 | AB87: 0 | AC87: 0 | AD87: 0 | AE87: 0 | AF87: 0
I88: Total 05-2024 | V88: =SUBTOTAL(9,V74:V87) -> 93330.55 | W88: =SUBTOTAL(9,W74:W87) -> 93330.55 | X88: =SUBTOTAL(9,X74:X87) -> 0 | Y88: =SUBTOTAL(9,Y74:Y87) -> 0 | Z88: =SUBTOTAL(9,Z74:Z87) -> 14932.89 | AA88: =SUBTOTAL(9,AA74:AA87) -> 0 | AB88: =SUBTOTAL(9,AB74:AB87) -> 0 | AC88: =SUBTOTAL(9,AC74:AC87) -> 0 | ... AF88: =SUBTOTAL(9,AF74:AF87) -> 108263.44
I89: Total general | V89: =SUBTOTAL(9,V3:V87) -> 453829.26 | W89: =SUBTOTAL(9,W3:W87) -> 453829.26 | X89: =SUBTOTAL(9,X3:X87) -> 0 | Y89: =SUBTOTAL(9,Y3:Y87) -> 0 | Z89: =SUBTOTAL(9,Z3:Z87) -> 72612.68 | AA89: =SUBTOTAL(9,AA3:AA87) -> 0 | AB89: =SUBTOTAL(9,AB3:AB87) -> 0 | AC89: =SUBTOTAL(9,AC3:AC87) -> 0 | ... AF89: =SUBTOTAL(9,AF3:AF87) -> 526441.94

Sheet Recibidos
A1: GENERALES DEL COMPROBANTE | U1: OPERACIÓN COMERCIAL
A2: Archivo | B2: Version | C2: Tipo | D2: Serie | E2: Folio | F2: Clave | G2: UUID | H2: Fecha | I2: Periodo | J2: Ejercicio | K2: RFC Emisor | L2: Nombre Emisor | M2: RFC Receptor | N2: Nombre Receptor | O2: Met. Pago | P2: Forma Pago | Q2: Uso CFDI | R2: Moneda | S2: T.C. | T2: Conceptos CFDI | U2: Subt. CFDI | V2: Subt MXN | W2: Importe 16% | X2: Descuento | Y2: Base Tasa 0% | Z2: IVA | AA2: Base Exenta | AB2: Ret. ISR | AC2: Ret. IVA | AD2: imp.Local Tras | AE2: imp.Local Ret | AF2: Total
A3: 2024-01_FA_202302707380.pdf | B3: - | C3: I | D3: - | E3: - | F3: FA_202302707380 | G3: - | H3: 45316 | I3: 01-2024 | J3: 2024 | K3: 74-3093319 | L3: IONOS Inc | M3: SCS160714Q78 | N3: SADCAL CONSULTORIA Y SOLUCIONES INTEGRALES | O3: - | P3: 04 | Q3: - | R3: MXN | S3: 1 | T3: |- 90010289 - Servidor Virtual Cloud L | U3: 820 | V3: =ROUND(U3*S3,2) -> 820 | W3: =ROUND(V3/1.16,2) -> 706.9 | X3: 0 | Y3: 0 | Z3: =V3-W3 -> 113.1 | AA3: 0 | AB3: 0 | AC3: 0 | AD3: 0 | AE3: 0 | AF3: =W3-X3+Y3+Z3+AA3-AB3-AC3+AD3-AE3 -> 820
A4: 2024-01_FA_202302709071.pdf | B4: - | C4: I | D4: - | E4: - | F4: FA_202302709071 | G4: - | H4: 45317 | I4: 01-2024 | J4: 2024 | K4: 74-3093319 | L4: IONOS Inc | M4: SCS160714Q78 | N4: SADCAL CONSULTORIA Y SOLUCIONES INTEGRALES | O4: - | P4: 04 | Q4: - | R4: MXN | S4: 1 | T4: |- 90752625 - Servidor Virtual Cloud RAM XL | U4: 1760 | V4: =ROUND(U4*S4,2) -> 1760 | W4: =ROUND(V4/1.16,2) -> 1517.24 | X4: 0 | Y4: 0 | Z4: =V4-W4 -> 242.76 | AA4: 0 | AB4: 0 | AC4: 0 | AD4: 0 | AE4: 0 | AF4: =W4-X4+Y4+Z4+AA4-AB4-AC4+AD4-AE4 -> 1760
A5: 2024-01_136758671727.pdf | B5: - | C5: I | D5: - | E5: - | F5: 136758671727 | G5: - | H5: 45322 | I5: 01-2024 | J5: 2024 | K5: 84-2805822 | L5: Apple Services LATAM LLC | M5: SCS160714Q78 | N5: SADCAL CONSULTORIA Y SOLUCIONES INTEGRALES | O5: - | P5: 28 | Q5: - | R5: MXN | S5: 1 | T5: |- Unlock BattlePass SP.Reward II | U5: 1119.83 | V5: =ROUND(U5*S5,2) -> 1119.83 | W5: 1119.83 | X5: 0 | Y5: 0 | Z5: 179.17 | AA5: 0 | AB5: 0 | AC5: 0 | AD5: 0 | AE5: 0 | AF5: =W5-X5+Y5+Z5+AA5-AB5-AC5+AD5-AE5 -> 1299
A6: 2024-01_136758671728.pdf | B6: - | C6: I | D6: - | E6: - | F6: 136758671728 | G6: - | H6: 45322 | I6: 01-2024 | J6: 2024 | K6: 84-2805822 | L6: Apple Services LATAM LLC | M6: SCS160714Q78 | N6: SADCAL CONSULTORIA Y SOLUCIONES INTEGRALES | O6: - | P6: 28 | Q6: - | R6: MXN | S6: 1 | T6: |- Unlock BattlePass SP. Reward I | U6: 214.66 | V6: =ROUND(U6*S6,2) -> 214.66 | W6: 214.66 | X6: 0 | Y6: 0 | Z6: 34.34 | AA6: 0 | AB6: 0 | AC6: 0 | AD6: 0 | AE6: 0 | AF6: =W6-X6+Y6+Z6+AA6-AB6-AC6+AD6-AE6 -> 249
A7: 2024-01_166755348125.pdf | B7: - | C7: I | D7: - | E7: - | F7: 166755348125 | G7: - | H7: 45313 | I7: 01-2024 | J7: 2024 | K7: 84-2805822 | L7: Apple Services LATAM LLC | M7: SCS160714Q78 | N7: SADCAL CONSULTORIA Y SOLUCIONES INTEGRALES | O7: - | P7: 28 | Q7: - | R7: MXN | S7: 1 | T7: |- Winter BP SP Reward I Unlock | U7: 21.55 | V7: =ROUND(U7*S7,2) -> 21.55 | W7: 21.55 | X7: 0 | Y7: 0 | Z7: 3.45 | AA7: 0 | AB7: 0 | AC7: 0 | AD7: 0 | AE7: 0 | AF7: =W7-X7+Y7+Z7+AA7-AB7-AC7+AD7-AE7 -> 25
A8: 2024-01_166755348126.pdf | B8: - | C8: I | D8: - | E8: - | F8: 166755348126 | G8: - | H8: 45313 | I8: 01-2024 | J8: 2024 | K8: 84-2805822 | L8: Apple Services LATAM LLC | M8: SCS160714Q78 | N8: SADCAL CONSULTORIA Y SOLUCIONES INTEGRALES | O8: - | P8: 28 | Q8: - | R8: MXN | S8: 1 | T8: |- 28-Day Remove Ads Special Pack | U8: 21.55 | V8: =ROUND(U8*S8,2) -> 21.55 | W8: 21.55 | X8: 0 | Y8: 0 | Z8: 3.45 | AA8: 0 | AB8: 0 | AC8: 0 | AD8: 0 | AE8: 0 | AF8: =W8-X8+Y8+Z8+AA8-AB8-AC8+AD8-AE8 -> 25
A9: 2024-01_192752577556.pdf | B9: - | C9: I | D9: - | E9: - | F9: 192752577556 | G9: - | H9: 45307 | I9: 01-2024 | J9: 2024 | K9: 84-2805822 | L9: Apple Services LATAM LLC | M9: SCS160714Q78 | N9: SADCAL CONSULTORIA Y SOLUCIONES INTEGRALES | O9: - | P9: 28 | Q9: - | R9: MXN | S9: 1 | T9: |- Unlock BattlePass SP. Reward I | U9: 214.66 | V9: =ROUND(U9*S9,2) -> 214.66 | W9: 214.66 | X9: 0 | Y9: 0 | Z9: 34.34 | AA9: 0 | AB9: 0 | AC9: 0 | AD9: 0 | AE9: 0 | AF9: =W9-X9+Y9+Z9+AA9-AB9-AC9+AD9-AE9 -> 249
A10: 2024-01_203757985226.pdf | B10: - | C10: I | D10: - | E10: - | F10: 203757985226 | G10: - | H10: 45320 | I10: 01-2024 | J10: 2024 | K10: 84-2805822 | L10: Apple Services LATAM LLC | M10: SCS160714Q78 | N10: SADCAL CONSULTORIA Y SOLUCIONES INTEGRALES | O10: - | P10: 28 | Q10: - | R10: MXN | S10: 1 | T10: |- Winter BP SP Reward II Unlock | U10: 214.66 | V10: =ROUND(U10*S10,2) -> 214.66 | W10: 214.66 | X10: 0 | Y10: 0 | Z10: 34.34 | AA10: 0 | AB10: 0 | AC10: 0 | AD10: 0 | AE10: 0 | AF10: =W10-X10+Y10+Z10+AA10-AB10-AC10+AD10-AE10 -> 249
A11: 2024-01_203757985227.pdf | B11: - | C11: I | D11: - | E11: - | F11: 203757985227 | G11: - | H11: 45320 | I11: 01-2024 | J11: 2024 | K11: 84-2805822 | L11: Apple Services LATAM LLC | M11: SCS160714Q78 | N11: SADCAL CONSULTORIA Y SOLUCIONES INTEGRALES | O11: - | P11: 28 | Q11: - | R11: MXN | S11: 1 | T11: |- Winter Season AP Package | U11: 42.24 | V11: =ROUND(U11*S11,2) -> 42.24 | W11: 42.24 | X11: 0 | Y11: 0 | Z11: 6.76 | AA11: 0 | AB11: 0 | AC11: 0 | AD11: 0 | AE11: 0 | AF11: =W11-X11+Y11+Z11+AA11-AB11-AC11+AD11-AE11 -> 49
A12: 202401-I_E-AME860107-A770951.xml | B12: 4.0 | C12: I | D12: A | E12: 770951 | F12: A770951 | G12: FD82B532-EFF3-4B20-AE94-AB73228B86AA | H12: 2024-01-10T01:00:00 | I12: 01-2024 | J12: 2024 | K12: AME860107KD9 | L12: SICONT MEX | M12: SCS160714Q78 | N12: SADCAL CONSULTORIA Y SOLUCIONES INTEGRALES | O12: PUE | P12: 04 | Q12: G01 | R12: MXN | S12: 1 | T12: |- Clave(s) de Prepago de 400 Timbres | U12: 442.00 | V12: 442 | W12: 442 | X12: 0 | Y12: 0 | Z12: 70.72 | AA12: 0 | AB12: 0 | AC12: 0 | AD12: 0 | AE12: 0 | AF12: 512.72
A13: 202401-I_E-AME860107-A770964.xml | B13: 4.0 | C13: I | D13: A | E13: 770964 | F13: A770964 | G13: 5E089E06-DCB3-45F6-B4DD-74430545C623 | H13: 2024-01-10T01:00:00 | I13: 01-2024 | J13: 2024 | K13: AME860107KD9 | L13: SICONT MEX | M13: SCS160714Q78 | N13: SADCAL CONSULTORIA Y SOLUCIONES INTEGRALES | O13: PUE | P13: 04 | Q13: G01 | R13: MXN | S13: 1 | T13: |- Clave(s) de Prepago de 50 Timbres | U13: 175.00 | V13: 175 | W13: 175 | X13: 0 | Y13: 0 | Z13: 28 | AA13: 0 | AB13: 0 | AC13: 0 | AD13: 0 | AE13: 0 | AF13: 203
A14: 202401-I_E-AME860107-A775855.xml | B14: 4.0 | C14: I | D14: A | E14: 775855 | F14: A775855 | G14: 80F2CBEF-C597-413D-BEC9-96EC63336C50 | H14: 2024-01-12T01:00:00 | I14: 01-2024 | J14: 2024 | K14: AME860107KD9 | L14: SICONT MEX | M14: SCS160714Q78 | N14: SADCAL CONSULTORIA Y SOLUCIONES INTEGRALES | O14: PUE | P14: 04 | Q14: G01 | R14: MXN | S14: 1 | T14: |- Clave(s) de Prepago de 400 Timbres | U14: 442.00 | V14: 442 | W14: 442 | X14: 0 | Y14: 0 | Z14: 70.72 | AA14: 0 | AB14: 0 | AC14: 0 | AD14: 0 | AE14: 0 | AF14: 512.72
A15: 202401-I_E-AME860107-A816057.xml | B15: 4.0 | C15: I | D15: A | E15: 816057 | F15: A816057 | G15: B338646A-0602-464B-B9DB-E47F79287DDE | H15: 2024-01-30T01:00:00 | I15: 01-2024 | J15: 2024 | K15: AME860107KD9 | L15: SICONT MEX | M15: SCS160714Q78 | N15: SADCAL CONSULTORIA Y SOLUCIONES INTEGRALES | O15: PUE | P15: 04 | Q15: G01 | R15: MXN | S15: 1 | T15: |- 1 Actualización Sistema Base Aspel-COI 10.0 (Incluye 1 Usuario) |- 1 Usuario(s) Adicional(es) Nuevo(s) Aspel-COI |- 1 Usuario(s) Adicional(es) de Actualización Aspel-COI 10.0 | U15: 8287.64 | V15: 8287.64 | W15: 8287.64 | X15: 0 | Y15: 0 | Z15: 1326.01 | AA15: 0 | AB15: 0 | AC15: 0 | AD15: 0 | AE15: 0 | AF15: 9613.65
A16: 202401-I_E-AME860107-A817611.xml | B16: 4.0 | C16: I | D16: A | E16: 817611 | F16: A817611 | G16: 0C57456C-08E1-4151-915F-977809C5F71D | H16: 2024-01-30T01:00:00 | I16: 01-2024 | J16: 2024 | K16: AME860107KD9 | L16: SICONT MEX | M16: SCS160714Q78 | N16: SADCAL CONSULTORIA Y SOLUCIONES INTEGRALES | O16: PUE | P16: 04 | Q16: G01 | R16: MXN | S16: 1 | T16: |- Clave(s) de Prepago de 10,000 Timbres | U16: 4600.00 | V16: 4600 | W16: 4600 | X16: 0 | Y16: 0 | Z16: 736 | AA16: 0 | AB16: 0 | AC16: 0 | AD16: 0 | AE16: 0 | AF16: 5336
A17: 202401-I_E-DLI931201-LWFM2406529.xml | B17: 4.0 | C17: I | D17: LWFM | E17: 2406529 | F17: LWFM2406529 | G17: 64776BEB-1BEE-5FBC-9A28-3C1C466DF289 | H17: 2024-01-31T20:39:03 | I17: 01-2024 | J17: 2024 | K17: DLI931201MI9 | L17: DISTRIBUIDORA LIVERPOOL | M17: SCS160714Q78 | N17: SADCAL CONSULTORIA Y SOLUCIONES INTEGRALES | O17: PUE | P17: 28 | Q17: G03 | R17: MXN | S17: 1 | T17: |- MERCANCIA | U17: 111.21 | V17: 111.21 | W17: 111.21 | X17: 0 | Y17: 0 | Z17: 17.79 | AA17: 0 | AB17: 0 | AC17: 0 | AD17: 0 | AE17: 0 | AF17: 129
A18: 202401-I_E-DLI931201-LWFM2406532.xml | B18: 4.0 | C18: I | D18: LWFM | E18: 2406532 | F18: LWFM2406532 | G18: A865E8EE-66DB-5819-923E-8EF7E191CF1C | H18: 2024-01-31T20:41:09 | I18: 01-2024 | J18: 2024 | K18: DLI931201MI9 | L18: DISTRIBUIDORA LIVERPOOL | M18: SCS160714Q78 | N18: SADCAL CONSULTORIA Y SOLUCIONES INTEGRALES | O18: PUE | P18: 28 | Q18: G03 | R18: MXN | S18: 1 | T18: |- MERCANCIA | U18: 116.38 | V18: 116.38 | W18: 116.38 | X18: 0 | Y18: 0 | Z18: 18.62 | AA18: 0 | AB18: 0 | AC18: 0 | AD18: 0 | AE18: 0 | AF18: 135
A19: 202401-I_E-DLI931201-LWFM2406534.xml | B19: 4.0 | C19: I | D19: LWFM | E19: 2406534 | F19: LWFM2406534 | G19: 0FFD36A3-6581-5F8D-81E3-0B8E4431154D | H19: 2024-01-31T20:42:07 | I19: 01-2024 | J19: 2024 | K19: DLI931201MI9 | L19: DISTRIBUIDORA LIVERPOOL | M19: SCS160714Q78 | N19: SADCAL CONSULTORIA Y SOLUCIONES INTEGRALES | O19: PPD | P19: 99 | Q19: G03 | R19: MXN | S19: 1 | T19: |- CONSUMO RESTAURANTE | U19: 258.36 | V19: 258.36 | W19: 258.36 | X19: 0 | Y19: 0 | Z19: 41.34 | AA19: 0 | AB19: 0 | AC19: 0 | AD19: 0 | AE19: 0 | AF19: 299.7
A20: 202401-I_E-DLI931201-LWFM2406536.xml | B20: 4.0 | C20: I | D20: LWFM | E20: 2406536 | F20: LWFM2406536 | G20: E57452F9-69B4-56D7-8B81-25440D25F722 | H20: 2024-01-31T20:42:48 | I20: 01-2024 | J20: 2024 | K20: DLI931201MI9 | L20: DISTRIBUIDORA LIVERPOOL | M20: SCS160714Q78 | N20: SADCAL CONSULTORIA Y SOLUCIONES INTEGRALES | O20: PUE | P20: 01 | Q20: G03 | R20: MXN | S20: 1 | T20: |- CONSUMO RESTAURANTE | U20: 38.02 | V20: 38.02 | W20: 38.02 | X20: 0 | Y20: 0 | Z20: 6.08 | AA20: 0 | AB20: 0 | AC20: 0 | AD20: 0 | AE20: 0 | AF20: 44.1
A21: 202401-I_E-DLI931201-LWFM2406540.xml | B21: 4.0 | C21: I | D21: LWFM | E21: 2406540 | F21: LWFM2406540 | G21: 1F206B17-2779-582F-A048-82DD59D11A12 | H21: 2024-01-31T20:45:13 | I21: 01-2024 | J21: 2024 | K21: DLI931201MI9 | L21: DISTRIBUIDORA LIVERPOOL | M21: SCS160714Q78 | N21: SADCAL CONSULTORIA Y SOLUCIONES INTEGRALES | O21: PUE | P21: 04 | Q21: G03 | R21: MXN | S21: 1 | T21: |- CONSUMO RESTAURANTE | U21: 418.97 | V21: 418.97 | W21: 418.97 | X21: 0 | Y21: 0 | Z21: 67.04 | AA21: 0 | AB21: 0 | AC21: 0 | AD21: 0 | AE21: 0 | AF21: 486.01
A22: 202401-I_E-DLI931201-LWFM2406550.xml | B22: 4.0 | C22: I | D22: LWFM | E22: 2406550 | F22: LWFM2406550 | G22: ED02F868-A3EA-52BD-83B4-F6E3C14D57DF | H22: 2024-01-31T20:52:29 | I22: 01-2024 | J22: 2024 | K22: DLI931201MI9 | L22: DISTRIBUIDORA LIVERPOOL | M22: SCS160714Q78 | N22: SADCAL CONSULTORIA Y SOLUCIONES INTEGRALES | O22: PUE | P22: 01 | Q22: G03 | R22: MXN | S22: 1 | T22: |- CONSUMO RESTAURANTE | U22: 815.52 | V22: 815.52 | W22: 815.52 | X22: 0 | Y22: 0 | Z22: 130.48 | AA22: 0 | AB22: 0 | AC22: 0 | AD22: 0 | AE22: 0 | AF22: 946
A23: 202401-I_E-IEA120222-FFNZ4989.xml | B23: 4.0 | C23: I | D23: FFNZ | E23: 4989 | F23: FFNZ4989 | G23: 0E4FAE34-D65F-4F9B-86B2-9CF98B92720D | H23: 2024-01-06T21:28:06 | I23: 01-2024 | J23: 2024 | K23: IEA120222855 | L23: INGENIERIA EN ALIMENTOS ADA | M23: SCS160714Q78 | N23: SADCAL CONSULTORIA Y SOLUCIONES INTEGRALES | O23: PUE | P23: 04 | Q23: G03 | R23: MXN | S23: 1 | T23: |- CONSUMO EN RESTAURANTES | U23: 284.48 | V23: 284.48 | W23: 284.48 | X23: 0 | Y23: 0 | Z23: 45.52 | AA23: 0 | AB23: 0 | AC23: 0 | AD23: 0 | AE23: 0 | AF23: 330
... A33: 202401-I_E-SHE190630-FTDA7695032.xml | B33: 4.0 | C33: I | D33: FTDA | E33: 7695032 | F33: FTDA7695032 | G33: 15992E63-E170-4DA9-A245-095B9C1197BC | H33: 2024-01-06T21:21:16 | I33: 01-2024 | J33: 2024 | K33: SHE190630V37 | L33: SANBORN HERMANOS | M33: SCS160714Q78 | N33: SADCAL CONSULTORIA Y SOLUCIONES INTEGRALES | O33: PUE | P33: 04 | Q33: G03 | R33: MXN | S33: 1 | T33: |- EARPODS WITH LIGHTNING CONNECT | U33: 473.28 | V33: 473.28 | W33: 473.28 | X33: 0 | Y33: 0 | Z33: 75.72 | AA33: 0 | AB33: 0 | AC33: 0 | AD33: 0 | AE33: 0 | AF33: 549
A34: 202401-I_E-TME840315-b2f795.xml | B34: 4.0 | C34: I | F34: b2f795 | G34: b2f795a0-2406-42c8-898b-736228757323 | H34: 2024-01-25T03:28:55 | I34: 01-2024 | J34: 2024 | K34: TME840315KT6 | L34: TELEFONOS DE MEXICO | M34: SCS160714Q78 | N34: SADCAL CONSULTORIA Y SOLUCIONES INTEGRALES | O34: PPD | P34: 99 | Q34: G03 | R34: MXN | S34: 1 | T34: |- Servicios de Telecomunicaciones | U34: 585.76 | V34: 585.76 | W34: 516.37 | X34: 0 | Y34: 0 | Z34: 82.62 | AA34: 0 | AB34: 0 | AC34: 0 | AD34: 0 | AE34: 0 | AF34: 598.99
A35: 2024-01_INV236182935.pdf | B35: - | C35: I | D35: - | E35: - | F35: INV236182935 | G35: - | H35: 45304 | I35: 01-2024 | J35: 2024 | K35: ZVC110421C76 | L35: Zoom Video Communications Inc. | M35: SCS160714Q78 | N35: SADCAL CONSULTORIA Y SOLUCIONES INTEGRALES | O35: - | P35: 04 | Q35: - | R35: USD | S35: 16.9898 | T35: |- Zoom One Pro Monthly | U35: 15.99 | V35: =ROUND(U35*S35,2) -> 271.67 | W35: =V35 -> 271.67 | X35: 0 | Y35: 0 | Z35: =ROUND(W35*0.16,2) -> 43.47 | AA35: 0 | AB35: 0 | AC35: 0 | AD35: 0 | AE35: 0 | AF35: =W35-X35+Y35+Z35+AA35-AB35-AC35+AD35-AE35 -> 315.14
I36: Total 01-2024 | W36: =SUBTOTAL(9,W3:W35) -> 24465.57 | X36: =SUBTOTAL(9,X3:X35) -> 0 | Y36: =SUBTOTAL(9,Y3:Y35) -> 466 | Z36: =SUBTOTAL(9,Z3:Z35) -> 3914.46 | AA36: =SUBTOTAL(9,AA3:AA35) -> 0 | AB36: =SUBTOTAL(9,AB3:AB35) -> 0 | AC36: =SUBTOTAL(9,AC3:AC35) -> 0 | AD36: =SUBTOTAL(9,AD3:AD35) -> 0 | ... AF36: =SUBTOTAL(9,AF3:AF35) -> 28846.03
A37: 2024-02_FA_202302745728.pdf | B37: - | C37: I | D37: - | E37: - | F37: FA_202302745728 | G37: - | H37: 45347 | I37: 02-2024 | J37: 2024 | K37: 74-3093319 | L37: IONOS Inc | M37: SCS160714Q78 | N37: SADCAL CONSULTORIA Y SOLUCIONES INTEGRALES | O37: - | P37: 04 | Q37: - | R37: MXN | S37: 1 | T37: |- 90010289 - Servidor Virtual Cloud L | U37: 821.38 | V37: =ROUND(U37*S37,2) -> 821.38 | W37: =ROUND(V37/1.16,2) -> 708.09 | X37: 0 | Y37: 0 | Z37: =V37-W37 -> 113.29 | AA37: 0 | AB37: 0 | AC37: 0 | AD37: 0 | AE37: 0 | AF37: =W37-X37+Y37+Z37+AA37-AB37-AC37+AD37-AE37 -> 821.38
A38: 2024-02_FA_202302747302.pdf | B38: - | C38: I | D38: - | E38: - | F38: FA_202302747302 | G38: - | H38: 45348 | I38: 02-2024 | J38: 2024 | K38: 74-3093319 | L38: IONOS Inc | M38: SCS160714Q78 | N38: SADCAL CONSULTORIA Y SOLUCIONES INTEGRALES | O38: - | P38: 04 | Q38: - | R38: MXN | S38: 1 | T38: |- 90752625 - Servidor Virtual Cloud RAM XL | U38: 1763.78 | V38: =ROUND(U38*S38,2) -> 1763.78 | W38: =ROUND(V38/1.16,2) -> 1520.5 | X38: 0 | Y38: 0 | Z38: =V38-W38 -> 243.28 | AA38: 0 | AB38: 0 | AC38: 0 | AD38: 0 | AE38: 0 | AF38: =W38-X38+Y38+Z38+AA38-AB38-AC38+AD38-AE38 -> 1763.78
A39: 2024-02_148760081709.pdf | B39: - | C39: I | D39: - | E39: - | F39: 148760081709 | G39: - | H39: 45327 | I39: 02-2024 | J39: 2024 | K39: 84-2805822 | L39: Apple Services LATAM LLC | M39: SCS160714Q78 | N39: SADCAL CONSULTORIA Y SOLUCIONES INTEGRALES | O39: - | P39: 28 | Q39: - | R39: MXN | S39: 1 | T39: |- Unlock Re.BP Special Reward I | U39: 85.35 | V39: =ROUND(U39*S39,2) -> 85.35 | W39: 85.35 | X39: 0 | Y39: 0 | Z39: 13.65 | AA39: 0 | AB39: 0 | AC39: 0 | AD39: 0 | AE39: 0 | AF39: =W39-X39+Y39+Z39+AA39-AB39-AC39+AD39-AE39 -> 99
A40: 2024-02_148760081710.pdf | B40: - | C40: I | D40: - | E40: - | F40: 148760081710 | G40: - | H40: 45327 | I40: 02-2024 | J40: 2024 | K40: 84-2805822 | L40: Apple Services LATAM LLC | M40: SCS160714Q78 | N40: SADCAL CONSULTORIA Y SOLUCIONES INTEGRALES | O40: - | P40: 28 | Q40: - | R40: MXN | S40: 1 | T40: |- Unlock Re.BP Special Reward II | U40: 688.79 | V40: =ROUND(U40*S40,2) -> 688.79 | W40: 688.79 | X40: 0 | Y40: 0 | Z40: 110.21 | AA40: 0 | AB40: 0 | AC40: 0 | AD40: 0 | AE40: 0 | AF40: =W40-X40+Y40+Z40+AA40-AB40-AC40+AD40-AE40 -> 799
A41: 2024-02_131770912168.pdf | B41: - | C41: I | D41: - | E41: - | F41: 131770912168 | G41: - | H41: 45350 | I41: 02-2024 | J41: 2024 | K41: 84-2805822 | L41: Apple Services LATAM LLC | M41: SCS160714Q78 | N41: SADCAL CONSULTORIA Y SOLUCIONES INTEGRALES | O41: - | P41: 28 | Q41: - | R41: MXN | S41: 1 | T41: |- 28-Day Remove Ads Special Pack | U41: 21.55 | V41: =ROUND(U41*S41,2) -> 21.55 | W41: 21.55 | X41: 0 | Y41: 0 | Z41: 3.45 | AA41: 0 | AB41: 0 | AC41: 0 | AD41: 0 | AE41: 0 | AF41: =W41-X41+Y41+Z41+AA41-AB41-AC41+AD41-AE41 -> 25
A42: 202402-I_E-AME210909-H1S33506.xml | B42: 4.0 | C42: I | D42: H1S | E42: 33506 | F42: H1S33506 | G42: B8ACD9FC-80D1-4C5F-8E9C-73797EF19BFD | H42: 2024-02-10T10:02:38 | I42: 02-2024 | J42: 2024 | K42: AME2109095C6 | L42: ABASH MEDICAL | M42: SCS160714Q78 | N42: SADCAL CONSULTORIA Y SOLUCIONES INTEGRALES | O42: PUE | P42: 28 | Q42: G03 | R42: MXN | S42: 1 | T42: |- Despigmentante crema antimanchas 30 g |- Gel Moco De Gorila Rock 270G |- Enj Buc List Whit Extrem 236ml | U42: 555.05 | V42: 555.05 | W42: 555.05 | X42: 0 | Y42: 0 | Z42: 88.81 | AA42: 0 | AB42: 0 | AC42: 0 | AD42: 0 | AE42: 0 | AF42: 643.86
A43: 202402-I_E-AME860107-A884317.xml | B43: 4.0 | C43: I | D43: A | E43: 884317 | F43: A884317 | G43: 6329E5BB-1927-4CED-8FF4-62CE88001DE0 | H43: 2024-02-28T01:00:00 | I43: 02-2024 | J43: 2024 | K43: AME860107KD9 | L43: SICONT MEX | M43: SCS160714Q78 | N43: SADCAL CONSULTORIA Y SOLUCIONES INTEGRALES | O43: PUE | P43: 04 | Q43: G01 | R43: MXN | S43: 1 | T43: |- Clave(s) de Prepago de 50 Timbres | U43: 175.00 | V43: 175 | W43: 175 | X43: 0 | Y43: 0 | Z43: 28 | AA43: 0 | AB43: 0 | AC43: 0 | AD43: 0 | AE43: 0 | AF43: 203
A44: 202402-I_E-APU640930-AP080150727750.xml | B44: 4.0 | C44: I | D44: AP | E44: 080150727750 | F44: AP080150727750 | G44: B4BFE738-4CEE-42DC-8DAB-0EA7F165113D | H44: 2024-02-29T22:05:26 | I44: 02-2024 | J44: 2024 | K44: APU640930KV9 | L44: AUTOS PULLMAN | M44: SCS160714Q78 | N44: SADCAL CONSULTORIA Y SOLUCIONES INTEGRALES | O44: PUE | P44: 28 | Q44: G03 | R44: MXN | S44: 1 | T44: |- SERVICIOS DE BUSES CON HORARIOS PROGRAMADOS-SERVICIOS DE VIAJE ADO OAXACA-MEXICO TAPO MXD FOL. 080150727750 ASIENTO. 39 22-01-2024 | U44: 755.17 | V44: 755.17 | W44: 755.17 | X44: 0 | Y44: 0 | Z44: 120.83 | AA44: 0 | AB44: 0 | AC44: 0 | AD44: 0 | AE44: 0 | AF44: 876
A45: 202402-I_E-APU640930-AP080150727751.xml | B45: 4.0 | C45: I | D45: AP | E45: 080150727751 | F45: AP080150727751 | G45: 3358F310-10E8-4A7C-8A26-F4EE97D92771 | H45: 2024-02-29T22:04:32 | I45: 02-2024 | J45: 2024 | K45: APU640930KV9 | L45: AUTOS PULLMAN | M45: SCS160714Q78 | N45: SADCAL CONSULTORIA Y SOLUCIONES INTEGRALES | O45: PUE | P45: 28 | Q45: G03 | R45: MXN | S45: 1 | T45: |- SERVICIOS DE BUSES CON HORARIOS PROGRAMADOS-SERVICIOS DE VIAJE ADO OAXACA-MEXICO TAPO MXD FOL. 080150727751 ASIENTO. 40 22-01-2024 | U45: 755.17 | V45: 755.17 | W45: 755.17 | X45: 0 | Y45: 0 | Z45: 120.83 | AA45: 0 | AB45: 0 | AC45: 0 | AD45: 0 | AE45: 0 | AF45: 876
A46: 202402-I_E-BII931004-ENE7426650055286517.xml | B46: 4.0 | C46: I | D46: ENE74266 | E46: 50055286517 | F46: ENE7426650055286517 | G46: 6d397f37-5cc0-45af-b854-4826c36ecb68 | H46: 2024-02-03T11:57:03 | I46: 02-2024 | J46: 2024 | K46: BII931004P61 | L46: BANCO INBURSA SA, INSTITUCION DE BANCA MULTIPLE, GRUPO FINANCIERO INBURSA | M46: SCS160714Q78 | N46: SADCAL CONSULTORIA Y SOLUCIONES INTEGRALES | O46: PUE | P46: 03 | Q46: G03 | R46: MXN | S46: 1 | T46: |- COMISION POR MOVIMIENTOS INBUREDCOMISION POR MOVIMIENTOS INBURED |- COMISION MANEJO DE CUENTA | U46: 185.05 | V46: 185.05 | W46: 185.05 | X46: 0 | Y46: 0 | Z46: 29.61 | AA46: 0 | AB46: 0 | AC46: 0 | AD46: 0 | AE46: 0 | AF46: 214.66
A47: 202402-I_E-CLI150721-CHCN266143.xml | B47: 4.0 | C47: I | D47: CHCN | E47: 266143 | F47: CHCN266143 | G47: 05fa7e91-ae9e-4531-9eda-77d33ea34b7b | H47: 2024-02-21T10:38:08 | I47: 02-2024 | J47: 2024 | K47: CLI1507218G2 | L47: CHCN LIGHTING | M47: SCS160714Q78 | N47: SADCAL CONSULTORIA Y SOLUCIONES INTEGRALES | O47: PUE | P47: 01 | Q47: G03 | R47: MXN | S47: 1 | T47: |- LAMPARA DE SOBREPONER 18W | U47: 401.74 | V47: 401.74 | W47: 401.74 | X47: 0 | Y47: 0 | Z47: 64.28 | AA47: 0 | AB47: 0 | AC47: 0 | AD47: 0 | AE47: 0 | AF47: 466.02
A48: 202402-I_E-CON160725-C22270.xml | B48: 4.0 | C48: I | D48: C | E48: 22270 | F48: C22270 | G48: 05652A01-BA0D-4AE5-A0C5-85912B95E372 | H48: 2024-02-28T10:36:34 | I48: 02-2024 | J48: 2024 | K48: CON160725DJ6 | L48: CONCOISA | M48: SCS160714Q78 | N48: SADCAL CONSULTORIA Y SOLUCIONES INTEGRALES | O48: PUE | P48: 03 | Q48: G01 | R48: MXN | S48: 1 | T48: |- SALCHICHA SL1- 600 ML | U48: 1310.00 | V48: 1310 | W48: 1310 | X48: 0 | Y48: 0 | Z48: 209.6 | AA48: 0 | AB48: 0 | AC48: 0 | AD48: 0 | AE48: 0 | AF48: 1519.6
A49: 202402-I_E-DLI931201-LWFM2409218.xml | B49: 4.0 | C49: I | D49: LWFM | E49: 2409218 | F49: LWFM2409218 | G49: BE37C8F9-5711-5654-A10E-9FA8429AF0FF | H49: 2024-02-14T15:27:39 | I49: 02-2024 | J49: 2024 | K49: DLI931201MI9 | L49: DISTRIBUIDORA LIVERPOOL | M49: SCS160714Q78 | N49: SADCAL CONSULTORIA Y SOLUCIONES INTEGRALES | O49: PUE | P49: 28 | Q49: G03 | R49: MXN | S49: 1 | T49: |- MERCANCIA | U49: 385.34 | V49: 385.34 | W49: 385.34 | X49: 0 | Y49: 0 | Z49: 61.65 | AA49: 0 | AB49: 0 | AC49: 0 | AD49: 0 | AE49: 0 | AF49: 446.99
A50: 202402-I_E-FAR000207-WFAC220381.xml | B50: 4.0 | C50: I | D50: WFAC | E50: 220381 | F50: WFAC220381 | G50: E56369D4-E58F-4D4C-ABA7-2544DF4F479B | H50: 2024-02-14T16:13:33 | I50: 02-2024 | J50: 2024 | K50: FAR000207LZ6 | L50: FARRAM | M50: SCS160714Q78 | N50: SADCAL CONSULTORIA Y SOLUCIONES INTEGRALES | O50: PUE | P50: 28 | Q50: G03 | R50: MXN | S50: 1 | T50: |- BLOQUEADOR ECOFRIEND | U50: 214.66 | V50: 214.66 | W50: 214.66 | X50: 0 | Y50: 0 | Z50: 34.35 | AA50: 0 | AB50: 0 | AC50: 0 | AD50: 0 | AE50: 0 | AF50: 249.01
A51: 202402-I_E-FAR000207-WFAC257188.xml | B51: 4.0 | C51: I | D51: WFAC | E51: 257188 | F51: WFAC257188 | G51: 4241CBE2-B6BD-4124-ADAB-EF790A6BA6F8 | H51: 2024-02-14T16:15:26 | I51: 02-2024 | J51: 2024 | K51: FAR000207LZ6 | L51: FARRAM | M51: SCS160714Q78 | N51: SADCAL CONSULTORIA Y SOLUCIONES INTEGRALES | O51: PUE | P51: 28 | Q51: G03 | R51: MXN | S51: 1 | T51: |- CUBREBOCA TRIPLE PLI |- OXIMETAZOLINA AD 50M | U51: 122.72 | V51: 122.72 | W51: 26.75 | X51: 0 | Y51: 86.37 | Z51: 4.28 | AA51: 0 | AB51: 0 | AC51: 0 | AD51: 0 | AE51: 0 | AF51: 117.4
A52: 202402-I_E-FSI970908-FPMXFS3199909.xml | B52: 4.0 | C52: I | D52: FPMXFS | E52: 3199909 | F52: FPMXFS3199909 | G52: 0A493301-C602-1948-A7CB-929CA79FA749 | H52: 2024-02-14T17:10:45 | I52: 02-2024 | J52: 2024 | K52: FSI970908ML5 | L52: FARMACIAS DE SIMILARES | M52: SCS160714Q78 | N52: SADCAL CONSULTORIA Y SOLUCIONES INTEGRALES | O52: PUE | P52: 01 | Q52: G03 | R52: MXN | S52: 1 | T52: |- MATRICARIA REC 0.25M |- BLOQUEADOR 50+125GR | U52: 168.83 | V52: 168.83 | W52: 119.83 | X52: 0 | Y52: 49 | Z52: 19.17 | AA52: 0 | AB52: 0 | AC52: 0 | AD52: 0 | AE52: 0 | AF52: 188
A53: 202402-I_E-IRA060907-MCHII18150.xml | B53: 4.0 | C53: I | D53: MCHII | E53: 18150 | F53: MCHII18150 | G53: 026571f5-3b3b-40ff-ad7a-b3cd87631928 | H53: 2024-02-26T22:31:56 | I53: 02-2024 | J53: 2024 | K53: IRA060907R36 | L53: INMOBILIARIA ROJAS & GAS | M53: SCS160714Q78 | N53: SADCAL CONSULTORIA Y SOLUCIONES INTEGRALES | O53: PUE | P53: 01 | Q53: G03 | R53: MXN | S53: 1 | T53: |- 32011.MAGNA | U53: 129.80 | V53: 129.8 | W53: 126.25 | X53: 0 | Y53: 0 | Z53: 20.2 | AA53: 3.55 | AB53: 0 | AC53: 0 | AD53: 0 | AE53: 0 | AF53: 150
A54: 202402-I_E-ISE751222-67643.xml | B54: 4.0 | C54: I | E54: 67643 | F54: 67643 | G54: 3ae80f2e-8979-4de8-bc59-20526af35f53 | H54: 2024-02-20T19:38:57 | I54: 02-2024 | J54: 2024 | K54: ISE751222215 | L54: INSTITUTO SUPERIOR DE ESTUDIOS FISCALES | M54: SCS160714Q78 | N54: SADCAL CONSULTORIA Y SOLUCIONES INTEGRALES | O54: PUE | P54: 03 | Q54: G03 | R54: MXN | S54: 1 | T54: |- INTELIGENCIA ARTIFICIAL PARA CONTADORES, Lunes 19 de febrero de 2024, de 15:30 a 20:30 h. (Presencial CDMX y En Linea)., José Antonio Cenobio Ramírez | U54: 2100.00 | V54: 2100 | W54: 1050 | X54: 0 | Y54: 0 | Z54: 168 | AA54: 0 | AB54: 0 | AC54: 0 | AD54: 0 | AE54: 0 | AF54: 1218
A55: 202402-I_E-NWM970924-IBAGB276015.xml | B55: 4.0 | C55: I | D55: IBAGB | E55: 276015 | F55: IBAGB276015 | G55: 59FA6D0A-1A76-45EC-B145-E8446FBB8531 | H55: 2024-02-12T14:03:16 | I55: 02-2024 | J55: 2024 | K55: NWM9709244W4 | L55: NUEVA WAL MART DE MEXICO | M55: SCS160714Q78 | N55: SADCAL CONSULTORIA Y SOLUCIONES INTEGRALES | O55: PUE | P55: 28 | Q55: G03 | R55: MXN | S55: 1 | T55: |- ARENA |- E DOMICILIO |- ACCESORIO | U55: 437.07 | V55: 437.07 | W55: 437.07 | X55: 0 | Y55: 0 | Z55: 69.93 | AA55: 0 | AB55: 0 | AC55: 0 | AD55: 0 | AE55: 0 | AF55: 507
A56: 202402-I_E-NWM970924-ICAGB551315.xml | B56: 4.0 | C56: I | D56: ICAGB | E56: 551315 | F56: ICAGB551315 | G56: 76EE8324-87F4-40FB-88A5-DBB8580980FD | H56: 2024-02-13T18:08:48 | I56: 02-2024 | J56: 2024 | K56: NWM9709244W4 | L56: NUEVA WAL MART DE MEXICO | M56: SCS160714Q78 | N56: SADCAL CONSULTORIA Y SOLUCIONES INTEGRALES | O56: PUE | P56: 28 | Q56: G03 | R56: MXN | S56: 1 | T56: |- FLETE PREVTA |- MM 25K FORM | U56: 1067.25 | V56: 1067.25 | W56: 1043.26 | X56: 0 | Y56: 0 | Z56: 166.92 | AA56: 0 | AB56: 0 | AC56: 0 | AD56: 0 | AE56: 0 | AF56: 1210.18
A57: 202402-I_E-OVI800131-OVIIR46730.xml | B57: 4.0 | C57: I | D57: OVIIR | E57: 46730 | F57: OVIIR46730 | G57: DF6FBB37-6335-4409-AECC-E3511AC50D6C | H57: 2024-02-12T22:19:11 | I57: 02-2024 | J57: 2024 | K57: OVI800131GQ6 | L57: OPERADORA VIPS | M57: SCS160714Q78 | N57: SADCAL CONSULTORIA Y SOLUCIONES INTEGRALES | O57: PUE | P57: 31 | Q57: G03 | R57: MXN | S57: 1 | T57: |- RESTAURANTES AL 16% | U57: 162.93 | V57: 162.93 | W57: 162.93 | X57: 0 | Y57: 0 | Z57: 26.07 | AA57: 0 | AB57: 0 | AC57: 0 | AD57: 0 | AE57: 0 | AF57: 189
A58: 202402-I_E-PPL961114-SJ3065480101.xml | B58: 4.0 | C58: I | D58: SJ | E58: 3065480101 | F58: SJ3065480101 | G58: 6E735FB3-E186-49CB-A64C-47E07D20B581 | H58: 2024-02-14T19:35:35 | I58: 02-2024 | J58: 2024 | K58: PPL961114GZ1 | L58: PHARMA PLUS | M58: SCS160714Q78 | N58: SADCAL CONSULTORIA Y SOLUCIONES INTEGRALES | O58: PUE | P58: 04 | Q58: G03 | R58: MXN | S58: 1 | T58: |- ADALIR CRE 0.050-1-0.100GR CAJ C-40GR |- TOM´S PASTA DENTAL CUIDADO INTEG C-85ML | U58: 300.93 | V58: 300.93 | W58: 112.93 | X58: 0 | Y58: 188 | Z58: 18.07 | AA58: 0 | AB58: 0 | AC58: 0 | AD58: 0 | AE58: 0 | AF58: 319
A59: 202402-I_E-RTO840921-TIWEBDF9189924.xml | B59: 4.0 | C59: I | D59: TIWEBDF | E59: 9189924 | F59: TIWEBDF9189924 | G59: CDCC673D-3641-424F-9B98-BB02F5E8F51E | H59: 2024-02-29T19:06:37 | I59: 02-2024 | J59: 2024 | K59: RTO840921RE4 | L59: RESTAURANTES TOKS | M59: SCS160714Q78 | N59: SADCAL CONSULTORIA Y SOLUCIONES INTEGRALES | O59: PUE | P59: 04 | Q59: G03 | R59: MXN | S59: 1 | T59: |- CONSUMO DE ALIMENTOS | U59: 128.45 | V59: 128.45 | W59: 128.45 | X59: 0 | Y59: 0 | Z59: 20.55 | AA59: 0 | AB59: 0 | AC59: 0 | AD59: 0 | AE59: 0 | AF59: 149
A60: 202402-I_E-SHE190630-FTDA7832279.xml | B60: 4.0 | C60: I | D60: FTDA | E60: 7832279 | F60: FTDA7832279 | G60: 94666C38-BE22-4821-B7AB-133432BA827D | H60: 2024-02-14T19:15:50 | I60: 02-2024 | J60: 2024 | K60: SHE190630V37 | L60: SANBORN HERMANOS | M60: SCS160714Q78 | N60: SADCAL CONSULTORIA Y SOLUCIONES INTEGRALES | O60: PUE | P60: 28 | Q60: G03 | R60: MXN | S60: 1 | T60: |- GORRA LEVIS BEIBOLERA 87516027 | U60: 275.00 | V60: 275 | W60: 275 | X60: 0 | Y60: 0 | Z60: 44 | AA60: 0 | AB60: 0 | AC60: 0 | AD60: 0 | AE60: 0 | AF60: 319
A61: 202402-I_E-SHE190630-FTDA7832280.xml | B61: 4.0 | C61: I | D61: FTDA | E61: 7832280 | F61: FTDA7832280 | G61: 52D84D75-F31B-4A2D-B7B5-FA4A52F91E21 | H61: 2024-02-14T19:17:18 | I61: 02-2024 | J61: 2024 | K61: SHE190630V37 | L61: SANBORN HERMANOS | M61: SCS160714Q78 | N61: SADCAL CONSULTORIA Y SOLUCIONES INTEGRALES | O61: PUE | P61: 28 | Q61: G03 | R61: MXN | S61: 1 | T61: |- Alimentos preparados |- Alimentos y bebidas preparados | U61: 1157.75 | V61: 1157.75 | W61: 1048.01 | X61: 0 | Y61: 0 | Z61: 167.69 | AA61: 0 | AB61: 0 | AC61: 0 | AD61: 0 | AE61: 0 | AF61: 1215.7
A62: 202402-I_E-SPL180212-GLRW4398.xml | B62: 4.0 | C62: I | D62: GLRW | E62: 4398 | F62: GLRW4398 | G62: CCC6E266-23C8-40CA-BD27-FA284D9A9E8C | H62: 2024-02-26T21:36:54 | I62: 02-2024 | J62: 2024 | K62: SPL180212AMA | L62: SOLUCIONES P&L | M62: SCS160714Q78 | N62: SADCAL CONSULTORIA Y SOLUCIONES INTEGRALES | O62: PUE | P62: 28 | Q62: G03 | R62: MXN | S62: 1 | T62: |- Efitec 87 | U62: 432.83 | V62: 432.83 | W62: 419.81 | X62: 0 | Y62: 0 | Z62: 67.17 | AA62: 13.02 | AB62: 0 | AC62: 0 | AD62: 0 | AE62: 0 | AF62: 500
A63: 202402-I_E-SUB910603-SBJAS52941.xml | B63: 4.0 | C63: I | D63: SBJAS | E63: 52941 | F63: SBJAS52941 | G63: 5540AD33-93C4-5D47-96AB-799DD11086D5 | H63: 2024-02-23T21:24:00 | I63: 02-2024 | J63: 2024 | K63: SUB910603SB3 | L63: SUBURBIA | M63: SCS160714Q78 | N63: SADCAL CONSULTORIA Y SOLUCIONES INTEGRALES | O63: PUE | P63: 04 | Q63: G03 | R63: MXN | S63: 1 | T63: |- TINES SPRINT, UNITALLA, NEGRO LISO 5030 |- SUDADERA SPRI, MED, GRIS OBSCURO JASPE |- SUDADERA CONTEMPO, M, NEGRO 2418411074 |- TOP SPRINT, G, MORADO LISO 8711B |- TOP SPRINT, G, GRIS OBSCURO LISO 8711A | U63: 1202.59 | V63: 1202.59 | W63: 1142.46 | X63: 0 | Y63: 0 | Z63: 182.79 | AA63: 0 | AB63: 0 | AC63: 0 | AD63: 0 | AE63: 0 | AF63: 1325.25
A64: 202402-I_E-SUB910603-SBJAS52943.xml | B64: 4.0 | C64: I | D64: SBJAS | E64: 52943 | F64: SBJAS52943 | G64: 95B5E986-A92F-5528-9189-95C9CE1AF162 | H64: 2024-02-23T21:26:01 | I64: 02-2024 | J64: 2024 | K64: SUB910603SB3 | L64: SUBURBIA | M64: SCS160714Q78 | N64: SADCAL CONSULTORIA Y SOLUCIONES INTEGRALES | O64: PUE | P64: 01 | Q64: G03 | R64: MXN | S64: 1 | T64: |- PIJAMA NON STOP, M, AZUL REY S2419363 | U64: 283.62 | V64: 283.62 | W64: 269.44 | X64: 0 | Y64: 0 | Z64: 43.11 | AA64: 0 | AB64: 0 | AC64: 0 | AD64: 0 | AE64: 0 | AF64: 312.55
A65: 202402-I_E-TCI121023-WWAKL17163.xml | B65: 4.0 | C65: I | D65: WWAKL | E65: 17163 | F65: WWAKL17163 | G65: 4F751F0F-C311-11EE-9B20-5F2F00F986C4 | H65: 2024-02-03T21:56:01 | I65: 02-2024 | J65: 2024 | K65: TCI121023F10 | L65: EXHIBIDORA MEXICANA CINEPOLIS | M65: SCS160714Q78 | N65: SADCAL CONSULTORIA Y SOLUCIONES INTEGRALES | O65: PUE | P65: 04 | Q65: G03 | R65: MXN | S65: 1 | T65: |- GENERAL EVENTO 57031 | U65: 284.48 | V65: 284.48 | W65: 284.48 | X65: 0 | Y65: 0 | Z65: 45.52 | AA65: 0 | AB65: 0 | AC65: 0 | AD65: 0 | AE65: 0 | AF65: 330
A66: 202402-I_E-TME840315-FMM130124020190223.xml | B66: 4.0 | C66: I | D66: FMM | E66: 130124020190223 | F66: FMM130124020190223 | G66: 7f7761f8-06bb-4777-8256-73622875f9b0 | H66: 2024-02-25T21:55:53 | I66: 02-2024 | J66: 2024 | K66: TME840315KT6 | L66: TELEFONOS DE MEXICO | M66: SCS160714Q78 | N66: SADCAL CONSULTORIA Y SOLUCIONES INTEGRALES | O66: PPD | P66: 99 | Q66: G03 | R66: MXN | S66: 1 | T66: |- Servicios de Telecomunicaciones | U66: 585.76 | V66: 585.76 | W66: 516.37 | X66: 0 | Y66: 0 | Z66: 82.62 | AA66: 0 | AB66: 0 | AC66: 0 | AD66: 0 | AE66: 0 | AF66: 598.99
A67: 2024-02_INV240765738.pdf | B67: - | C67: I | D67: - | E67: - | F67: INV240765738 | G67: - | H67: 45335 | I67: 02-2024 | J67: 2024 | K67: ZVC110421C76 | L67: Zoom Video Communications Inc. | M67: SCS160714Q78 | N67: SADCAL CONSULTORIA Y SOLUCIONES INTEGRALES | O67: - | P67: 04 | Q67: - | R67: USD | S67: 17.0855 | T67: |- Zoom One Pro Monthly | U67: 15.99 | V67: =ROUND(U67*S67,2) -> 273.2 | W67: =V67 -> 273.2 | X67: 0 | Y67: 0 | Z67: =ROUND(W67*0.16,2) -> 43.71 | AA67: 0 | AB67: 0 | AC67: 0 | AD67: 0 | AE67: 0 | AF67: =W67-X67+Y67+Z67+AA67-AB67-AC67+AD67-AE67 -> 316.91
I68: Total 02-2024 | W68: =SUBTOTAL(9,W37:W67) -> 15197.7 | X68: =SUBTOTAL(9,X37:X67) -> 0 | Y68: =SUBTOTAL(9,Y37:Y67) -> 323.37 | Z68: =SUBTOTAL(9,Z37:Z67) -> 2431.64 | AA68: =SUBTOTAL(9,AA37:AA67) -> 16.57 | AB68: =SUBTOTAL(9,AB37:AB67) -> 0 | AC68: =SUBTOTAL(9,AC37:AC67) -> 0 | AD68: =SUBTOTAL(9,AD37:AD67) -> 0 | ... AF68: =SUBTOTAL(9,AF37:AF67) -> 17969.28
A69: 2024-03_FA_202302783951.pdf | B69: - | C69: I | D69: - | E69: - | F69: FA_202302783951 | G69: - | H69: 45376 | I69: 03-2024 | J69: 2024 | K69: 74-3093319 | L69: IONOS Inc | M69: SCS160714Q78 | N69: SADCAL CONSULTORIA Y SOLUCIONES INTEGRALES | O69: - | P69: 04 | Q69: - | R69: MXN | S69: 1 | T69: |- 90010289 - Servidor Virtual Cloud L | U69: 818.62 | V69: =ROUND(U69*S69,2) -> 818.62 | W69: =ROUND(V69/1.16,2) -> 705.71 | X69: 0 | Y69: 0 | Z69: =V69-W69 -> 112.91 | AA69: 0 | AB69: 0 | AC69: 0 | AD69: 0 | AE69: 0 | AF69: =W69-X69+Y69+Z69+AA69-AB69-AC69+AD69-AE69 -> 818.62
A70: 2024-03_FA_202302785523.pdf | B70: - | C70: I | D70: - | E70: - | F70: FA_202302785523 | G70: - | H70: 45377 | I70: 03-2024 | J70: 2024 | K70: 74-3093319 | L70: IONOS Inc | M70: SCS160714Q78 | N70: SADCAL CONSULTORIA Y SOLUCIONES INTEGRALES | O70: - | P70: 04 | Q70: - | R70: MXN | S70: 1 | T70: |- 90752625 - Servidor Virtual Cloud RAM XL | U70: 2336.22 | V70: =ROUND(U70*S70,2) -> 2336.22 | W70: =ROUND(V70/1.16,2) -> 2013.98 | X70: 0 | Y70: 0 | Z70: =V70-W70 -> 322.24 | AA70: 0 | AB70: 0 | AC70: 0 | AD70: 0 | AE70: 0 | AF70: =W70-X70+Y70+Z70+AA70-AB70-AC70+AD70-AE70 -> 2336.22
A71: 2024-03_131770912169.pdf | B71: - | C71: I | D71: - | E71: - | F71: 131770912169 | G71: - | H71: 45352 | I71: 03-2024 | J71: 2024 | K71: 84-2805822 | L71: Apple Services LATAM LLC | M71: SCS160714Q78 | N71: SADCAL CONSULTORIA Y SOLUCIONES INTEGRALES | O71: - | P71: 28 | Q71: - | R71: MXN | S71: 1 | T71: |- Unlock Re.BP Special Reward I | U71: 85.35 | V71: =ROUND(U71*S71,2) -> 85.35 | W71: 85.35 | X71: 0 | Y71: 0 | Z71: 13.65 | AA71: 0 | AB71: 0 | AC71: 0 | AD71: 0 | AE71: 0 | AF71: =W71-X71+Y71+Z71+AA71-AB71-AC71+AD71-AE71 -> 99
A72: 2024-03_202777138564.pdf | B72: - | C72: I | D72: - | E72: - | F72: 202777138564 | G72: - | H72: 45366 | I72: 03-2024 | J72: 2024 | K72: 84-2805822 | L72: Apple Services LATAM LLC | M72: SCS160714Q78 | N72: SADCAL CONSULTORIA Y SOLUCIONES INTEGRALES | O72: - | P72: 28 | Q72: - | R72: MXN | S72: 1 | T72: |- Unlock BattlePass SP. Reward I | U72: 214.66 | V72: =ROUND(U72*S72,2) -> 214.66 | W72: 214.66 | X72: 0 | Y72: 0 | Z72: 34.34 | AA72: 0 | AB72: 0 | AC72: 0 | AD72: 0 | AE72: 0 | AF72: =W72-X72+Y72+Z72+AA72-AB72-AC72+AD72-AE72 -> 249
A73: 2024-03_184780851846.pdf | B73: - | C73: I | D73: - | E73: - | F73: 184780851846 | G73: - | H73: 45375 | I73: 03-2024 | J73: 2024 | K73: 84-2805822 | L73: Apple Services LATAM LLC | M73: SCS160714Q78 | N73: SADCAL CONSULTORIA Y SOLUCIONES INTEGRALES | O73: - | P73: 28 | Q73: - | R73: MXN | S73: 1 | T73: |- 28-Day Remove Ads Special Pack | U73: 21.55 | V73: =ROUND(U73*S73,2) -> 21.55 | W73: 21.55 | X73: 0 | Y73: 0 | Z73: 3.45 | AA73: 0 | AB73: 0 | AC73: 0 | AD73: 0 | AE73: 0 | AF73: =W73-X73+Y73+Z73+AA73-AB73-AC73+AD73-AE73 -> 25
A74: 2024-03_137781884017.pdf | B74: - | C74: I | D74: - | E74: - | F74: 137781884017 | G74: - | H74: 45380 | I74: 03-2024 | J74: 2024 | K74: 84-2805822 | L74: Apple Services LATAM LLC | M74: SCS160714Q78 | N74: SADCAL CONSULTORIA Y SOLUCIONES INTEGRALES | O74: - | P74: 28 | Q74: - | R74: MXN | S74: 1 | T74: |- Unlock BattlePass SP. Reward I | U74: 214.66 | V74: =ROUND(U74*S74,2) -> 214.66 | W74: 214.66 | X74: 0 | Y74: 0 | Z74: 34.34 | AA74: 0 | AB74: 0 | AC74: 0 | AD74: 0 | AE74: 0 | AF74: =W74-X74+Y74+Z74+AA74-AB74-AC74+AD74-AE74 -> 249
A75: 2024-03_137781884016.pdf | B75: - | C75: I | D75: - | E75: - | F75: 137781884016 | G75: - | H75: 45376 | I75: 03-2024 | J75: 2024 | K75: 84-2805822 | L75: Apple Services LATAM LLC | M75: SCS160714Q78 | N75: SADCAL CONSULTORIA Y SOLUCIONES INTEGRALES | O75: - | P75: 28 | Q75: - | R75: MXN | S75: 1 | T75: |- BP Special Reward II Unlock | U75: 214.66 | V75: =ROUND(U75*S75,2) -> 214.66 | W75: 214.66 | X75: 0 | Y75: 0 | Z75: 34.34 | AA75: 0 | AB75: 0 | AC75: 0 | AD75: 0 | AE75: 0 | AF75: =W75-X75+Y75+Z75+AA75-AB75-AC75+AD75-AE75 -> 249
A76: 202403-I_E-AAFE490509-F1391.xml | B76: 4.0 | C76: I | D76: F | E76: 1391 | F76: F1391 | G76: 63441F55-3AA8-4395-BDF7-BF42660C7CE2 | H76: 2024-03-20T10:02:16 | I76: 03-2024 | J76: 2024 | K76: AAFE490509FC5 | L76: ELISEO ALCANTARA FLORES | M76: SCS160714Q78 | N76: SADCAL CONSULTORIA Y SOLUCIONES INTEGRALES | O76: PUE | P76: 01 | Q76: G03 | R76: MXN | S76: 1 | T76: |- RELEVADOR VW-GM MULTIFUNCIONAL 4T. | U76: 100.00 | V76: 100 | W76: 100 | X76: 0 | Y76: 0 | Z76: 16 | AA76: 0 | AB76: 0 | AC76: 0 | AD76: 0 | AE76: 0 | AF76: 116
A77: 202403-I_E-BALN730309-B3271.xml | B77: 4.0 | C77: I | D77: B | E77: 3271 | F77: B3271 | G77: 2348385b-2d2e-4836-8f74-96c07ae9495c | H77: 2024-03-27T14:58:25 | I77: 03-2024 | J77: 2024 | K77: BALN730309Q27 | L77: NARCIZO BAZAN LOYOLA | M77: SCS160714Q78 | N77: SADCAL CONSULTORIA Y SOLUCIONES INTEGRALES | O77: PUE | P77: 01 | Q77: G03 | R77: MXN | S77: 1 | T77: |- impulsor 1.5 hp t-evans | U77: 180.00 | V77: 180 | W77: 180 | X77: 0 | Y77: 0 | Z77: 28.8 | AA77: 0 | AB77: 0 | AC77: 0 | AD77: 0 | AE77: 0 | AF77: 208.8
A78: 202403-I_E-BII931004-FEB7439450055286517.xml | B78: 4.0 | C78: I | D78: FEB74394 | E78: 50055286517 | F78: FEB7439450055286517 | G78: 9784fa10-7171-43cf-915c-8cbe87470364 | H78: 2024-03-02T12:43:13 | I78: 03-2024 | J78: 2024 | K78: BII931004P61 | L78: BANCO INBURSA SA, INSTITUCION DE BANCA MULTIPLE, GRUPO FINANCIERO INBURSA | M78: SCS160714Q78 | N78: SADCAL CONSULTORIA Y SOLUCIONES INTEGRALES | O78: PUE | P78: 03 | Q78: G03 | R78: MXN | S78: 1 | T78: |- COMISION MANEJO DE CUENTA |- COMISION POR MOVIMIENTOS INBUREDCOMISION POR MOVIMIENTOS INBURED | U78: 207.55 | V78: 207.55 | W78: 207.55 | X78: 0 | Y78: 0 | Z78: 33.21 | AA78: 0 | AB78: 0 | AC78: 0 | AD78: 0 | AE78: 0 | AF78: 240.76
A79: 202403-I_E-CFC110121-FV.xml | B79: 4.0 | C79: I | D79: FV | F79: FV | G79: 4D3B5345-2054-4377-A051-9AAB85C00876 | H79: 2024-03-29T12:14:51 | I79: 03-2024 | J79: 2024 | K79: CFC110121742 | L79: COMERCIALIZADORA FARMACEUTICA DE CHIAPAS | M79: SCS160714Q78 | N79: SADCAL CONSULTORIA Y SOLUCIONES INTEGRALES | O79: PUE | P79: 01 | Q79: G03 | R79: MXN | S79: 1 | T79: |- G AHORRO OMEPRAZOL 20 MG ORAL 30 CAP 2 CAJAS 9348 | U79: 132.00 | V79: 132 | W79: 0 | X79: 0 | Y79: 132 | Z79: 0 | AA79: 0 | AB79: 0 | AC79: 0 | AD79: 0 | AE79: 0 | AF79: 132
A80: 202403-I_E-CGM011210-MCQI14880.xml | B80: 4.0 | C80: I | D80: MCQI | E80: 14880 | F80: MCQI14880 | G80: f8628243-b10c-448b-94eb-d8317cd6c197 | H80: 2024-03-31T23:25:25 | I80: 03-2024 | J80: 2024 | K80: CGM011210S71 | L80: CORPORACION GASOLINERA MILLENIUM | M80: SCS160714Q78 | N80: SADCAL CONSULTORIA Y SOLUCIONES INTEGRALES | O80: PUE | P80: 28 | Q80: G03 | R80: MXN | S80: 1 | T80: |- 32011.MAGNA | U80: 173.07 | V80: 173.07 | W80: 168.31 | X80: 0 | Y80: 0 | Z80: 26.93 | AA80: 4.76 | AB80: 0 | AC80: 0 | AD80: 0 | AE80: 0 | AF80: 200
A81: 202403-I_E-CME030219-B10666700.xml | B81: 4.0 | C81: I | D81: B | E81: 10666700 | F81: B10666700 | G81: AEABD970-DA4F-4CE8-948B-C72F42D97D79 | H81: 2024-03-31T23:04:36 | I81: 03-2024 | J81: 2024 | K81: CME030219B64 | L81: CONCESIONARIA MEXIQUENSE | M81: SCS160714Q78 | N81: SADCAL CONSULTORIA Y SOLUCIONES INTEGRALES | O81: PUE | P81: 01 | Q81: G03 | R81: MXN | S81: 1 | T81: |- LIGERO |- LIGERO |- LIGERO |- LIGERO | U81: 224.14 | V81: 224.14 | W81: 224.14 | X81: 0 | Y81: 0 | Z81: 35.87 | AA81: 0 | AB81: 0 | AC81: 0 | AD81: 0 | AE81: 0 | AF81: 260.01
A82: 202403-I_E-CON160725-C22350.xml | B82: 4.0 | C82: I | D82: C | E82: 22350 | F82: C22350 | G82: C38D39FD-E79D-41A7-98BC-17710FC2AF3C | H82: 2024-03-07T17:21:06 | I82: 03-2024 | J82: 2024 | K82: CON160725DJ6 | L82: CONCOISA | M82: SCS160714Q78 | N82: SADCAL CONSULTORIA Y SOLUCIONES INTEGRALES | O82: PUE | P82: 03 | Q82: G01 | R82: MXN | S82: 1 | T82: |- IMPERMEABILIZANTE HIBRIDO CUBETA DE 19 L | U82: 6000.00 | V82: 6000 | W82: 6000 | X82: 0 | Y82: 0 | Z82: 960 | AA82: 0 | AB82: 0 | AC82: 0 | AD82: 0 | AE82: 0 | AF82: 6960
A83: 202403-I_E-CON160725-C22372.xml | B83: 4.0 | C83: I | D83: C | E83: 22372 | F83: C22372 | G83: 740FC71D-3E54-4A0E-A91D-666AA217199B | H83: 2024-03-11T12:25:34 | I83: 03-2024 | J83: 2024 | K83: CON160725DJ6 | L83: CONCOISA | M83: SCS160714Q78 | N83: SADCAL CONSULTORIA Y SOLUCIONES INTEGRALES | O83: PUE | P83: 03 | Q83: G01 | R83: MXN | S83: 1 | T83: |- SELLOCRET SALCHICHA TX 600 ML GRIS | U83: 2620.00 | V83: 2620 | W83: 2620 | X83: 0 | Y83: 0 | Z83: 419.2 | AA83: 0 | AB83: 0 | AC83: 0 | AD83: 0 | AE83: 0 | AF83: 3039.2
A84: 202403-I_E-CON160725-C22437.xml | B84: 4.0 | C84: I | D84: C | E84: 22437 | F84: C22437 | G84: E5A610D2-9761-4276-B47F-43BE73E4FE1F | H84: 2024-03-20T10:35:47 | I84: 03-2024 | J84: 2024 | K84: CON160725DJ6 | L84: CONCOISA | M84: SCS160714Q78 | N84: SADCAL CONSULTORIA Y SOLUCIONES INTEGRALES | O84: PUE | P84: 03 | Q84: G01 | R84: MXN | S84: 1 | T84: |- SELLOCRET SALCHICHA TX 600 ML GRIS | U84: 2620.00 | V84: 2620 | W84: 2620 | X84: 0 | Y84: 0 | Z84: 419.2 | AA84: 0 | AB84: 0 | AC84: 0 | AD84: 0 | AE84: 0 | AF84: 3039.2
A85: 202403-I_E-COP920428-MTAAA77570000038541.xml | B85: 4.0 | C85: I | D85: MTAAA | E85: 77570000038541 | F85: MTAAA77570000038541 | G85: e7b241ba-d57d-493b-9eea-4990968aa335 | H85: 2024-03-06T10:33:19 | I85: 03-2024 | J85: 2024 | K85: COP920428Q20 | L85: COPPEL | M85: SCS160714Q78 | N85: SADCAL CONSULTORIA Y SOLUCIONES INTEGRALES | O85: PUE | P85: 01 | Q85: G03 | R85: MXN | S85: 1 | T85: |- IN EAR EVL WRD100 | U85: 76.72 | V85: 76.72 | W85: 76.72 | X85: 0 | Y85: 0 | Z85: 12.28 | AA85: 0 | AB85: 0 | AC85: 0 | AD85: 0 | AE85: 0 | AF85: 89
A86: 202403-P_E-DLI931201-LWFM2414150.xml | B86: 4.0 | C86: P | D86: LWFM | E86: 2414150 | F86: LWFM2414150 | G86: 11262101-AE78-55E3-9C78-5FC90B93004D | H86: 2024-03-06T08:18:42 | I86: 03-2024 | J86: 2024 | K86: DLI931201MI9 | L86: DISTRIBUIDORA LIVERPOOL | M86: SCS160714Q78 | N86: SADCAL CONSULTORIA Y SOLUCIONES INTEGRALES | Q86: CP01 | R86: XXX | S86: 0 | T86: |- Pago | U86: 0 | V86: 0 | W86: 0 | X86: 0 | Y86: 0 | Z86: 0 | AA86: 0 | AB86: 0 | AC86: 0 | AD86: 0 | AE86: 0 | AF86: 0
A87: 202403-I_E-DLI931201-LWFM2413512.xml | B87: 4.0 | C87: I | D87: LWFM | E87: 2413512 | F87: LWFM2413512 | G87: 7FBB875E-38BC-5C28-AF54-15D18F896B84 | H87: 2024-03-01T15:56:04 | I87: 03-2024 | J87: 2024 | K87: DLI931201MI9 | L87: DISTRIBUIDORA LIVERPOOL | M87: SCS160714Q78 | N87: SADCAL CONSULTORIA Y SOLUCIONES INTEGRALES | O87: PUE | P87: 28 | Q87: G03 | R87: MXN | S87: 1 | T87: |- MERCANCIA | U87: 128.45 | V87: 128.45 | W87: 128.45 | X87: 0 | Y87: 0 | Z87: 20.55 | AA87: 0 | AB87: 0 | AC87: 0 | AD87: 0 | AE87: 0 | AF87: 149
A88: 202403-I_E-DLI931201-LWFM2417009.xml | B88: 4.0 | C88: I | D88: LWFM | E88: 2417009 | F88: LWFM2417009 | G88: C7FE2C3F-199F-5B58-9DAA-68DF42F3EE48 | H88: 2024-03-19T17:54:13 | I88: 03-2024 | J88: 2024 | K88: DLI931201MI9 | L88: DISTRIBUIDORA LIVERPOOL | M88: SCS160714Q78 | N88: SADCAL CONSULTORIA Y SOLUCIONES INTEGRALES | O88: PUE | P88: 28 | Q88: G03 | R88: MXN | S88: 1 | T88: |- MERCANCIA | U88: 116.38 | V88: 116.38 | W88: 116.38 | X88: 0 | Y88: 0 | Z88: 18.62 | AA88: 0 | AB88: 0 | AC88: 0 | AD88: 0 | AE88: 0 | AF88: 135
A89: 202403-I_E-DLI931201-LWFM2419931.xml | B89: 4.0 | C89: I | D89: LWFM | E89: 2419931 | F89: LWFM2419931 | G89: 7FA0569C-2D82-5830-9549-F01FC51B4ADD | H89: 2024-03-30T19:45:11 | I89: 03-2024 | J89: 2024 | K89: DLI931201MI9 | L89: DISTRIBUIDORA LIVERPOOL | M89: SCS160714Q78 | N89: SADCAL CONSULTORIA Y SOLUCIONES INTEGRALES | O89: PUE | P89: 28 | Q89: G03 | R89: MXN | S89: 1 | T89: |- MERCANCIA | U89: 270.69 | V89: 270.69 | W89: 270.69 | X89: 0 | Y89: 0 | Z89: 43.31 | AA89: 0 | AB89: 0 | AC89: 0 | AD89: 0 | AE89: 0 | AF89: 314
A90: 202403-I_E-FRU160425-OFI_FAC3856.xml | B90: 4.0 | C90: I | D90: OFI_FAC | E90: 3856 | F90: OFI_FAC3856 | G90: 5905BAA5-CA32-4B48-B617-F5871DB62BA3 | H90: 2024-03-30T16:51:16 | I90: 03-2024 | J90: 2024 | K90: FRU160425HRA | L90: FARMACIAS RUJIDI | M90: SCS160714Q78 | N90: SADCAL CONSULTORIA Y SOLUCIONES INTEGRALES | O90: PUE | P90: 01 | Q90: G03 | R90: MXN | S90: 1 | T90: |- BLOQUEADOR 50+125GR ETERNAL FACIAL-CORP |- LLAVERO DR SIMI | U90: 179.32 | V90: 179.32 | W90: 179.32 | X90: 0 | Y90: 0 | Z90: 28.69 | AA90: 0 | AB90: 0 | AC90: 0 | AD90: 0 | AE90: 0 | AF90: 208.01
A91: 202403-I_E-GAPA980711-A5232.xml | B91: 4.0 | C91: I | D91: A | E91: 5232 | F91: A5232 | G91: 43D2D1B7-50F5-4BC9-BEB8-922F5722A43C | H91: 2024-03-04T16:35:36 | I91: 03-2024 | J91: 2024 | K91: GAPA980711BR2 | L91: AARON ANDIVI GARCIA PEREZ | M91: SCS160714Q78 | N91: SADCAL CONSULTORIA Y SOLUCIONES INTEGRALES | O91: PUE | P91: 01 | Q91: G03 | R91: MXN | S91: 1 | T91: |- THINNER STANDARD 4 L | U91: 120.69 | V91: 120.69 | W91: 120.69 | X91: 0 | Y91: 0 | Z91: 19.31 | AA91: 0 | AB91: 0 | AC91: 0 | AD91: 0 | AE91: 0 | AF91: 140
A92: 202403-I_E-HDM001017-4HGIHI48558.xml | B92: 4.0 | C92: I | D92: 4HGIHI | E92: 48558 | F92: 4HGIHI48558 | G92: a3746adf-eba1-4488-a211-82b41f9e2336 | H92: 2024-03-25T11:35:23 | I92: 03-2024 | J92: 2024 | K92: HDM001017AS1 | L92: HOME DEPOT MEXICO | M92: SCS160714Q78 | N92: SADCAL CONSULTORIA Y SOLUCIONES INTEGRALES | O92: PUE | P92: 01 | Q92: G03 | R92: MXN | S92: 1 | T92: |- POSTE METALICO CAL.26 6.35CMX2.44M |- CANAL AMARRE ESTANDAR 410X305 C-26 |- COMPUESTO SUPERLIGERO CAJA 5KG |- PALETA PAYASO 45G RIC | U92: 588.51 | V92: 588.51 | W92: 555.58 | X92: 0 | Y92: 23 | Z92: 88.89 | AA92: 0 | AB92: 0 | AC92: 0 | AD92: 0 | AE92: 0 | AF92: 667.47
A93: 202403-I_E-MEAA560427-C10915.xml | B93: 4.0 | C93: I | D93: C | E93: 10915 | F93: C10915 | G93: BC32FDB6-2740-432B-8E99-9D87C3BBF5A9 | H93: 2024-03-21T11:30:30 | I93: 03-2024 | J93: 2024 | K93: MEAA560427AS6 | L93: JOSE ARTURO MENENDEZ ANGEL | M93: SCS160714Q78 | N93: SADCAL CONSULTORIA Y SOLUCIONES INTEGRALES | O93: PUE | P93: 01 | Q93: G03 | R93: MXN | S93: 1 | T93: |- TORNILLO PUNTA BROCA 8X3-4 CIENTO |- THINNER STD LT | U93: 242.02 | V93: 242.02 | W93: 242.02 | X93: 0 | Y93: 0 | Z93: 38.72 | AA93: 0 | AB93: 0 | AC93: 0 | AD93: 0 | AE93: 0 | AF93: 280.74
A94: 202403-I_E-NWM970924-IBAGB277277.xml | B94: 4.0 | C94: I | D94: IBAGB | E94: 277277 | F94: IBAGB277277 | G94: 85BB7CBF-533D-417F-A564-804B2968A84E | H94: 2024-03-01T16:20:40 | I94: 03-2024 | J94: 2024 | K94: NWM9709244W4 | L94: NUEVA WAL MART DE MEXICO | M94: SCS160714Q78 | N94: SADCAL CONSULTORIA Y SOLUCIONES INTEGRALES | O94: PUE | P94: 04 | Q94: G03 | R94: MXN | S94: 1 | T94: |- HIGIENE |- E DOMICILIO |- ARENA |- ARENA BOB | U94: 437.50 | V94: 437.5 | W94: 437.5 | X94: 0 | Y94: 0 | Z94: 70 | AA94: 0 | AB94: 0 | AC94: 0 | AD94: 0 | AE94: 0 | AF94: 507.5
A95: 202403-I_E-NWM970924-IBAII200791.xml | B95: 4.0 | C95: I | D95: IBAII | E95: 200791 | F95: IBAII200791 | G95: F48414BD-D10C-481D-8F79-B4C7D7F1B7E8 | H95: 2024-03-29T17:26:50 | I95: 03-2024 | J95: 2024 | K95: NWM9709244W4 | L95: NUEVA WAL MART DE MEXICO | M95: SCS160714Q78 | N95: SADCAL CONSULTORIA Y SOLUCIONES INTEGRALES | O95: PUE | P95: 28 | Q95: G03 | R95: MXN | S95: 1 | T95: |- CM640GY140G |- ROSA VENUS |- R VENUS BA |- TERMINAL |- ROSA VENUS |- AXION 1.1L |- GV ENT |- GV BLANQ 2 |- GREATVALUE |- PINTURA | U95: 953.91 | V95: 953.91 | W95: 738.36 | X95: 0 | Y95: 178 | Z95: 118.14 | AA95: 0 | AB95: 0 | AC95: 0 | AD95: 0 | AE95: 0 | AF95: 1034.5
A96: 202403-I_E-NWM970924-ICAGB559166.xml | B96: 4.0 | C96: I | D96: ICAGB | E96: 559166 | F96: ICAGB559166 | G96: EE1DD00B-5AF4-40C6-80B4-83501EB74085 | H96: 2024-03-31T19:41:08 | I96: 03-2024 | J96: 2024 | K96: NWM9709244W4 | L96: NUEVA WAL MART DE MEXICO | M96: SCS160714Q78 | N96: SADCAL CONSULTORIA Y SOLUCIONES INTEGRALES | O96: PUE | P96: 04 | Q96: G03 | R96: MXN | S96: 1 | T96: |- TOALLITA KBB |- TOALLITAS BB |- MM LIMPBRISA |- OIKOS GRIEGO |- 1.730K MAYON |- YOPLAIT |- CREMA DESLAC |- FUD |- 1KG MENONITA |- HERBAL ESSEN |- 1LT BODY MIL |- HAMB SIRLOIN |- ADEREZO BC |- MM PANELA |- LECHUGA ROMA |- COLIFLOR |- BROCOLI | U96: 2664.81 | V96: 2664.81 | W96: 742.01 | X96: 0 | Y96: 1616 | Z96: 118.71 | AA96: 0 | AB96: 0 | AC96: 0 | AD96: 0 | AE96: 0 | AF96: 2476.72
A97: 202403-I_E-NWM970924-IWACL1288008.xml | B97: 4.0 | C97: I | D97: IWACL | E97: 1288008 | F97: IWACL1288008 | G97: C17E4B3C-B40B-41DA-8F22-A6AD7FE9298C | H97: 2024-03-31T19:42:25 | I97: 03-2024 | J97: 2024 | K97: NWM9709244W4 | L97: NUEVA WAL MART DE MEXICO | M97: SCS160714Q78 | N97: SADCAL CONSULTORIA Y SOLUCIONES INTEGRALES | O97: PUE | P97: 04 | Q97: G03 | R97: MXN | S97: 1 | T97: |- E DOMICILIO |- SJUAN HVO BL |- COTTONELLE |- TT HORNEADA |- COOKIE 30GR |- SCLARALIGHT |- TUNY AGUA |- MAS DET LIQ |- ISADORA FRIJ |- ISADORA FRIJ |- YAKULT BEBI |- NILO 1 KG |- UNICO FRES |- DON JOSE SH |- ADES SOYA BE |- GV FRES 500G |- YOPLAIT442 |- LIMON S SEMI |- DESHEBRADASK |- CORNPOPS30 |- CEREAL |- CALAHUA CO |- PHILLY QSOCR |- VITA COCO |- QSO CAB CEN |- OCEAN SPRA |- CREMA ALPUR |- DOVE JABON B |- FAJITA |- PECHUGA PAVO |- DESHEBRADASK |- SAZONADOR |- MILANESA | U97: 2441.61 | V97: 2441.61 | W97: 339.25 | X97: 0 | Y97: 2016.36 | Z97: 54.28 | AA97: 0 | AB97: 0 | AC97: 0 | AD97: 0 | AE97: 0 | AF97: 2409.89
A98: 202403-I_E-NWM970924-IWAJT652004.xml | B98: 4.0 | C98: I | D98: IWAJT | E98: 652004 | F98: IWAJT652004 | G98: C1FE0602-97CD-4C61-B99D-6145BC66D718 | H98: 2024-03-31T19:39:07 | I98: 03-2024 | J98: 2024 | K98: NWM9709244W4 | L98: NUEVA WAL MART DE MEXICO | M98: SCS160714Q78 | N98: SADCAL CONSULTORIA Y SOLUCIONES INTEGRALES | O98: PUE | P98: 04 | Q98: G03 | R98: MXN | S98: 1 | T98: |- E DOMICILIO |- AZUFRE |- ARENA BOB |- ARENA GATO | U98: 622.41 | V98: 622.41 | W98: 622.41 | X98: 0 | Y98: 0 | Z98: 99.59 | AA98: 0 | AB98: 0 | AC98: 0 | AD98: 0 | AE98: 0 | AF98: 722
... A107: 202403-I_E-TAC000705-OLV-7155.xml | B107: 4.0 | C107: I | D107: OLV- | E107: 7155 | F107: OLV-7155 | G107: 7dc5e91f-688c-4b62-842a-b78c572f218c | H107: 2024-03-22T15:52:40 | I107: 03-2024 | J107: 2024 | K107: TAC000705M6A | L107: CON...TACTO | M107: SCS160714Q78 | N107: SADCAL CONSULTORIA Y SOLUCIONES INTEGRALES | O107: PUE | P107: 01 | Q107: G03 | R107: MXN | S107: 1 | T107: |- FOTOCELDA ELECTRONICO 120-240V ARGOS |- BASE P-FOTOCELDA C-N MENSULA ARGOS |- CONT. DX BLANCO C-PLACA BLANCA LUGANO |- APAG. SENCILLO BLANCO 1 MOD. IGOTO |- PLACA 2 MODULOS BLANCO LUGANO |- PLACA 1 MODULO BLANCA LUGANO |- CANALETA C-ADHESIVO 10X20X2mts BLANCA |- SOBRETAPA DE 19mm 10x10cm |- TAPA CUADRADA DE 19mm 10X10cm |- CAJA UNIVERSAL BLANCA P-CANALETA | U107: 383.53 | V107: 383.53 | W107: 383.53 | X107: 0 | Y107: 0 | Z107: 61.36 | AA107: 0 | AB107: 0 | AC107: 0 | AD107: 0 | AE107: 0 | AF107: 444.89
A108: 202403-P_E-TME840315-5eeff5.xml | B108: 4.0 | C108: P | F108: 5eeff5 | G108: 5eeff5ee-bca2-40c0-a7ca-73622875b944 | H108: 2024-03-07T01:44:15 | I108: 03-2024 | J108: 2024 | K108: TME840315KT6 | L108: TELEFONOS DE MEXICO | M108: SCS160714Q78 | N108: SADCAL CONSULTORIA Y SOLUCIONES INTEGRALES | Q108: CP01 | R108: XXX | S108: 0 | T108: |- Pago | U108: 0 | V108: 0 | W108: 0 | X108: 0 | Y108: 0 | Z108: 0 | AA108: 0 | AB108: 0 | AC108: 0 | AD108: 0 | AE108: 0 | AF108: 0
A109: 202403-I_E-TME840315-FMM130124030188860.xml | B109: 4.0 | C109: I | D109: FMM | E109: 130124030188860 | F109: FMM130124030188860 | G109: 55ba0f35-f02c-4dc7-ba47-73622875334c | H109: 2024-03-24T22:20:57 | I109: 03-2024 | J109: 2024 | K109: TME840315KT6 | L109: TELEFONOS DE MEXICO | M109: SCS160714Q78 | N109: SADCAL CONSULTORIA Y SOLUCIONES INTEGRALES | O109: PPD | P109: 99 | Q109: G03 | R109: MXN | S109: 1 | T109: |- Servicios de Telecomunicaciones | U109: 585.76 | V109: 585.76 | W109: 516.37 | X109: 0 | Y109: 0 | Z109: 82.62 | AA109: 0 | AB109: 0 | AC109: 0 | AD109: 0 | AE109: 0 | AF109: 598.99
A110: 202403-I_E-YWC150721-FAC1060.xml | B110: 4.0 | C110: I | D110: FAC | E110: 1060 | F110: FAC1060 | G110: FE5B72B3-2058-4DF6-A6CB-7A8E497F3A4A | H110: 2024-03-27T12:03:31 | I110: 03-2024 | J110: 2024 | K110: YWC1507212Z6 | L110: YWCN | M110: SCS160714Q78 | N110: SADCAL CONSULTORIA Y SOLUCIONES INTEGRALES | O110: PUE | P110: 01 | Q110: G03 | R110: MXN | S110: 1 | T110: |- CONSTRULED | U110: 201.00 | V110: 201 | W110: 201 | X110: 0 | Y110: 0 | Z110: 32.16 | AA110: 0 | AB110: 0 | AC110: 0 | AD110: 0 | AE110: 0 | AF110: 233.16
A111: 2024-03_INV247438842.pdf | B111: - | C111: I | D111: - | E111: - | F111: INV247438842 | G111: - | H111: 45364 | I111: 03-2024 | J111: 2024 | K111: ZVC110421C76 | L111: Zoom Video Communications Inc. | M111: SCS160714Q78 | N111: SADCAL CONSULTORIA Y SOLUCIONES INTEGRALES | O111: - | P111: 04 | Q111: - | R111: USD | S111: 16.8083 | T111: |- Zoom One Pro Monthly | U111: 15.99 | V111: =ROUND(U111*S111,2) -> 268.76 | W111: =V111 -> 268.76 | X111: 0 | Y111: 0 | Z111: =ROUND(W111*0.16,2) -> 43 | AA111: 0 | AB111: 0 | AC111: 0 | AD111: 0 | AE111: 0 | AF111: =W111-X111+Y111+Z111+AA111-AB111-AC111+AD111-AE111 -> 311.76
I112: Total 03-2024 | W112: =SUBTOTAL(9,W69:W111) -> 29187.96 | X112: =SUBTOTAL(9,X69:X111) -> 0 | Y112: =SUBTOTAL(9,Y69:Y111) -> 4259.29 | Z112: =SUBTOTAL(9,Z69:Z111) -> 4670.25 | AA112: =SUBTOTAL(9,AA69:AA111) -> 4.76 | AB112: =SUBTOTAL(9,AB69:AB111) -> 0 | AC112: =SUBTOTAL(9,AC69:AC111) -> 0 | AD112: =SUBTOTAL(9,AD69:AD111) -> 0 | ... AF112: =SUBTOTAL(9,AF69:AF111) -> 38122.26
A113: 202404_I_E-74-3093319_202302821896.pdf | B113: - | C113: I | D113: - | E113: - | F113: 202302821896 | G113: - | H113: 45407 | I113: =TEXT(MONTH(H113),"00")&"-"&YEAR(H113) -> 04-2024 | J113: =YEAR(H113) -> 2024 | K113: 74-3093319 | L113: IONOS Inc | M113: SCS160714Q78 | N113: SADCAL CONSULTORIA Y SOLUCIONES INTEGRALES | O113: - | P113: 04 | Q113: - | R113: MXN | S113: 1 | T113: |- 90010289 - Servidor Virtual Cloud L | U113: 820.66 | V113: =ROUND(U113*S113,2) -> 820.66 | W113: =ROUND(V113/1.16,2) -> 707.47 | X113: 0 | Y113: 0 | Z113: =V113-W113 -> 113.19 | AA113: 0 | AB113: 0 | AC113: 0 | AD113: 0 | AE113: 0 | AF113: =W113-X113+Y113+Z113+AA113-AB113-AC113+AD113-AE113 -> 820.66
A114: 202404_I_E-74-3093319_202302823440.pdf | B114: - | C114: I | D114: - | E114: - | F114: 202302823440 | G114: - | H114: 45408 | I114: =TEXT(MONTH(H114),"00")&"-"&YEAR(H114) -> 04-2024 | J114: =YEAR(H114) -> 2024 | K114: 74-3093319 | L114: IONOS Inc | M114: SCS160714Q78 | N114: SADCAL CONSULTORIA Y SOLUCIONES INTEGRALES | O114: - | P114: 04 | Q114: - | R114: MXN | S114: 1 | T114: |- 90752625 - Servidor Virtual Cloud RAM XL | U114: 2341.83 | V114: =ROUND(U114*S114,2) -> 2341.83 | W114: =ROUND(V114/1.16,2) -> 2018.82 | X114: 0 | Y114: 0 | Z114: =V114-W114 -> 323.01 | AA114: 0 | AB114: 0 | AC114: 0 | AD114: 0 | AE114: 0 | AF114: =W114-X114+Y114+Z114+AA114-AB114-AC114+AD114-AE114 -> 2341.83
A115: 202404_I_E-84-2805822_128788928284.pdf | B115: - | C115: I | D115: - | E115: - | F115: 128788928284 | G115: - | H115: 45398 | I115: =TEXT(MONTH(H115),"00")&"-"&YEAR(H115) -> 04-2024 | J115: =YEAR(H115) -> 2024 | K115: 84-2805822 | L115: Apple Services LATAM LLC | M115: SCS160714Q78 | N115: SADCAL CONSULTORIA Y SOLUCIONES INTEGRALES | O115: - | P115: 28 | Q115: - | R115: MXN | S115: 1 | T115: |- 400 R. + 400 Bonus R. *Free | U115: 214.66 | V115: =ROUND(U115*S115,2) -> 214.66 | W115: 214.66 | X115: 0 | Y115: 0 | Z115: 34.34 | AA115: 0 | AB115: 0 | AC115: 0 | AD115: 0 | AE115: 0 | AF115: =W115-X115+Y115+Z115+AA115-AB115-AC115+AD115-AE115 -> 249
A116: 202404_I_E-84-2805822_128788928285.pdf | B116: - | C116: I | D116: - | E116: - | F116: 128788928285 | G116: - | H116: 45398 | I116: =TEXT(MONTH(H116),"00")&"-"&YEAR(H116) -> 04-2024 | J116: =YEAR(H116) -> 2024 | K116: 84-2805822 | L116: Apple Services LATAM LLC | M116: SCS160714Q78 | N116: SADCAL CONSULTORIA Y SOLUCIONES INTEGRALES | O116: - | P116: 28 | Q116: - | R116: MXN | S116: 1 | T116: |- 28-Day Remove Ads Special Pack | U116: 21.55 | V116: =ROUND(U116*S116,2) -> 21.55 | W116: =V116 -> 21.55 | X116: 0 | Y116: 0 | Z116: =ROUND(W116*0.16,2) -> 3.45 | AA116: 0 | AB116: 0 | AC116: 0 | AD116: 0 | AE116: 0 | AF116: =W116-X116+Y116+Z116+AA116-AB116-AC116+AD116-AE116 -> 25
A117: 202404_I_E-84-2805822_150786364322.pdf | B117: - | C117: I | D117: - | E117: - | F117: 150786364322 | G117: - | H117: 45390 | I117: =TEXT(MONTH(H117),"00")&"-"&YEAR(H117) -> 04-2024 | J117: =YEAR(H117) -> 2024 | K117: 84-2805822 | L117: Apple Services LATAM LLC | M117: SCS160714Q78 | N117: SADCAL CONSULTORIA Y SOLUCIONES INTEGRALES | O117: - | P117: 28 | Q117: - | R117: MXN | S117: 1 | T117: |- Unlock Re.BP Special Reward I y II | U117: 799 | V117: =ROUND(U117*S117,2) -> 799 | W117: 774.14 | X117: 0 | Y117: 0 | Z117: =ROUND(W117*0.16,2) -> 123.86 | AA117: 0 | AB117: 0 | AC117: 0 | AD117: 0 | AE117: 0 | AF117: =W117-X117+Y117+Z117+AA117-AB117-AC117+AD117-AE117 -> 898
...

Sheet NominaEdoMex
A1: No. | B1: Fecha corte | C1: Tipo de nómina | D1: Percepciones | F1: Deducciones | I1: Base para ISN
D2: Gravadas | E2: Exentas | F2: Subsidio | G2: IMSS | H2: ISR | L2: Nombre trabajador | M2: Fecha alta | N2: Fecha baja
A3: 0 | B3: 45298 | L3: Marco Alonso Alfaro | M3: 45369 | N3: 45497
A4: 0 | B4: 45305 | L4: Brenda Martínez Flores | M4: 45519
A5: 0 | B5: 45312 | L5: José Salvador Pérez Sánchez | M5: 45566
A6: 0 | B6: 45319
A7: 0 | B7: 45326
A8: 0 | B8: 45333
A9: 0 | B9: 45340
A10: 0 | B10: 45347
A11: 0 | B11: 45354
A12: 0 | B12: 45361
A13: 0 | B13: 45368
A14: 1 | B14: 45375 | C14: Ordinaria | D14: 0 | E14: 0 | F14: 0 | G14: 0 | H14: 0 | I14: =ROUND(SUM(D14:D15),0) -> 1452 | J14: =ROUND(I14*0.03,0) -> 44
A15: 2 | B15: 45382 | C15: Ajustada | D15: 1452.09 | E15: 0 | F15: 347.51 | G15: 0 | H15: 0
A16: 3 | B16: 45389 | C16: Ordinaria | D16: 1452.09 | E16: 0 | F16: 0 | G16: 0 | H16: 0 | I16: =ROUND(SUM(D16:D19),0) -> 5808 | J16: =ROUND(I16*0.03,0) -> 174
A17: 4 | B17: 45396 | C17: Ordinaria | D17: 1161.67 | E17: 0 | F17: 8.16 | G17: 0 | H17: 0
A18: 5 | B18: 45403 | C18: Ordinaria | D18: 1742.51 | E18: 0 | F18: 0 | G18: 0 | H18: 0
A19: 6 | B19: 45410 | C19: Ajustada | D19: 1452.09 | E19: 0 | F19: -8.16 | G19: 0 | H19: 0
A20: 7 | B20: 45417 | C20: Ordinaria | D20: 1742.51 | E20: 0 | F20: 0 | G20: 0 | H20: 0 | I20: =ROUND(SUM(D20:D23),0) -> 6970 | J20: =ROUND(I20*0.03,0) -> 209
A21: 8 | B21: 45424 | C21: Ordinaria | D21: 1742.51 | E21: 0 | F21: 0 | G21: 0 | H21: 0
A22: 9 | B22: 45431 | C22: Ordinaria | D22: 1742.51 | E22: 0 | F22: 0 | G22: 0 | H22: 0
A23: 10 | B23: 45438 | C23: Ajustada | D23: 1742.51 | E23: 0 | F23: 0 | G23: 0 | H23: 0
A24: 11 | B24: 45445 | C24: Ordinaria | D24: 1161.67 | E24: 0 | F24: 0 | G24: 0 | H24: 0 | I24: =ROUND(SUM(D24:D28),0) -> 7260 | J24: =ROUND(I24*0.03,0) -> 218
A25: 12 | B25: 45452 | C25: Ordinaria | D25: 1742.51 | E25: 0 | F25: 0 | G25: 0 | H25: 0
A26: 13 | B26: 45459 | C26: Ordinaria | D26: 1742.51 | E26: 0 | F26: 0 | G26: 0 | H26: 0
A27: 14 | B27: 45466 | C27: Ordinaria | D27: 1161.67 | E27: 0 | F27: 0 | G27: 0 | H27: 0
A28: 15 | B28: 45473 | C28: Ajustada | D28: 1452.09 | E28: 0 | F28: 0 | G28: 0 | H28: 0
A29: 16 | B29: 45480 | C29: Ordinaria | D29: 1742.51 | E29: 0 | F29: 0 | G29: 0 | H29: 0 | I29: =ROUND(SUM(D29:D32),0) -> 6529 | J29: =ROUND(I29*0.03,0) -> 196
A30: 17 | B30: 45487 | C30: Ordinaria | D30: 1742.51 | E30: 0 | F30: 0 | G30: 0 | H30: 0
A31: 18 | B31: 45494 | C31: Ordinaria | D31: 0 | E31: 0 | F31: 0 | G31: 0 | H31: 0
A32: 19 | B32: 45501 | C32: Ajustada | D32: 3044.29 | E32: 1293.62 | F32: 0 | G32: 0 | H32: 3.17
A33: 20 | B33: 45508 | C33: Ordinaria | D33: 0 | E33: 0 | F33: 0 | G33: 0 | H33: 0 | I33: =ROUND(SUM(D33:D37),0) -> 5032 | J33: =ROUND(I33*0.03,0) -> 151
A34: 21 | B34: 45515 | C34: Ordinaria | D34: 0 | E34: 0 | F34: 0 | G34: 0 | H34: 0
A35: 22 | B35: 45522 | C35: Ordinaria | D35: 1183.92 | E35: 0 | F35: =68.07-68.07 -> 0 | G35: 29.5 | H35: =68.07-68.07 -> 0
A36: 23 | B36: 45529 | C36: Ordinaria | D36: 2071.86 | E36: 0 | F36: =113.66-113.66 -> 0 | G36: 51.63 | H36: =113.66-113.66 -> 0
A37: 24 | B37: 45529 | C37: Ajustada | D37: 1775.88 | E37: 0 | F37: =152.46-152.46 -> 0 | G37: 44.26 | H37: =152.46-152.46 -> 0
A38: 25 | B38: 45550 | C38: Ordinaria | D38: 4439.7 | E38: 0 | F38: =192.49-192.49 -> 0 | G38: 110.64 | H38: =326.57-192.49 -> 134.08 | I38: =ROUND(SUM(D38:D39),0) -> 8879 | J38: =ROUND(I38*0.03,0) -> 266
A39: 26 | B39: 45565 | C39: Ajustada | D39: 4439.7 | E39: 0 | F39: =390.12-192.49-197.63 -> 0 | G39: 110.64 | H39: =648.98-134.08-390.12 -> 124.78
A40: 27 | B40: 45580 | C40: Ordinaria | D40: 8737.35 | E40: 0 | F40: =192.49+192.49-384.98 -> 0 | G40: 217.74 | H40: =637.79-384.98 -> 252.81 | I40: =ROUND(SUM(D40:D41),0) -> 17712 | J40: =ROUND(I40*0.03,0) -> 531
A41: 28 | B41: 45596 | C41: Ajustada | D41: 8974.53 | E41: 0 | F41: =390.12+390.12-192.49-192.49-395.26 -> 0 | G41: 223.65 | H41: =655.16-395.26 -> 259.9
A42: 29 | B42: 45611 | C42: Ordinaria | D42: 8737.35 | E42: 0 | F42: =192.49+192.49-384.98 -> 0 | G42: 217.74 | H42: =637.69-384.98 -> 252.71 | I42: =ROUND(SUM(D42:D43),0) -> 17475 | J42: =ROUND(I42*0.03,0) -> 524
A43: 30 | B43: 45626 | C43: Ajustada | D43: 8737.35 | E43: 0 | F43: =390.12+390.12-192.49-192.49-395.26 -> 0 | G43: 217.74 | H43: =629.36-395.26 -> 234.1
A44: 31 | B44: 45641 | C44: Ordinaria | D44: 8737.35 | E44: 0 | F44: =192.49+192.49-384.98 -> 0 | G44: 217.74 | H44: =637.69-384.98 -> 252.71 | I44: =D44+D45+D46 -> 17711.88 | J44: =ROUND(I44*0.03,0) -> 531
A45: 32 | B45: 45645 | C45: Especial | D45: 0 | E45: 2857.09 | F45: 0 | G45: 0 | H45: 0 | K45: 513
A46: 34 | B46: 45655 | C46: Anualizada | D46: 8974.53 | E46: 0 | F46: =390.12+390.12-192.49-192.49-395.26 -> 0 | G46: 223.65 | H46: =618.91-395.26 -> 223.65
D47: =SUM(D14:D46) -> 94829.77 | E47: =SUM(E14:E46) -> 4150.71 | F47: =SUM(F14:F46) -> 347.51 | G47: =SUM(G14:G46) -> 1664.93 | H47: =SUM(H14:H46) -> 1737.91 | I47: =SUM(I14:I46) -> 94828.88
E48: Aplica factor 0.53
E49: =D47+E47 -> 98980.48

Sheet Dispersion Ingresos
A1: GENERALES DEL COMPROBANTE | V1: OPERACIÓN COMERCIAL
A2: Archivo | B2: Version | C2: Tipo | D2: Serie | E2: Folio | F2: Clave | G2: UUID | H2: Fecha | I2: Periodo | J2: Ejercicio | K2: Clasificación | L2: RFC Emisor | M2: Nombre Emisor | N2: RFC Receptor | O2: Nombre Receptor | P2: Met. Pago | Q2: Forma Pago | R2: Uso CFDI | S2: Moneda | T2: T.C. | U2: Conceptos CFDI | V2: Subt. CFDI | W2: Subt MXN | X2: Importe 16% | Y2: Descuento | Z2: 0% y Exento | AA2: IVA | AB2: Ret. IVA | AC2: Total
A3: 202401-I_E-SCS160714-S299.xml | B3: 4.0 | C3: I | D3: S | E3: 299 | F3: S299 | G3: 170DDB9D-54E2-4882-8784-5201522A5A25 | H3: 2024-01-01T21:58:39 | I3: =MID(H3,6,2)&"-"&LEFT(H3,4) -> 01-2024 | J3: =LEFT(H3,4) -> 2024 | K3: SADCAL | L3: SCS160714Q78 | M3: SADCAL CONSULTORIA Y SOLUCIONES INTEGRALES | N3: AME860107KD9 | O3: SICONT MEX | P3: PUE | Q3: 03 | R3: G03 | S3: MXN | T3: 1 | U3: |- COMISIONES | V3: 4639.84 | W3: 4639.84 | X3: 4639.84 | Y3: 0 | Z3: 0 | AA3: 742.37 | AB3: 0 | AC3: 5382.21
A4: 202401-I_E-SCS160714-S300.xml | B4: 4.0 | C4: I | D4: S | E4: 300 | F4: S300 | G4: C81B4313-B740-422A-AC1D-611634A1EFBF | H4: 2024-01-05T11:01:38 | I4: =MID(H4,6,2)&"-"&LEFT(H4,4) -> 01-2024 | J4: =LEFT(H4,4) -> 2024 | K4: SADCAL | L4: SCS160714Q78 | M4: SADCAL CONSULTORIA Y SOLUCIONES INTEGRALES | N4: NUT970916NH6 | O4: NUTRIDELMAR | P4: PUE | Q4: 03 | R4: G03 | S4: MXN | T4: 1 | U4: |- Servicios de contabilidad y declaraciones fiscales, nómina y expedientes de recursos humanos para el corporativo Nutridelmar correspondientes al mes de Diciembre de 2023. Incluye los RFC QUOA5308042F9, QUPA890206JW7 y NUT970916NH6. | V4: 5700.56 | W4: 5700.56 | X4: 5700.56 | Y4: 0 | Z4: 0 | AA4: 912.09 | AB4: 0 | AC4: 6612.65
A5: 202401-I_E-SCS160714-S301.xml | B5: 4.0 | C5: I | D5: S | E5: 301 | F5: S301 | G5: 55962024-A759-4147-93A1-6D7AC5D86E94 | H5: 2024-01-10T19:13:21 | I5: =MID(H5,6,2)&"-"&LEFT(H5,4) -> 01-2024 | J5: =LEFT(H5,4) -> 2024 | K5: SADCAL | L5: SCS160714Q78 | M5: SADCAL CONSULTORIA Y SOLUCIONES INTEGRALES | N5: ABL141009RT6 | O5: ABBA BIBLES LUXURY | P5: PPD | Q5: 99 | R5: G03 | S5: MXN | T5: 1 | U5: |- Paquete de 400 timbres Aspel, clave DXXX50XXX14XXX. | V5: 659.00 | W5: 659 | X5: 659 | Y5: 0 | Z5: 0 | AA5: 105.44 | AB5: 0 | AC5: 764.44
A6: 202401-I_E-SCS160714-S302.xml | B6: 4.0 | C6: I | D6: S | E6: 302 | F6: S302 | G6: 92C13989-766F-4ED9-B676-5BA661420196 | H6: 2024-01-12T14:59:39 | I6: =MID(H6,6,2)&"-"&LEFT(H6,4) -> 01-2024 | J6: =LEFT(H6,4) -> 2024 | K6: SADCAL | L6: SCS160714Q78 | M6: SADCAL CONSULTORIA Y SOLUCIONES INTEGRALES | N6: STH9602233F9 | O6: SINDICATO DE TRABAJADORES DE HSBC | P6: PPD | Q6: 99 | R6: G03 | S6: MXN | T6: 1 | U6: |- Paquete de 400 timbres Aspel. Clave DXXX502588XXX. | V6: 626.05 | W6: 626.05 | X6: 626.05 | Y6: 0 | Z6: 0 | AA6: 100.17 | AB6: 0 | AC6: 726.22
A7: 202401-I_E-SCS160714-S303.xml | B7: 4.0 | C7: I | D7: S | E7: 303 | F7: S303 | G7: 6F3DD842-8447-4FAB-B6C6-440FC918416A | H7: 2024-01-12T16:28:18 | I7: =MID(H7,6,2)&"-"&LEFT(H7,4) -> 01-2024 | J7: =LEFT(H7,4) -> 2024 | K7: SADCAL | L7: SCS160714Q78 | M7: SADCAL CONSULTORIA Y SOLUCIONES INTEGRALES | N7: STH9602233F9 | O7: SINDICATO DE TRABAJADORES DE HSBC | P7: PUE | Q7: 01 | R7: G03 | S7: MXN | T7: 1 | U7: |- Anticipo de productos y servicios | V7: 32.95 | W7: 32.95 | X7: 32.95 | Y7: 0 | Z7: 0 | AA7: 5.27 | AB7: 0 | AC7: 38.22
A8: 202401-I_E-SCS160714-S304.xml | B8: 4.0 | C8: I | D8: S | E8: 304 | F8: S304 | G8: D1FA797B-FF7B-4022-9FC6-591A114B6040 | H8: 2024-01-22T12:45:53 | I8: =MID(H8,6,2)&"-"&LEFT(H8,4) -> 01-2024 | J8: =LEFT(H8,4) -> 2024 | K8: SADCAL | L8: SCS160714Q78 | M8: SADCAL CONSULTORIA Y SOLUCIONES INTEGRALES | N8: AME860107KD9 | O8: SICONT MEX | P8: PUE | Q8: 03 | R8: G03 | S8: MXN | T8: 1 | U8: |- COMISIONES | V8: 3599.44 | W8: 3599.44 | X8: 3599.44 | Y8: 0 | Z8: 0 | AA8: 575.91 | AB8: 0 | AC8: 4175.35
A9: 202401-I_E-SCS160714-S305.xml | B9: 4.0 | C9: I | D9: S | E9: 305 | F9: S305 | G9: E325F361-5C3E-4D11-9B19-E5912423BF0B | H9: 2024-01-24T00:25:43 | I9: =MID(H9,6,2)&"-"&LEFT(H9,4) -> 01-2024 | J9: =LEFT(H9,4) -> 2024 | K9: SADCAL | L9: SCS160714Q78 | M9: SADCAL CONSULTORIA Y SOLUCIONES INTEGRALES | N9: BGX1306145Z3 | O9: BAHNSEN G | P9: PPD | Q9: 99 | R9: G03 | S9: MXN | T9: 1 | U9: |- Servicios de consultoría correspondiente al mes de Enero de 2024. | V9: 10000.00 | W9: 10000 | X9: 10000 | Y9: 0 | Z9: 0 | AA9: 1600 | AB9: 0 | AC9: 11600
A10: 202401-I_E-SCS160714-S306.xml | B10: 4.0 | C10: I | D10: S | E10: 306 | F10: S306 | G10: 9D15848A-5B3B-4A9C-8D7C-CE2A1F85C939 | H10: 2024-01-24T00:27:05 | I10: =MID(H10,6,2)&"-"&LEFT(H10,4) -> 01-2024 | J10: =LEFT(H10,4) -> 2024 | K10: SADCAL | L10: SCS160714Q78 | M10: SADCAL CONSULTORIA Y SOLUCIONES INTEGRALES | N10: BGX1306145Z3 | O10: BAHNSEN G | P10: PPD | Q10: 99 | R10: G03 | S10: MXN | T10: 1 | U10: |- Servicios de consultoría correspondiente al mes de Enero de 2024 ABL. | V10: 5000.00 | W10: 5000 | X10: 5000 | Y10: 0 | Z10: 0 | AA10: 800 | AB10: 0 | AC10: 5800
A11: 202401-I_E-SCS160714-S307.xml | B11: 4.0 | C11: I | D11: S | E11: 307 | F11: S307 | G11: F5FDA007-987F-4BFC-B96E-4FEF38A99225 | H11: 2024-01-29T22:21:50 | I11: =MID(H11,6,2)&"-"&LEFT(H11,4) -> 01-2024 | J11: =LEFT(H11,4) -> 2024 | K11: SADCAL | L11: SCS160714Q78 | M11: SADCAL CONSULTORIA Y SOLUCIONES INTEGRALES | N11: MUSJ720609RV8 | O11: JORGE OMAR MUSI SABBAGH | P11: PUE | Q11: 03 | R11: G03 | S11: MXN | T11: 1 | U11: |- Servicios de Contabilidad y fiscal diversos periodos. | V11: 4310.34 | W11: 4310.34 | X11: 4310.34 | Y11: 0 | Z11: 0 | AA11: 689.66 | AB11: 0 | AC11: 5000
A12: 202401-I_E-SCS160714-S308.xml | B12: 4.0 | C12: I | D12: S | E12: 308 | F12: S308 | G12: B3D8013B-C560-40A0-8F38-E8575A77F3DD | H12: 2024-01-30T16:15:23 | I12: =MID(H12,6,2)&"-"&LEFT(H12,4) -> 01-2024 | J12: =LEFT(H12,4) -> 2024 | K12: SADCAL | L12: SCS160714Q78 | M12: SADCAL CONSULTORIA Y SOLUCIONES INTEGRALES | N12: SOM210413987 | O12: SOMITEC | P12: PUE | Q12: 03 | R12: G03 | S12: MXN | T12: 1 | U12: |- Licencia de actualización para Aspel-COI versión 10.0 incluye 3 usuarios. | V12: 9535.15 | W12: 9535.15 | X12: 9535.15 | Y12: 0 | Z12: 0 | AA12: 1525.62 | AB12: 0 | AC12: 11060.77
A13: 202401-I_E-SCS160714-S309.xml | B13: 4.0 | C13: I | D13: S | E13: 309 | F13: S309 | G13: 61A0B0CA-6DC5-47FF-9BBA-B1DF7CF49B1B | H13: 2024-01-30T21:00:36 | I13: =MID(H13,6,2)&"-"&LEFT(H13,4) -> 01-2024 | J13: =LEFT(H13,4) -> 2024 | K13: SADCAL | L13: SCS160714Q78 | M13: SADCAL CONSULTORIA Y SOLUCIONES INTEGRALES | N13: CAGC7705213L6 | O13: CHESTER CASTILLO GODINEZ | P13: PUE | Q13: 03 | R13: G03 | S13: MXN | T13: 1 | U13: |- Paquete de 10,000 timbres aspel | V13: 5864.00 | W13: 5864 | X13: 5864 | Y13: 0 | Z13: 0 | AA13: 938.24 | AB13: 0 | AC13: 6802.24
A14: 202401-I_E-SCS160714-S310.xml | B14: 4.0 | C14: I | D14: S | E14: 310 | F14: S310 | G14: 4525214E-EC46-4748-8799-6BA4A25ECA3D | H14: 2024-01-31T13:52:18 | I14: =MID(H14,6,2)&"-"&LEFT(H14,4) -> 01-2024 | J14: =LEFT(H14,4) -> 2024 | K14: SADCAL | L14: SCS160714Q78 | M14: SADCAL CONSULTORIA Y SOLUCIONES INTEGRALES | N14: SOM210413987 | O14: SOMITEC | P14: PUE | Q14: 03 | R14: G03 | S14: MXN | T14: 1 | U14: |- Instalación del sistema Aspel-COI v10.0 en equpipo servidor, incluye traducción de 4 empresas. |- Instalación de sistema Aspel-COI en equipo para acceso como terminal de trabajo. | V14: 2000.00 | W14: 2000 | X14: 2000 | Y14: 0 | Z14: 0 | AA14: 320 | AB14: 0 | AC14: 2320
A15: 202401-P_E-SCS160714-SPAG54.xml | B15: 4.0 | C15: P | D15: SPAG | E15: 54 | F15: SPAG54 | G15: 8C0BE848-B71D-475E-BC1E-BDFEB7335981 | H15: 2024-01-12T14:31:02 | I15: =MID(H15,6,2)&"-"&LEFT(H15,4) -> 01-2024 | J15: =LEFT(H15,4) -> 2024 | K15: SADCAL | L15: SCS160714Q78 | M15: SADCAL CONSULTORIA Y SOLUCIONES INTEGRALES | N15: ABL141009RT6 | O15: ABBA BIBLES LUXURY | R15: CP01 | S15: XXX | T15: 0 | U15: |- Pago | V15: 0 | W15: 0 | X15: 0 | Y15: 0 | Z15: 0 | AA15: 0 | AB15: 0 | AC15: 0
A16: 202401-P_E-SCS160714-SPAG55.xml | B16: 4.0 | C16: P | D16: SPAG | E16: 55 | F16: SPAG55 | G16: 90A143DD-9068-4329-969A-B7097E6A35D8 | H16: 2024-01-12T16:25:20 | I16: =MID(H16,6,2)&"-"&LEFT(H16,4) -> 01-2024 | J16: =LEFT(H16,4) -> 2024 | K16: SADCAL | L16: SCS160714Q78 | M16: SADCAL CONSULTORIA Y SOLUCIONES INTEGRALES | N16: STH9602233F9 | O16: SINDICATO DE TRABAJADORES DE HSBC | R16: CP01 | S16: XXX | T16: 0 | U16: |- Pago | V16: 0 | W16: 0 | X16: 0 | Y16: 0 | Z16: 0 | AA16: 0 | AB16: 0 | AC16: 0
A17: 202401-P_E-SCS160714-SPAG56.xml | B17: 4.0 | C17: P | D17: SPAG | E17: 56 | F17: SPAG56 | G17: 49266BBF-AF47-4D05-BE70-F313E527B8F3 | H17: 2024-01-30T13:25:10 | I17: =MID(H17,6,2)&"-"&LEFT(H17,4) -> 01-2024 | J17: =LEFT(H17,4) -> 2024 | K17: SADCAL | L17: SCS160714Q78 | M17: SADCAL CONSULTORIA Y SOLUCIONES INTEGRALES | N17: BGX1306145Z3 | O17: BAHNSEN G | R17: CP01 | S17: XXX | T17: 0 | U17: |- Pago | V17: 0 | W17: 0 | X17: 0 | Y17: 0 | Z17: 0 | AA17: 0 | AB17: 0 | AC17: 0
A18: 202401-P_E-SCS160714-SPAG57.xml | B18: 4.0 | C18: P | D18: SPAG | E18: 57 | F18: SPAG57 | G18: A5F0A570-CDD4-40DE-80A1-33BC15FD219F | H18: 2024-01-30T13:25:34 | I18: =MID(H18,6,2)&"-"&LEFT(H18,4) -> 01-2024 | J18: =LEFT(H18,4) -> 2024 | K18: SADCAL | L18: SCS160714Q78 | M18: SADCAL CONSULTORIA Y SOLUCIONES INTEGRALES | N18: BGX1306145Z3 | O18: BAHNSEN G | R18: CP01 | S18: XXX | T18: 0 | U18: |- Pago | V18: 0 | W18: 0 | X18: 0 | Y18: 0 | Z18: 0 | AA18: 0 | AB18: 0 | AC18: 0
A19: 202402-I_E-SCS160714-S311.xml | B19: 4.0 | C19: I | D19: S | E19: 311 | F19: S311 | G19: 1087779D-9BEB-4EC9-9C6E-2FA527AE91C2 | H19: 2024-02-03T15:49:35 | I19: =MID(H19,6,2)&"-"&LEFT(H19,4) -> 02-2024 | J19: =LEFT(H19,4) -> 2024 | K19: Tlacuaches | L19: SCS160714Q78 | M19: SADCAL CONSULTORIA Y SOLUCIONES INTEGRALES | N19: MAPV740707116 | O19: VERONICA MARTINEZ PEREZ | P19: PUE | Q19: 03 | R19: G03 | S19: MXN | T19: 1 | U19: |- Asesoria en aplicaciones pintura epoxica | V19: 6000.00 | W19: 6000 | X19: 6000 | Y19: 0 | Z19: 0 | AA19: 960 | AB19: 0 | AC19: 6960
A20: 202402-I_E-SCS160714-S312.xml | B20: 4.0 | C20: I | D20: S | E20: 312 | F20: S312 | G20: 00108798-A4E2-4A7D-8BB2-BF6D51900FCA | H20: 2024-02-06T14:24:16 | I20: =MID(H20,6,2)&"-"&LEFT(H20,4) -> 02-2024 | J20: =LEFT(H20,4) -> 2024 | K20: SADCAL | L20: SCS160714Q78 | M20: SADCAL CONSULTORIA Y SOLUCIONES INTEGRALES | N20: TIC090227S90 | O20: TOBSA INGENIERIA CIVIL | P20: PPD | Q20: 99 | R20: G03 | S20: MXN | T20: 1 | U20: |- Cursos Aspel-SAE 9.0 nivel básico para 4 personas en modalidad virtual con duración de 16 horas distribuido en 3 fechas. | V20: 5600.00 | W20: 5600 | X20: 5600 | Y20: 0 | Z20: 0 | AA20: 896 | AB20: 0 | AC20: 6496
A21: 202402-I_E-SCS160714-S313.xml | B21: 4.0 | C21: I | D21: S | E21: 313 | F21: S313 | G21: FE43346F-5901-424F-8F38-1869282DBA80 | H21: 2024-02-09T02:23:53 | I21: =MID(H21,6,2)&"-"&LEFT(H21,4) -> 02-2024 | J21: =LEFT(H21,4) -> 2024 | K21: SADCAL | L21: SCS160714Q78 | M21: SADCAL CONSULTORIA Y SOLUCIONES INTEGRALES | N21: NUT970916NH6 | O21: NUTRIDELMAR | P21: PUE | Q21: 03 | R21: G03 | S21: MXN | T21: 1 | U21: |- Servicios de contabilidad y declaraciones fiscales, nómina y expedientes de recursos humanos para el corporativo Nutridelmar correspondientes al mes de Enero de 2024. Incluye los RFC QUOA5308042F9, QUPA890206JW7 y NUT970916NH6. | V21: 5700.56 | W21: 5700.56 | X21: 5700.56 | Y21: 0 | Z21: 0 | AA21: 912.09 | AB21: 0 | AC21: 6612.65
A22: 202402-I_E-SCS160714-S314.xml | B22: 4.0 | C22: I | D22: S | E22: 314 | F22: S314 | G22: C96A6CFF-56EC-453A-BAE2-A5B1131AA316 | H22: 2024-02-09T13:05:17 | I22: =MID(H22,6,2)&"-"&LEFT(H22,4) -> 02-2024 | J22: =LEFT(H22,4) -> 2024 | K22: Tlacuaches | L22: SCS160714Q78 | M22: SADCAL CONSULTORIA Y SOLUCIONES INTEGRALES | N22: MAPV740707116 | O22: VERONICA MARTINEZ PEREZ | P22: PUE | Q22: 03 | R22: G03 | S22: MXN | T22: 1 | U22: |- Asesoría en Control eléctrico Nicolás Romero | V22: 6000.00 | W22: 6000 | X22: 6000 | Y22: 0 | Z22: 0 | AA22: 960 | AB22: 0 | AC22: 6960
A23: 202402-I_E-SCS160714-S315.xml | B23: 4.0 | C23: I | D23: S | E23: 315 | F23: S315 | G23: A862E907-D498-4423-B23A-E13F6ABD1C6D | H23: 2024-02-12T18:06:23 | I23: =MID(H23,6,2)&"-"&LEFT(H23,4) -> 02-2024 | J23: =LEFT(H23,4) -> 2024 | K23: Tlacuaches | L23: SCS160714Q78 | M23: SADCAL CONSULTORIA Y SOLUCIONES INTEGRALES | N23: MAPV740707116 | O23: VERONICA MARTINEZ PEREZ | P23: PUE | Q23: 03 | R23: G03 | S23: MXN | T23: 1 | U23: |- Suministro de material de plomería SC Cofradías. | V23: 4500.00 | W23: 4500 | X23: 4500 | Y23: 0 | Z23: 0 | AA23: 720 | AB23: 0 | AC23: 5220
A24: 202402-I_E-SCS160714-S316.xml | B24: 4.0 | C24: I | D24: S | E24: 316 | F24: S316 | G24: 8E61373D-E7BF-4269-9A8C-6473A1545784 | H24: 2024-02-12T18:07:48 | I24: =MID(H24,6,2)&"-"&LEFT(H24,4) -> 02-2024 | J24: =LEFT(H24,4) -> 2024 | K24: Tlacuaches | L24: SCS160714Q78 | M24: SADCAL CONSULTORIA Y SOLUCIONES INTEGRALES | N24: MAPV740707116 | O24: VERONICA MARTINEZ PEREZ | P24: PUE | Q24: 03 | R24: G03 | S24: MXN | T24: 1 | U24: |- Trabajo en BA Yautepec. | V24: 4500.00 | W24: 4500 | X24: 4500 | Y24: 0 | Z24: 0 | AA24: 720 | AB24: 0 | AC24: 5220
A25: 202402-I_E-SCS160714-S317.xml | B25: 4.0 | C25: I | D25: S | E25: 317 | F25: S317 | G25: E2099FEB-F5A8-426A-A0C5-D76DBB6F8A26 | H25: 2024-02-17T14:26:55 | I25: =MID(H25,6,2)&"-"&LEFT(H25,4) -> 02-2024 | J25: =LEFT(H25,4) -> 2024 | K25: Tlacuaches | L25: SCS160714Q78 | M25: SADCAL CONSULTORIA Y SOLUCIONES INTEGRALES | N25: MAPV740707116 | O25: VERONICA MARTINEZ PEREZ | P25: PUE | Q25: 03 | R25: G03 | S25: MXN | T25: 1 | U25: |- Asesoría en plomería Walmart Cuautitlán. | V25: 4500.00 | W25: 4500 | X25: 4500 | Y25: 0 | Z25: 0 | AA25: 720 | AB25: 0 | AC25: 5220
A26: 202402-I_E-SCS160714-S318.xml | B26: 4.0 | C26: I | D26: S | E26: 318 | F26: S318 | G26: 350B64B4-5994-49C4-89AA-81C58389A274 | H26: 2024-02-20T09:58:35 | I26: =MID(H26,6,2)&"-"&LEFT(H26,4) -> 02-2024 | J26: =LEFT(H26,4) -> 2024 | K26: Tlacuaches | L26: SCS160714Q78 | M26: SADCAL CONSULTORIA Y SOLUCIONES INTEGRALES | N26: MAPV740707116 | O26: VERONICA MARTINEZ PEREZ | P26: PUE | Q26: 03 | R26: G03 | S26: MXN | T26: 1 | U26: |- Asesoria en lineas hidrahulicas BA Cuautitlán. | V26: 4000.00 | W26: 4000 | X26: 4000 | Y26: 0 | Z26: 0 | AA26: 640 | AB26: 0 | AC26: 4640
A27: 202402-I_E-SCS160714-S319.xml | B27: 4.0 | C27: I | D27: S | E27: 319 | F27: S319 | G27: DC853881-4EA5-4019-AD50-3FD1D0FEDA91 | H27: 2024-02-22T12:35:56 | I27: =MID(H27,6,2)&"-"&LEFT(H27,4) -> 02-2024 | J27: =LEFT(H27,4) -> 2024 | K27: SADCAL | L27: SCS160714Q78 | M27: SADCAL CONSULTORIA Y SOLUCIONES INTEGRALES | N27: BGX1306145Z3 | O27: BAHNSEN G | P27: PPD | Q27: 99 | R27: G03 | S27: MXN | T27: 1 | U27: |- Paquete de 50 timbres Aspel para el RFC GUBE580220NW4. | V27: 265.00 | W27: 265 | X27: 265 | Y27: 0 | Z27: 0 | AA27: 42.4 | AB27: 0 | AC27: 307.4
A28: 202402-I_E-SCS160714-S320.xml | B28: 4.0 | C28: I | D28: S | E28: 320 | F28: S320 | G28: D300D31F-0637-4330-A75A-C5230366835A | H28: 2024-02-22T12:38:03 | I28: =MID(H28,6,2)&"-"&LEFT(H28,4) -> 02-2024 | J28: =LEFT(H28,4) -> 2024 | K28: SADCAL | L28: SCS160714Q78 | M28: SADCAL CONSULTORIA Y SOLUCIONES INTEGRALES | N28: BGX1306145Z3 | O28: BAHNSEN G | P28: PPD | Q28: 99 | R28: G03 | S28: MXN | T28: 1 | U28: |- Servicios de consultoría correspondiente al mes de Febrero de 2024. | V28: 10000.00 | W28: 10000 | X28: 10000 | Y28: 0 | Z28: 0 | AA28: 1600 | AB28: 0 | AC28: 11600
A29: 202402-I_E-SCS160714-S321.xml | B29: 4.0 | C29: I | D29: S | E29: 321 | F29: S321 | G29: 2A08C43D-CA85-4FB2-8F30-E6C4902C967B | H29: 2024-02-22T12:39:36 | I29: =MID(H29,6,2)&"-"&LEFT(H29,4) -> 02-2024 | J29: =LEFT(H29,4) -> 2024 | K29: SADCAL | L29: SCS160714Q78 | M29: SADCAL CONSULTORIA Y SOLUCIONES INTEGRALES | N29: BGX1306145Z3 | O29: BAHNSEN G | P29: PPD | Q29: 99 | R29: G03 | S29: MXN | T29: 1 | U29: |- Servicios de consultoría correspondiente al mes de Febrero de 2024 ABL. | V29: 5000.00 | W29: 5000 | X29: 5000 | Y29: 0 | Z29: 0 | AA29: 800 | AB29: 0 | AC29: 5800
A30: 202402-I_E-SCS160714-S322.xml | B30: 4.0 | C30: I | D30: S | E30: 322 | F30: S322 | G30: E7203D2B-BEFB-4020-B430-D9033FEEB608 | H30: 2024-02-23T17:47:38 | I30: =MID(H30,6,2)&"-"&LEFT(H30,4) -> 02-2024 | J30: =LEFT(H30,4) -> 2024 | K30: Tlacuaches | L30: SCS160714Q78 | M30: SADCAL CONSULTORIA Y SOLUCIONES INTEGRALES | N30: MAPV740707116 | O30: VERONICA MARTINEZ PEREZ | P30: PUE | Q30: 03 | R30: G03 | S30: MXN | T30: 1 | U30: |- Asesoria en Aplicación de sellador Bodega Aurrerá Primero de Mayo. | V30: 5000.00 | W30: 5000 | X30: 5000 | Y30: 0 | Z30: 0 | AA30: 800 | AB30: 0 | AC30: 5800
A31: 202402-I_E-SCS160714-S323.xml | B31: 4.0 | C31: I | D31: S | E31: 323 | F31: S323 | G31: 34D22939-6243-4528-A1E4-E714B8482F0B | H31: 2024-02-26T13:07:25 | I31: =MID(H31,6,2)&"-"&LEFT(H31,4) -> 02-2024 | J31: =LEFT(H31,4) -> 2024 | K31: Tlacuaches | L31: SCS160714Q78 | M31: SADCAL CONSULTORIA Y SOLUCIONES INTEGRALES | N31: MAPV740707116 | O31: VERONICA MARTINEZ PEREZ | P31: PUE | Q31: 03 | R31: G03 | S31: MXN | T31: 1 | U31: |- Suministro de material para sellar techo BA Primero de Mayo. | V31: 3000.00 | W31: 3000 | X31: 3000 | Y31: 0 | Z31: 0 | AA31: 480 | AB31: 0 | AC31: 3480
